Workbook
Name ADMIN: 'BASE PRESUPUESTO'!$H$101
Name ANTICIPO: RESUMEN!$D$7
Name ANTICIPO_INVERTIDO: 'DETALLE POR ÍTEM'!$L$120
Name CD_TOTAL: 'BASE PRESUPUESTO'!$H$98
Name F_INICIO: RESUMEN!$D$10
Name VR_CONTRATO: 'BASE PRESUPUESTO'!$H$104

Sheet RESUMEN
A1: PLAN DE INVERSIÓN DEL ANTICIPO
A2: OPTIMIZACIÓN, MEJORAMIENTO Y FORTALECIMIENTO DE LOS SIETE (7) SISTEMAS DE ABASTECIMIENTO DE AGUA (ACUEDUCTOS) RURALES DEL MUNICIPIO DE CAICEDONIA
A3: Contrato de Obra No. 233 del 25 de septiembre de 2026 · Proceso SAMC 247-2026 · Contratante: Municipio de Caicedonia (Valle) · Contratista: Diego Fernando Parra Hurtado
A5: DATOS DEL CONTRATO | H5: ANTICIPO INVERTIDO | K5: % DEL ANTICIPO EJECUTADO
A6: Valor del contrato (incluido IVA) | D6: =VR_CONTRATO -> 239997531 | H6: =ANTICIPO_INVERTIDO -> 120000000 | K6: =ANTICIPO_INVERTIDO/ANTICIPO -> 1
A7: Anticipo pactado (cláusula SEXTA) | D7: 120000000
A8: % del anticipo sobre el valor | D8: =ANTICIPO/VR_CONTRATO -> 0.50000514
A9: Costo directo de obra | D9: =CD_TOTAL -> 177775949 | H9: COSTO DIRECTO FINANCIADO | K9: FRENTES · ÍTEMS · SEMANAS
A10: Fecha de inicio de la inversión | D10: 46295 | H10: =ANTICIPO_INVERTIDO/CD_TOTAL -> 0.67500694 | K10: ="7 · "&COUNTA('BASE PRESUPUESTO'!C5:C97)&" · 6" -> 7 · 93 · 6
A11: Fin de la ventana de inversión (6 semanas) | D11: =F_INICIO+7*6-1 -> 46336
A12: Plazo de ejecución del contrato | D12: 46384
A13: Celdas en azul con fondo amarillo = datos editables.
A15: INVERSIÓN DEL ANTICIPO POR FRENTE
A16: Frente / sistema | D16: Costo directo del frente | E16: Inversión con anticipo | F16: % del frente financiado | G16: % del anticipo
A17: ACUEDUCTO AURES | D17: ='DETALLE POR ÍTEM'!E18 -> 14792621 | E17: ='DETALLE POR ÍTEM'!L18 -> 14792621 | F17: =IF(D17=0,0,E17/D17) -> 1 | G17: =IF(ANTICIPO=0,0,E17/ANTICIPO) -> 0.12327184
A18: ACUEDUCTO LA PAVA | D18: ='DETALLE POR ÍTEM'!E43 -> 27956091 | E18: ='DETALLE POR ÍTEM'!L43 -> 22809340 | F18: =IF(D18=0,0,E18/D18) -> 0.81589877 | G18: =IF(ANTICIPO=0,0,E18/ANTICIPO) -> 0.19007784
A19: ACUEDUCTO SAN GERARDO ALTO | D19: ='DETALLE POR ÍTEM'!E69 -> 34830919 | E19: ='DETALLE POR ÍTEM'!L69 -> 25257804 | F19: =IF(D19=0,0,E19/D19) -> 0.72515468 | G19: =IF(ANTICIPO=0,0,E19/ANTICIPO) -> 0.2104817
A20: ACUEDUCTO LIMONES | D20: ='DETALLE POR ÍTEM'!E92 -> 45479541 | E20: ='DETALLE POR ÍTEM'!L92 -> 24354582 | F20: =IF(D20=0,0,E20/D20) -> 0.53550633 | G20: =IF(ANTICIPO=0,0,E20/ANTICIPO) -> 0.20295485
A21: ACUEDUCTO SAMARIA | D21: ='DETALLE POR ÍTEM'!E96 -> 3000000 | E21: ='DETALLE POR ÍTEM'!L96 -> 3000000 | F21: =IF(D21=0,0,E21/D21) -> 1 | G21: =IF(ANTICIPO=0,0,E21/ANTICIPO) -> 0.025
A22: ACUEDUCTO LAS DELICIAS | D22: ='DETALLE POR ÍTEM'!E114 -> 28423103 | E22: ='DETALLE POR ÍTEM'!L114 -> 13670435 | F22: =IF(D22=0,0,E22/D22) -> 0.48096208 | G22: =IF(ANTICIPO=0,0,E22/ANTICIPO) -> 0.11392029
A23: ACUEDUCTO MONTEGRANDE – SECTOR CARARE | D23: ='DETALLE POR ÍTEM'!E118 -> 23293674 | E23: ='DETALLE POR ÍTEM'!L118 -> 16115218 | F23: =IF(D23=0,0,E23/D23) -> 0.69182809 | G23: =IF(ANTICIPO=0,0,E23/ANTICIPO) -> 0.13429348
A24: TOTAL | D24: =SUM(D17:D23) -> 177775949 | E24: =SUM(E17:E23) -> 1.2e+08 | F24: =IF(D24=0,0,E24/D24) -> 0.67500694 | G24: =SUM(G17:G23) -> 1
A26: INVERSIÓN DEL ANTICIPO POR COMPONENTE
A27: Componente | D27: Valor | E27: % del anticipo
A28: MATERIALES (compra y suministro) | D28: ='PLAN SEMANAL'!H22 -> 70008106 | E28: =IF(ANTICIPO=0,0,D28/ANTICIPO) -> 0.58340088
A29: MANO DE OBRA (cuadrillas) | D29: ='PLAN SEMANAL'!H23 -> 35993435 | E29: =IF(ANTICIPO=0,0,D29/ANTICIPO) -> 0.29994529
A30: EQUIPO Y HERRAMIENTA | D30: ='PLAN SEMANAL'!H24 -> 2157358.3 | E30: =IF(ANTICIPO=0,0,D30/ANTICIPO) -> 0.017977986
A31: TRANSPORTE, ACARREOS Y BODEGAJE | D31: ='PLAN SEMANAL'!H25 -> 11841101 | E31: =IF(ANTICIPO=0,0,D31/ANTICIPO) -> 0.098675841
A32: TOTAL | D32: =SUM(D28:D31) -> 120000000 | E32: =SUM(E28:E31) -> 1
A34: FLUJO SEMANAL DE INVERSIÓN DEL ANTICIPO
A35: Concepto | D35: SEMANA 1 | E35: SEMANA 2 | F35: SEMANA 3 | G35: SEMANA 4 | H35: SEMANA 5 | I35: SEMANA 6 | J35: TOTAL
A36: Fecha de inicio de semana | D36: =F_INICIO+7*0 -> 46295 | E36: =F_INICIO+7*1 -> 46302 | F36: =F_INICIO+7*2 -> 46309 | G36: =F_INICIO+7*3 -> 46316 | H36: =F_INICIO+7*4 -> 46323 | I36: =F_INICIO+7*5 -> 46330
A37: Inversión de la semana | D37: ='PLAN SEMANAL'!B14 -> 9792151.8 | E37: ='PLAN SEMANAL'!C14 -> 21520704 | F37: ='PLAN SEMANAL'!D14 -> 18078962 | G37: ='PLAN SEMANAL'!E14 -> 12275821 | H37: ='PLAN SEMANAL'!F14 -> 29035227 | I37: ='PLAN SEMANAL'!G14 -> 29297134 | J37: =SUM(D37:I37) -> 120000000
A38: Inversión acumulada | D38: ='PLAN SEMANAL'!B16 -> 9792151.8 | E38: ='PLAN SEMANAL'!C16 -> 31312856 | F38: ='PLAN SEMANAL'!D16 -> 49391818 | G38: ='PLAN SEMANAL'!E16 -> 61667639 | H38: ='PLAN SEMANAL'!F16 -> 90702866 | I38: ='PLAN SEMANAL'!G16 -> 120000000
A39: % acumulado | D39: ='PLAN SEMANAL'!B17 -> 0.081601265 | E39: ='PLAN SEMANAL'!C17 -> 0.26094047 | F39: ='PLAN SEMANAL'!D17 -> 0.41159848 | G39: ='PLAN SEMANAL'!E17 -> 0.51389699 | H39: ='PLAN SEMANAL'!F17 -> 0.75585722 | I39: ='PLAN SEMANAL'!G17 -> 1
A42: COMPOSICIÓN Y DISTRIBUCIÓN DEL ANTICIPO
A65: CONTRATISTA | J65: Vo. Bo. SUPERVISOR DEL CONTRATO
A66: DIEGO FERNANDO PARRA HURTADO | J66: Secretaría de Obras Públicas
A67: C.C. 73.147.123 – NIT 73147123-5 | J67: Municipio de Caicedonia

Sheet PLAN SEMANAL
A1: PLAN DE INVERSIÓN DEL ANTICIPO – PROGRAMACIÓN SEMANAL
A2: Contrato de Obra No. 233 de 2026 | Anticipo del 50% | Ventana de inversión: 6 semanas desde la fecha de inicio
A4: 1. INVERSIÓN POR FRENTE DE OBRA (ACUEDUCTO) Y SEMANA
A5: FRENTE / SISTEMA | B5: SEMANA 1 | C5: SEMANA 2 | D5: SEMANA 3 | E5: SEMANA 4 | F5: SEMANA 5 | G5: SEMANA 6 | H5: TOTAL | I5: % ANTICIPO
B6: =F_INICIO+7*0 -> 46295 | C6: =F_INICIO+7*1 -> 46302 | D6: =F_INICIO+7*2 -> 46309 | E6: =F_INICIO+7*3 -> 46316 | F6: =F_INICIO+7*4 -> 46323 | G6: =F_INICIO+7*5 -> 46330
A7: ACUEDUCTO AURES | B7: =SUMIF('DETALLE POR ÍTEM'!$S$6:$S$118,$A7,'DETALLE POR ÍTEM'!F$6:F$118) -> 7206148 | C7: =SUMIF('DETALLE POR ÍTEM'!$S$6:$S$118,$A7,'DETALLE POR ÍTEM'!G$6:G$118) -> 4904988.8 | D7: =SUMIF('DETALLE POR ÍTEM'!$S$6:$S$118,$A7,'DETALLE POR ÍTEM'!H$6:H$118) -> 2241266.2 | E7: =SUMIF('DETALLE POR ÍTEM'!$S$6:$S$118,$A7,'DETALLE POR ÍTEM'!I$6:I$118) -> 440218.05 | F7: =SUMIF('DETALLE POR ÍTEM'!$S$6:$S$118,$A7,'DETALLE POR ÍTEM'!J$6:J$118) -> 0 | G7: =SUMIF('DETALLE POR ÍTEM'!$S$6:$S$118,$A7,'DETALLE POR ÍTEM'!K$6:K$118) -> 0 | H7: =SUM(B7:G7) -> 14792621 | I7: =IF(ANTICIPO=0,0,H7/ANTICIPO) -> 0.12327184
A8: ACUEDUCTO LA PAVA | B8: =SUMIF('DETALLE POR ÍTEM'!$S$6:$S$118,$A8,'DETALLE POR ÍTEM'!F$6:F$118) -> 12990.031 | C8: =SUMIF('DETALLE POR ÍTEM'!$S$6:$S$118,$A8,'DETALLE POR ÍTEM'!G$6:G$118) -> 2808859.7 | D8: =SUMIF('DETALLE POR ÍTEM'!$S$6:$S$118,$A8,'DETALLE POR ÍTEM'!H$6:H$118) -> 6964022.5 | E8: =SUMIF('DETALLE POR ÍTEM'!$S$6:$S$118,$A8,'DETALLE POR ÍTEM'!I$6:I$118) -> 3785350.8 | F8: =SUMIF('DETALLE POR ÍTEM'!$S$6:$S$118,$A8,'DETALLE POR ÍTEM'!J$6:J$118) -> 3646158.8 | G8: =SUMIF('DETALLE POR ÍTEM'!$S$6:$S$118,$A8,'DETALLE POR ÍTEM'!K$6:K$118) -> 5591958.4 | H8: =SUM(B8:G8) -> 22809340 | I8: =IF(ANTICIPO=0,0,H8/ANTICIPO) -> 0.19007784
A9: ACUEDUCTO SAN GERARDO ALTO | B9: =SUMIF('DETALLE POR ÍTEM'!$S$6:$S$118,$A9,'DETALLE POR ÍTEM'!F$6:F$118) -> 0 | C9: =SUMIF('DETALLE POR ÍTEM'!$S$6:$S$118,$A9,'DETALLE POR ÍTEM'!G$6:G$118) -> 11735.851 | D9: =SUMIF('DETALLE POR ÍTEM'!$S$6:$S$118,$A9,'DETALLE POR ÍTEM'!H$6:H$118) -> 4555264 | E9: =SUMIF('DETALLE POR ÍTEM'!$S$6:$S$118,$A9,'DETALLE POR ÍTEM'!I$6:I$118) -> 3296180.7 | F9: =SUMIF('DETALLE POR ÍTEM'!$S$6:$S$118,$A9,'DETALLE POR ÍTEM'!J$6:J$118) -> 13057626 | G9: =SUMIF('DETALLE POR ÍTEM'!$S$6:$S$118,$A9,'DETALLE POR ÍTEM'!K$6:K$118) -> 4336997.9 | H9: =SUM(B9:G9) -> 25257804 | I9: =IF(ANTICIPO=0,0,H9/ANTICIPO) -> 0.2104817
A10: ACUEDUCTO LIMONES | B10: =SUMIF('DETALLE POR ÍTEM'!$S$6:$S$118,$A10,'DETALLE POR ÍTEM'!F$6:F$118) -> 2573013.8 | C10: =SUMIF('DETALLE POR ÍTEM'!$S$6:$S$118,$A10,'DETALLE POR ÍTEM'!G$6:G$118) -> 5293232.9 | D10: =SUMIF('DETALLE POR ÍTEM'!$S$6:$S$118,$A10,'DETALLE POR ÍTEM'!H$6:H$118) -> 4209578.7 | E10: =SUMIF('DETALLE POR ÍTEM'!$S$6:$S$118,$A10,'DETALLE POR ÍTEM'!I$6:I$118) -> 1406131.8 | F10: =SUMIF('DETALLE POR ÍTEM'!$S$6:$S$118,$A10,'DETALLE POR ÍTEM'!J$6:J$118) -> 2361360.6 | G10: =SUMIF('DETALLE POR ÍTEM'!$S$6:$S$118,$A10,'DETALLE POR ÍTEM'!K$6:K$118) -> 8511264.2 | H10: =SUM(B10:G10) -> 24354582 | I10: =IF(ANTICIPO=0,0,H10/ANTICIPO) -> 0.20295485
A11: ACUEDUCTO SAMARIA | B11: =SUMIF('DETALLE POR ÍTEM'!$S$6:$S$118,$A11,'DETALLE POR ÍTEM'!F$6:F$118) -> 0 | C11: =SUMIF('DETALLE POR ÍTEM'!$S$6:$S$118,$A11,'DETALLE POR ÍTEM'!G$6:G$118) -> 0 | D11: =SUMIF('DETALLE POR ÍTEM'!$S$6:$S$118,$A11,'DETALLE POR ÍTEM'!H$6:H$118) -> 0 | E11: =SUMIF('DETALLE POR ÍTEM'!$S$6:$S$118,$A11,'DETALLE POR ÍTEM'!I$6:I$118) -> 0 | F11: =SUMIF('DETALLE POR ÍTEM'!$S$6:$S$118,$A11,'DETALLE POR ÍTEM'!J$6:J$118) -> 2550000 | G11: =SUMIF('DETALLE POR ÍTEM'!$S$6:$S$118,$A11,'DETALLE POR ÍTEM'!K$6:K$118) -> 450000 | H11: =SUM(B11:G11) -> 3000000 | I11: =IF(ANTICIPO=0,0,H11/ANTICIPO) -> 0.025
A12: ACUEDUCTO LAS DELICIAS | B12: =SUMIF('DETALLE POR ÍTEM'!$S$6:$S$118,$A12,'DETALLE POR ÍTEM'!F$6:F$118) -> 0 | C12: =SUMIF('DETALLE POR ÍTEM'!$S$6:$S$118,$A12,'DETALLE POR ÍTEM'!G$6:G$118) -> 0 | D12: =SUMIF('DETALLE POR ÍTEM'!$S$6:$S$118,$A12,'DETALLE POR ÍTEM'!H$6:H$118) -> 108830.43 | E12: =SUMIF('DETALLE POR ÍTEM'!$S$6:$S$118,$A12,'DETALLE POR ÍTEM'!I$6:I$118) -> 3347939.9 | F12: =SUMIF('DETALLE POR ÍTEM'!$S$6:$S$118,$A12,'DETALLE POR ÍTEM'!J$6:J$118) -> 7420082 | G12: =SUMIF('DETALLE POR ÍTEM'!$S$6:$S$118,$A12,'DETALLE POR ÍTEM'!K$6:K$118) -> 2793582.3 | H12: =SUM(B12:G12) -> 13670435 | I12: =IF(ANTICIPO=0,0,H12/ANTICIPO) -> 0.11392029
A13: ACUEDUCTO MONTEGRANDE – SECTOR CARARE | B13: =SUMIF('DETALLE POR ÍTEM'!$S$6:$S$118,$A13,'DETALLE POR ÍTEM'!F$6:F$118) -> 0 | C13: =SUMIF('DETALLE POR ÍTEM'!$S$6:$S$118,$A13,'DETALLE POR ÍTEM'!G$6:G$118) -> 8501887 | D13: =SUMIF('DETALLE POR ÍTEM'!$S$6:$S$118,$A13,'DETALLE POR ÍTEM'!H$6:H$118) -> 0 | E13: =SUMIF('DETALLE POR ÍTEM'!$S$6:$S$118,$A13,'DETALLE POR ÍTEM'!I$6:I$118) -> 0 | F13: =SUMIF('DETALLE POR ÍTEM'!$S$6:$S$118,$A13,'DETALLE POR ÍTEM'!J$6:J$118) -> 0 | G13: =SUMIF('DETALLE POR ÍTEM'!$S$6:$S$118,$A13,'DETALLE POR ÍTEM'!K$6:K$118) -> 7613331.1 | H13: =SUM(B13:G13) -> 16115218 | I13: =IF(ANTICIPO=0,0,H13/ANTICIPO) -> 0.13429348
A14: TOTAL INVERSIÓN SEMANAL | B14: =SUM(B7:B13) -> 9792151.8 | C14: =SUM(C7:C13) -> 21520704 | D14: =SUM(D7:D13) -> 18078962 | E14: =SUM(E7:E13) -> 12275821 | F14: =SUM(F7:F13) -> 29035227 | G14: =SUM(G7:G13) -> 29297134 | H14: =SUM(H7:H13) -> 120000000 | I14: =IF(ANTICIPO=0,0,H14/ANTICIPO) -> 1
A15: % del anticipo en la semana | B15: =IF(ANTICIPO=0,0,B14/ANTICIPO) -> 0.081601265 | C15: =IF(ANTICIPO=0,0,C14/ANTICIPO) -> 0.1793392 | D15: =IF(ANTICIPO=0,0,D14/ANTICIPO) -> 0.15065801 | E15: =IF(ANTICIPO=0,0,E14/ANTICIPO) -> 0.10229851 | F15: =IF(ANTICIPO=0,0,F14/ANTICIPO) -> 0.24196023 | G15: =IF(ANTICIPO=0,0,G14/ANTICIPO) -> 0.24414278 | H15: =IF(ANTICIPO=0,0,H14/ANTICIPO) -> 1
A16: Inversión acumulada | B16: =B14 -> 9792151.8 | C16: =B16+C14 -> 31312856 | D16: =C16+D14 -> 49391818 | E16: =D16+E14 -> 61667639 | F16: =E16+F14 -> 90702866 | G16: =F16+G14 -> 120000000
A17: % acumulado del anticipo | B17: =IF(ANTICIPO=0,0,B16/ANTICIPO) -> 0.081601265 | C17: =IF(ANTICIPO=0,0,C16/ANTICIPO) -> 0.26094047 | D17: =IF(ANTICIPO=0,0,D16/ANTICIPO) -> 0.41159848 | E17: =IF(ANTICIPO=0,0,E16/ANTICIPO) -> 0.51389699 | F17: =IF(ANTICIPO=0,0,F16/ANTICIPO) -> 0.75585722 | G17: =IF(ANTICIPO=0,0,G16/ANTICIPO) -> 1
A19: 2. INVERSIÓN POR COMPONENTE DE COSTO Y SEMANA
A20: COMPONENTE | B20: SEMANA 1 | C20: SEMANA 2 | D20: SEMANA 3 | E20: SEMANA 4 | F20: SEMANA 5 | G20: SEMANA 6 | H20: TOTAL | I20: % ANTICIPO
B21: =F_INICIO+7*0 -> 46295 | C21: =F_INICIO+7*1 -> 46302 | D21: =F_INICIO+7*2 -> 46309 | E21: =F_INICIO+7*3 -> 46316 | F21: =F_INICIO+7*4 -> 46323 | G21: =F_INICIO+7*5 -> 46330
A22: MATERIALES (compra y suministro) | B22: =SUMPRODUCT('PROGRAMA DE OBRA'!$AJ$6:$AJ$105,'PROGRAMA DE OBRA'!U$6:U$105) -> 5663478.3 | C22: =SUMPRODUCT('PROGRAMA DE OBRA'!$AJ$6:$AJ$105,'PROGRAMA DE OBRA'!V$6:V$105) -> 14950094 | D22: =SUMPRODUCT('PROGRAMA DE OBRA'!$AJ$6:$AJ$105,'PROGRAMA DE OBRA'!W$6:W$105) -> 8357914.9 | E22: =SUMPRODUCT('PROGRAMA DE OBRA'!$AJ$6:$AJ$105,'PROGRAMA DE OBRA'!X$6:X$105) -> 3199290.3 | F22: =SUMPRODUCT('PROGRAMA DE OBRA'!$AJ$6:$AJ$105,'PROGRAMA DE OBRA'!Y$6:Y$105) -> 19760765 | G22: =SUMPRODUCT('PROGRAMA DE OBRA'!$AJ$6:$AJ$105,'PROGRAMA DE OBRA'!Z$6:Z$105) -> 18076563 | H22: =SUM(B22:G22) -> 70008106 | I22: =IF(ANTICIPO=0,0,H22/ANTICIPO) -> 0.58340088
A23: MANO DE OBRA (cuadrillas) | B23: =SUMPRODUCT('PROGRAMA DE OBRA'!$AK$6:$AK$105,'PROGRAMA DE OBRA'!F$6:F$105) -> 3176980.3 | C23: =SUMPRODUCT('PROGRAMA DE OBRA'!$AK$6:$AK$105,'PROGRAMA DE OBRA'!G$6:G$105) -> 4943695 | D23: =SUMPRODUCT('PROGRAMA DE OBRA'!$AK$6:$AK$105,'PROGRAMA DE OBRA'!H$6:H$105) -> 7362854.7 | E23: =SUMPRODUCT('PROGRAMA DE OBRA'!$AK$6:$AK$105,'PROGRAMA DE OBRA'!I$6:I$105) -> 6302157.2 | F23: =SUMPRODUCT('PROGRAMA DE OBRA'!$AK$6:$AK$105,'PROGRAMA DE OBRA'!J$6:J$105) -> 5820148.1 | G23: =SUMPRODUCT('PROGRAMA DE OBRA'!$AK$6:$AK$105,'PROGRAMA DE OBRA'!K$6:K$105) -> 8387599.9 | H23: =SUM(B23:G23) -> 35993435 | I23: =IF(ANTICIPO=0,0,H23/ANTICIPO) -> 0.29994529
A24: EQUIPO Y HERRAMIENTA | B24: =SUMPRODUCT('PROGRAMA DE OBRA'!$AL$6:$AL$105,'PROGRAMA DE OBRA'!F$6:F$105) -> 331281.43 | C24: =SUMPRODUCT('PROGRAMA DE OBRA'!$AL$6:$AL$105,'PROGRAMA DE OBRA'!G$6:G$105) -> 238738.73 | D24: =SUMPRODUCT('PROGRAMA DE OBRA'!$AL$6:$AL$105,'PROGRAMA DE OBRA'!H$6:H$105) -> 250509.18 | E24: =SUMPRODUCT('PROGRAMA DE OBRA'!$AL$6:$AL$105,'PROGRAMA DE OBRA'!I$6:I$105) -> 168332.73 | F24: =SUMPRODUCT('PROGRAMA DE OBRA'!$AL$6:$AL$105,'PROGRAMA DE OBRA'!J$6:J$105) -> 541136.67 | G24: =SUMPRODUCT('PROGRAMA DE OBRA'!$AL$6:$AL$105,'PROGRAMA DE OBRA'!K$6:K$105) -> 627359.59 | H24: =SUM(B24:G24) -> 2157358.3 | I24: =IF(ANTICIPO=0,0,H24/ANTICIPO) -> 0.017977986
A25: TRANSPORTE, ACARREOS Y BODEGAJE | B25: =SUMPRODUCT('PROGRAMA DE OBRA'!$AM$6:$AM$105,'PROGRAMA DE OBRA'!F$6:F$105) -> 620411.8 | C25: =SUMPRODUCT('PROGRAMA DE OBRA'!$AM$6:$AM$105,'PROGRAMA DE OBRA'!G$6:G$105) -> 1388176 | D25: =SUMPRODUCT('PROGRAMA DE OBRA'!$AM$6:$AM$105,'PROGRAMA DE OBRA'!H$6:H$105) -> 2107683 | E25: =SUMPRODUCT('PROGRAMA DE OBRA'!$AM$6:$AM$105,'PROGRAMA DE OBRA'!I$6:I$105) -> 2606041.1 | F25: =SUMPRODUCT('PROGRAMA DE OBRA'!$AM$6:$AM$105,'PROGRAMA DE OBRA'!J$6:J$105) -> 2913177.5 | G25: =SUMPRODUCT('PROGRAMA DE OBRA'!$AM$6:$AM$105,'PROGRAMA DE OBRA'!K$6:K$105) -> 2205611.5 | H25: =SUM(B25:G25) -> 11841101 | I25: =IF(ANTICIPO=0,0,H25/ANTICIPO) -> 0.098675841
A26: TOTAL POR SEMANA | B26: =SUM(B22:B25) -> 9792151.8 | C26: =SUM(C22:C25) -> 21520704 | D26: =SUM(D22:D25) -> 18078962 | E26: =SUM(E22:E25) -> 12275821 | F26: =SUM(F22:F25) -> 29035227 | G26: =SUM(G22:G25) -> 29297134 | H26: =SUM(H22:H25) -> 120000000 | I26: =IF(ANTICIPO=0,0,H26/ANTICIPO) -> 1
A27: Control: diferencia entre tabla 1 y tabla 2 (debe ser $0) | H27: =ROUND(H26-H14,0) -> 0
A29: 3. QUÉ SE HACE CADA SEMANA (LÓGICA CONSTRUCTIVA DE LA INVERSIÓN)
A30: SEMANA | B30: FECHAS | C30: ACTIVIDADES DE OBRA POR FRENTE | G30: COMPRAS / PAGOS CON EL ANTICIPO
A31: SEMANA 1 | B31: =TEXT(F_INICIO+7*0,"dd/mm")&" – "&TEXT(F_INICIO+7*0+6,"dd/mm") -> 30/09 – 06/10 | C31: • Acta de inicio, acta de vecindad y registro fotográfico del estado inicial de los 7 sistemas (obligación 21). • Movilización de cuadrillas; instalación de bodegas en Aures y Limones. • AURES y LIMONES: localización y replanteo; inicio de excavación manual en conglomerado. | G31: • Tubería PVC 2" RDE 21 (Aures), arena gruesa, madera y formaleta. • Acarreos en campero y desde/hacia la obra. • Cronograma de obra al supervisor (obligación 7).
A32: SEMANA 2 | B32: =TEXT(F_INICIO+7*1,"dd/mm")&" – "&TEXT(F_INICIO+7*1+6,"dd/mm") -> 07/10 – 13/10 | C32: • AURES: colchón de arena e instalación de tubería 2". • LIMONES: excavación y desviación de cauce. • LA PAVA: bodega, localización y replanteo, excavación. | G32: • Orden de compra del sistema de tratamiento compacto de CARARE (50% al proveedor, fabricación). • Cemento, agregados y acero de refuerzo para desarenadores y cerramientos. • Válvulas ventosa y de cierre (Aures).
A33: SEMANA 3 | B33: =TEXT(F_INICIO+7*2,"dd/mm")&" – "&TEXT(F_INICIO+7*2+6,"dd/mm") -> 14/10 – 20/10 | C33: • AURES: válvulas y cajas de inspección. • LIMONES: rejilla, losa de piso del desarenador y figurado de acero. • LA PAVA: desviación de cauce, rejilla y adecuación del desarenador. • SAN GERARDO ALTO: localización y excavación. | G33: • Materiales de concreto y ladrillo para La Pava y San Gerardo Alto. • Transporte con tracción animal a sitios de difícil acceso.
A34: SEMANA 4 | B34: =TEXT(F_INICIO+7*3,"dd/mm")&" – "&TEXT(F_INICIO+7*3+6,"dd/mm") -> 21/10 – 27/10 | C34: • AURES: terminación de cajas de inspección → frente terminado. • LIMONES: muros en concreto del desarenador. • LA PAVA y SAN GERARDO ALTO: solados, vigas de cimentación y acero. • LAS DELICIAS: bodega, localización y excavación. | G34: • Materiales de mampostería (ladrillo, columnas, cintas). • Materiales para bocatoma de Las Delicias.
A35: SEMANA 5 | B35: =TEXT(F_INICIO+7*4,"dd/mm")&" – "&TEXT(F_INICIO+7*4+6,"dd/mm") -> 28/10 – 03/11 | C35: • LIMONES: terminación de muros del desarenador. • LA PAVA y SAN GERARDO ALTO: columnas de amarre y muros en ladrillo. • LAS DELICIAS: adecuación de la bocatoma existente y excavación. | G35: • Tanques plásticos de 5.000 L y flotadores (San Gerardo Alto). • Tubo galvanizado 1½" para cerramientos. • Dosificador de cloro (Samaria).
A36: SEMANA 6 | B36: =TEXT(F_INICIO+7*5,"dd/mm")&" – "&TEXT(F_INICIO+7*5+6,"dd/mm") -> 04/11 – 10/11 | C36: • LIMONES: losa de cubierta del desarenador. • LA PAVA: cinta de confinamiento, postes y diagonales. • SAN GERARDO ALTO: instalación de tanques y conexiones. • LAS DELICIAS: inicio de bocatoma tipo represa. • SAMARIA: instalación del dosificador de cloro. | G36: • Tubería PVC 1½" (500 ml) y válvulas para Limones. • Malla eslabonada y accesorios de cerramiento. • Pago contra entrega del sistema de tratamiento de CARARE.

Sheet DETALLE POR ÍTEM
A1: PLAN DE INVERSIÓN DEL ANTICIPO – DETALLE POR FRENTE E ÍTEM
A2: Inversión semanal = materiales comprados en la semana + mano de obra, equipo y transporte de lo ejecutado en la semana (según "PROGRAMA DE OBRA"). Valores a costo directo. La columna "% del ítem" indica qué parte del valor del ítem queda financiada con el anticipo.
A4: Ítem | B4: Descripción | C4: Und | D4: Cantidad | E4: Valor ítem (CD) | F4: SEMANA 1 | G4: SEMANA 2 | H4: SEMANA 3 | I4: SEMANA 4 | J4: SEMANA 5 | K4: SEMANA 6 | L4: TOTAL ANTICIPO | M4: % del ítem | N4: Materiales | O4: Mano de obra | P4: Equipo | Q4: Transporte
F5: =F_INICIO+7*0 -> 46295 | G5: =F_INICIO+7*1 -> 46302 | H5: =F_INICIO+7*2 -> 46309 | I5: =F_INICIO+7*3 -> 46316 | J5: =F_INICIO+7*4 -> 46323 | K5: =F_INICIO+7*5 -> 46330
A6: ACUEDUCTO AURES
A7: ='BASE PRESUPUESTO'!C5 -> 1.1 | B7: ='BASE PRESUPUESTO'!D5 -> LOCALIZACION-REPLANTEO ACUEDUCTO-ALCANTARILLADO | C7: ='BASE PRESUPUESTO'!E5 -> ML | D7: ='BASE PRESUPUESTO'!F5 -> 250 | E7: ='BASE PRESUPUESTO'!H5 -> 676750 | F7: ='BASE PRESUPUESTO'!O5*'PROGRAMA DE OBRA'!U7+('BASE PRESUPUESTO'!P5+'BASE PRESUPUESTO'!Q5+'BASE PRESUPUESTO'!R5)*'PROGRAMA DE OBRA'!F7 -> 676750 | G7: ='BASE PRESUPUESTO'!O5*'PROGRAMA DE OBRA'!V7+('BASE PRESUPUESTO'!P5+'BASE PRESUPUESTO'!Q5+'BASE PRESUPUESTO'!R5)*'PROGRAMA DE OBRA'!G7 -> 0 | H7: ='BASE PRESUPUESTO'!O5*'PROGRAMA DE OBRA'!W7+('BASE PRESUPUESTO'!P5+'BASE PRESUPUESTO'!Q5+'BASE PRESUPUESTO'!R5)*'PROGRAMA DE OBRA'!H7 -> 0 | I7: ='BASE PRESUPUESTO'!O5*'PROGRAMA DE OBRA'!X7+('BASE PRESUPUESTO'!P5+'BASE PRESUPUESTO'!Q5+'BASE PRESUPUESTO'!R5)*'PROGRAMA DE OBRA'!I7 -> 0 | J7: ='BASE PRESUPUESTO'!O5*'PROGRAMA DE OBRA'!Y7+('BASE PRESUPUESTO'!P5+'BASE PRESUPUESTO'!Q5+'BASE PRESUPUESTO'!R5)*'PROGRAMA DE OBRA'!J7 -> 0 | K7: ='BASE PRESUPUESTO'!O5*'PROGRAMA DE OBRA'!Z7+('BASE PRESUPUESTO'!P5+'BASE PRESUPUESTO'!Q5+'BASE PRESUPUESTO'!R5)*'PROGRAMA DE OBRA'!K7 -> 0 | L7: =SUM(F7:K7) -> 676750 | M7: =IF(E7=0,0,L7/E7) -> 1 | N7: ='BASE PRESUPUESTO'!O5*SUM('PROGRAMA DE OBRA'!U7:Z7) -> 111506.59 | O7: ='BASE PRESUPUESTO'!P5*SUM('PROGRAMA DE OBRA'!F7:K7) -> 475238.09 | P7: ='BASE PRESUPUESTO'!Q5*SUM('PROGRAMA DE OBRA'!F7:K7) -> 90005.32 | Q7: ='BASE PRESUPUESTO'!R5*SUM('PROGRAMA DE OBRA'!F7:K7) -> 0 | R7: ITEM | S7: ACUEDUCTO AURES
A8: ='BASE PRESUPUESTO'!C6 -> 1.2 | B8: ='BASE PRESUPUESTO'!D6 -> BODEGAJE | C8: ='BASE PRESUPUESTO'!E6 -> MES | D8: ='BASE PRESUPUESTO'!F6 -> 1 | E8: ='BASE PRESUPUESTO'!H6 -> 187668 | F8: ='BASE PRESUPUESTO'!O6*'PROGRAMA DE OBRA'!U8+('BASE PRESUPUESTO'!P6+'BASE PRESUPUESTO'!Q6+'BASE PRESUPUESTO'!R6)*'PROGRAMA DE OBRA'!F8 -> 46917 | G8: ='BASE PRESUPUESTO'!O6*'PROGRAMA DE OBRA'!V8+('BASE PRESUPUESTO'!P6+'BASE PRESUPUESTO'!Q6+'BASE PRESUPUESTO'!R6)*'PROGRAMA DE OBRA'!G8 -> 46917 | H8: ='BASE PRESUPUESTO'!O6*'PROGRAMA DE OBRA'!W8+('BASE PRESUPUESTO'!P6+'BASE PRESUPUESTO'!Q6+'BASE PRESUPUESTO'!R6)*'PROGRAMA DE OBRA'!H8 -> 46917 | I8: ='BASE PRESUPUESTO'!O6*'PROGRAMA DE OBRA'!X8+('BASE PRESUPUESTO'!P6+'BASE PRESUPUESTO'!Q6+'BASE PRESUPUESTO'!R6)*'PROGRAMA DE OBRA'!I8 -> 46917 | J8: ='BASE PRESUPUESTO'!O6*'PROGRAMA DE OBRA'!Y8+('BASE PRESUPUESTO'!P6+'BASE PRESUPUESTO'!Q6+'BASE PRESUPUESTO'!R6)*'PROGRAMA DE OBRA'!J8 -> 0 | K8: ='BASE PRESUPUESTO'!O6*'PROGRAMA DE OBRA'!Z8+('BASE PRESUPUESTO'!P6+'BASE PRESUPUESTO'!Q6+'BASE PRESUPUESTO'!R6)*'PROGRAMA DE OBRA'!K8 -> 0 | L8: =SUM(F8:K8) -> 187668 | M8: =IF(E8=0,0,L8/E8) -> 1 | N8: ='BASE PRESUPUESTO'!O6*SUM('PROGRAMA DE OBRA'!U8:Z8) -> 0 | O8: ='BASE PRESUPUESTO'!P6*SUM('PROGRAMA DE OBRA'!F8:K8) -> 0 | P8: ='BASE PRESUPUESTO'!Q6*SUM('PROGRAMA DE OBRA'!F8:K8) -> 0 | Q8: ='BASE PRESUPUESTO'!R6*SUM('PROGRAMA DE OBRA'!F8:K8) -> 187668 | R8: ITEM | S8: ACUEDUCTO AURES
A9: ='BASE PRESUPUESTO'!C7 -> 1.3 | B9: ='BASE PRESUPUESTO'!D7 -> EXCAVACION EN CONGLOMERADO (MANUAL) | C9: ='BASE PRESUPUESTO'!E7 -> M3 | D9: ='BASE PRESUPUESTO'!F7 -> 37.5 | E9: ='BASE PRESUPUESTO'!H7 -> 1754063 | F9: ='BASE PRESUPUESTO'!O7*'PROGRAMA DE OBRA'!U9+('BASE PRESUPUESTO'!P7+'BASE PRESUPUESTO'!Q7+'BASE PRESUPUESTO'!R7)*'PROGRAMA DE OBRA'!F9 -> 877031.5 | G9: ='BASE PRESUPUESTO'!O7*'PROGRAMA DE OBRA'!V9+('BASE PRESUPUESTO'!P7+'BASE PRESUPUESTO'!Q7+'BASE PRESUPUESTO'!R7)*'PROGRAMA DE OBRA'!G9 -> 877031.5 | H9: ='BASE PRESUPUESTO'!O7*'PROGRAMA DE OBRA'!W9+('BASE PRESUPUESTO'!P7+'BASE PRESUPUESTO'!Q7+'BASE PRESUPUESTO'!R7)*'PROGRAMA DE OBRA'!H9 -> 0 | I9: ='BASE PRESUPUESTO'!O7*'PROGRAMA DE OBRA'!X9+('BASE PRESUPUESTO'!P7+'BASE PRESUPUESTO'!Q7+'BASE PRESUPUESTO'!R7)*'PROGRAMA DE OBRA'!I9 -> 0 | J9: ='BASE PRESUPUESTO'!O7*'PROGRAMA DE OBRA'!Y9+('BASE PRESUPUESTO'!P7+'BASE PRESUPUESTO'!Q7+'BASE PRESUPUESTO'!R7)*'PROGRAMA DE OBRA'!J9 -> 0 | K9: ='BASE PRESUPUESTO'!O7*'PROGRAMA DE OBRA'!Z9+('BASE PRESUPUESTO'!P7+'BASE PRESUPUESTO'!Q7+'BASE PRESUPUESTO'!R7)*'PROGRAMA DE OBRA'!K9 -> 0 | L9: =SUM(F9:K9) -> 1754063 | M9: =IF(E9=0,0,L9/E9) -> 1 | N9: ='BASE PRESUPUESTO'!O7*SUM('PROGRAMA DE OBRA'!U9:Z9) -> 0 | O9: ='BASE PRESUPUESTO'!P7*SUM('PROGRAMA DE OBRA'!F9:K9) -> 1694773.8 | P9: ='BASE PRESUPUESTO'!Q7*SUM('PROGRAMA DE OBRA'!F9:K9) -> 59289.17 | Q9: ='BASE PRESUPUESTO'!R7*SUM('PROGRAMA DE OBRA'!F9:K9) -> 0 | R9: ITEM | S9: ACUEDUCTO AURES
A10: ='BASE PRESUPUESTO'!C8 -> 2.1 | B10: ='BASE PRESUPUESTO'!D8 -> VALVULA VENTOSA 2" DOBLE EFECTO" | C10: ='BASE PRESUPUESTO'!E8 -> UND | D10: ='BASE PRESUPUESTO'!F8 -> 2 | E10: ='BASE PRESUPUESTO'!H8 -> 1218064 | F10: ='BASE PRESUPUESTO'!O8*'PROGRAMA DE OBRA'!U10+('BASE PRESUPUESTO'!P8+'BASE PRESUPUESTO'!Q8+'BASE PRESUPUESTO'!R8)*'PROGRAMA DE OBRA'!F10 -> 0 | G10: ='BASE PRESUPUESTO'!O8*'PROGRAMA DE OBRA'!V10+('BASE PRESUPUESTO'!P8+'BASE PRESUPUESTO'!Q8+'BASE PRESUPUESTO'!R8)*'PROGRAMA DE OBRA'!G10 -> 1080715.3 | H10: ='BASE PRESUPUESTO'!O8*'PROGRAMA DE OBRA'!W10+('BASE PRESUPUESTO'!P8+'BASE PRESUPUESTO'!Q8+'BASE PRESUPUESTO'!R8)*'PROGRAMA DE OBRA'!H10 -> 137348.68 | I10: ='BASE PRESUPUESTO'!O8*'PROGRAMA DE OBRA'!X10+('BASE PRESUPUESTO'!P8+'BASE PRESUPUESTO'!Q8+'BASE PRESUPUESTO'!R8)*'PROGRAMA DE OBRA'!I10 -> 0 | J10: ='BASE PRESUPUESTO'!O8*'PROGRAMA DE OBRA'!Y10+('BASE PRESUPUESTO'!P8+'BASE PRESUPUESTO'!Q8+'BASE PRESUPUESTO'!R8)*'PROGRAMA DE OBRA'!J10 -> 0 | K10: ='BASE PRESUPUESTO'!O8*'PROGRAMA DE OBRA'!Z10+('BASE PRESUPUESTO'!P8+'BASE PRESUPUESTO'!Q8+'BASE PRESUPUESTO'!R8)*'PROGRAMA DE OBRA'!K10 -> 0 | L10: =SUM(F10:K10) -> 1218064 | M10: =IF(E10=0,0,L10/E10) -> 1 | N10: ='BASE PRESUPUESTO'!O8*SUM('PROGRAMA DE OBRA'!U10:Z10) -> 1080715.3 | O10: ='BASE PRESUPUESTO'!P8*SUM('PROGRAMA DE OBRA'!F10:K10) -> 132020.67 | P10: ='BASE PRESUPUESTO'!Q8*SUM('PROGRAMA DE OBRA'!F10:K10) -> 5328.0115 | Q10: ='BASE PRESUPUESTO'!R8*SUM('PROGRAMA DE OBRA'!F10:K10) -> 0 | R10: ITEM | S10: ACUEDUCTO AURES
A11: ='BASE PRESUPUESTO'!C9 -> 2.2 | B11: ='BASE PRESUPUESTO'!D9 -> VALVULA CIERRE RAPIDO 2" | C11: ='BASE PRESUPUESTO'!E9 -> UND | D11: ='BASE PRESUPUESTO'!F9 -> 1 | E11: ='BASE PRESUPUESTO'!H9 -> 189699 | F11: ='BASE PRESUPUESTO'!O9*'PROGRAMA DE OBRA'!U11+('BASE PRESUPUESTO'!P9+'BASE PRESUPUESTO'!Q9+'BASE PRESUPUESTO'!R9)*'PROGRAMA DE OBRA'!F11 -> 0 | G11: ='BASE PRESUPUESTO'!O9*'PROGRAMA DE OBRA'!V11+('BASE PRESUPUESTO'!P9+'BASE PRESUPUESTO'!Q9+'BASE PRESUPUESTO'!R9)*'PROGRAMA DE OBRA'!G11 -> 171284.78 | H11: ='BASE PRESUPUESTO'!O9*'PROGRAMA DE OBRA'!W11+('BASE PRESUPUESTO'!P9+'BASE PRESUPUESTO'!Q9+'BASE PRESUPUESTO'!R9)*'PROGRAMA DE OBRA'!H11 -> 18414.218 | I11: ='BASE PRESUPUESTO'!O9*'PROGRAMA DE OBRA'!X11+('BASE PRESUPUESTO'!P9+'BASE PRESUPUESTO'!Q9+'BASE PRESUPUESTO'!R9)*'PROGRAMA DE OBRA'!I11 -> 0 | J11: ='BASE PRESUPUESTO'!O9*'PROGRAMA DE OBRA'!Y11+('BASE PRESUPUESTO'!P9+'BASE PRESUPUESTO'!Q9+'BASE PRESUPUESTO'!R9)*'PROGRAMA DE OBRA'!J11 -> 0 | K11: ='BASE PRESUPUESTO'!O9*'PROGRAMA DE OBRA'!Z11+('BASE PRESUPUESTO'!P9+'BASE PRESUPUESTO'!Q9+'BASE PRESUPUESTO'!R9)*'PROGRAMA DE OBRA'!K11 -> 0 | L11: =SUM(F11:K11) -> 189699 | M11: =IF(E11=0,0,L11/E11) -> 1 | N11: ='BASE PRESUPUESTO'!O9*SUM('PROGRAMA DE OBRA'!U11:Z11) -> 171284.78 | O11: ='BASE PRESUPUESTO'!P9*SUM('PROGRAMA DE OBRA'!F11:K11) -> 16627.732 | P11: ='BASE PRESUPUESTO'!Q9*SUM('PROGRAMA DE OBRA'!F11:K11) -> 1786.4859 | Q11: ='BASE PRESUPUESTO'!R9*SUM('PROGRAMA DE OBRA'!F11:K11) -> 0 | R11: ITEM | S11: ACUEDUCTO AURES
A12: ='BASE PRESUPUESTO'!C10 -> 2.3 | B12: ='BASE PRESUPUESTO'!D10 -> COLCHON ARENA GRUESA E=5-7CM | C12: ='BASE PRESUPUESTO'!E10 -> M3 | D12: ='BASE PRESUPUESTO'!F10 -> 3.5 | E12: ='BASE PRESUPUESTO'!H10 -> 254667 | F12: ='BASE PRESUPUESTO'!O10*'PROGRAMA DE OBRA'!U12+('BASE PRESUPUESTO'!P10+'BASE PRESUPUESTO'!Q10+'BASE PRESUPUESTO'!R10)*'PROGRAMA DE OBRA'!F12 -> 229431.94 | G12: ='BASE PRESUPUESTO'!O10*'PROGRAMA DE OBRA'!V12+('BASE PRESUPUESTO'!P10+'BASE PRESUPUESTO'!Q10+'BASE PRESUPUESTO'!R10)*'PROGRAMA DE OBRA'!G12 -> 25235.061 | H12: ='BASE PRESUPUESTO'!O10*'PROGRAMA DE OBRA'!W12+('BASE PRESUPUESTO'!P10+'BASE PRESUPUESTO'!Q10+'BASE PRESUPUESTO'!R10)*'PROGRAMA DE OBRA'!H12 -> 0 | I12: ='BASE PRESUPUESTO'!O10*'PROGRAMA DE OBRA'!X12+('BASE PRESUPUESTO'!P10+'BASE PRESUPUESTO'!Q10+'BASE PRESUPUESTO'!R10)*'PROGRAMA DE OBRA'!I12 -> 0 | J12: ='BASE PRESUPUESTO'!O10*'PROGRAMA DE OBRA'!Y12+('BASE PRESUPUESTO'!P10+'BASE PRESUPUESTO'!Q10+'BASE PRESUPUESTO'!R10)*'PROGRAMA DE OBRA'!J12 -> 0 | K12: ='BASE PRESUPUESTO'!O10*'PROGRAMA DE OBRA'!Z12+('BASE PRESUPUESTO'!P10+'BASE PRESUPUESTO'!Q10+'BASE PRESUPUESTO'!R10)*'PROGRAMA DE OBRA'!K12 -> 0 | L12: =SUM(F12:K12) -> 254667 | M12: =IF(E12=0,0,L12/E12) -> 1 | N12: ='BASE PRESUPUESTO'!O10*SUM('PROGRAMA DE OBRA'!U12:Z12) -> 229431.94 | O12: ='BASE PRESUPUESTO'!P10*SUM('PROGRAMA DE OBRA'!F12:K12) -> 24643.092 | P12: ='BASE PRESUPUESTO'!Q10*SUM('PROGRAMA DE OBRA'!F12:K12) -> 591.96943 | Q12: ='BASE PRESUPUESTO'!R10*SUM('PROGRAMA DE OBRA'!F12:K12) -> 0 | R12: ITEM | S12: ACUEDUCTO AURES
A13: ='BASE PRESUPUESTO'!C11 -> 2.4 | B13: ='BASE PRESUPUESTO'!D11 -> TUBERIA PVC RED 21 DIAMETRO 2" | C13: ='BASE PRESUPUESTO'!E11 -> ML | D13: ='BASE PRESUPUESTO'!F11 -> 250 | E13: ='BASE PRESUPUESTO'!H11 -> 7769250 | F13: ='BASE PRESUPUESTO'!O11*'PROGRAMA DE OBRA'!U13+('BASE PRESUPUESTO'!P11+'BASE PRESUPUESTO'!Q11+'BASE PRESUPUESTO'!R11)*'PROGRAMA DE OBRA'!F13 -> 5086536.5 | G13: ='BASE PRESUPUESTO'!O11*'PROGRAMA DE OBRA'!V13+('BASE PRESUPUESTO'!P11+'BASE PRESUPUESTO'!Q11+'BASE PRESUPUESTO'!R11)*'PROGRAMA DE OBRA'!G13 -> 1341356.7 | H13: ='BASE PRESUPUESTO'!O11*'PROGRAMA DE OBRA'!W13+('BASE PRESUPUESTO'!P11+'BASE PRESUPUESTO'!Q11+'BASE PRESUPUESTO'!R11)*'PROGRAMA DE OBRA'!H13 -> 1341356.7 | I13: ='BASE PRESUPUESTO'!O11*'PROGRAMA DE OBRA'!X13+('BASE PRESUPUESTO'!P11+'BASE PRESUPUESTO'!Q11+'BASE PRESUPUESTO'!R11)*'PROGRAMA DE OBRA'!I13 -> 0 | J13: ='BASE PRESUPUESTO'!O11*'PROGRAMA DE OBRA'!Y13+('BASE PRESUPUESTO'!P11+'BASE PRESUPUESTO'!Q11+'BASE PRESUPUESTO'!R11)*'PROGRAMA DE OBRA'!J13 -> 0 | K13: ='BASE PRESUPUESTO'!O11*'PROGRAMA DE OBRA'!Z13+('BASE PRESUPUESTO'!P11+'BASE PRESUPUESTO'!Q11+'BASE PRESUPUESTO'!R11)*'PROGRAMA DE OBRA'!K13 -> 0 | L13: =SUM(F13:K13) -> 7769250 | M13: =IF(E13=0,0,L13/E13) -> 1 | N13: ='BASE PRESUPUESTO'!O11*SUM('PROGRAMA DE OBRA'!U13:Z13) -> 5086536.5 | O13: ='BASE PRESUPUESTO'!P11*SUM('PROGRAMA DE OBRA'!F13:K13) -> 2471347.6 | P13: ='BASE PRESUPUESTO'!Q11*SUM('PROGRAMA DE OBRA'!F13:K13) -> 211365.9 | Q13: ='BASE PRESUPUESTO'!R11*SUM('PROGRAMA DE OBRA'!F13:K13) -> 0 | R13: ITEM | S13: ACUEDUCTO AURES
A14: ='BASE PRESUPUESTO'!C12 -> 2.5 | B14: ='BASE PRESUPUESTO'!D12 -> CAJA INSPECCION 80x 80 CM [CONCRETO] | C14: ='BASE PRESUPUESTO'!E12 -> UND | D14: ='BASE PRESUPUESTO'!F12 -> 3 | E14: ='BASE PRESUPUESTO'!H12 -> 1817481 | F14: ='BASE PRESUPUESTO'!O12*'PROGRAMA DE OBRA'!U14+('BASE PRESUPUESTO'!P12+'BASE PRESUPUESTO'!Q12+'BASE PRESUPUESTO'!R12)*'PROGRAMA DE OBRA'!F14 -> 0 | G14: ='BASE PRESUPUESTO'!O12*'PROGRAMA DE OBRA'!V14+('BASE PRESUPUESTO'!P12+'BASE PRESUPUESTO'!Q12+'BASE PRESUPUESTO'!R12)*'PROGRAMA DE OBRA'!G14 -> 1030878.9 | H14: ='BASE PRESUPUESTO'!O12*'PROGRAMA DE OBRA'!W14+('BASE PRESUPUESTO'!P12+'BASE PRESUPUESTO'!Q12+'BASE PRESUPUESTO'!R12)*'PROGRAMA DE OBRA'!H14 -> 393301.05 | I14: ='BASE PRESUPUESTO'!O12*'PROGRAMA DE OBRA'!X14+('BASE PRESUPUESTO'!P12+'BASE PRESUPUESTO'!Q12+'BASE PRESUPUESTO'!R12)*'PROGRAMA DE OBRA'!I14 -> 393301.05 | J14: ='BASE PRESUPUESTO'!O12*'PROGRAMA DE OBRA'!Y14+('BASE PRESUPUESTO'!P12+'BASE PRESUPUESTO'!Q12+'BASE PRESUPUESTO'!R12)*'PROGRAMA DE OBRA'!J14 -> 0 | K14: ='BASE PRESUPUESTO'!O12*'PROGRAMA DE OBRA'!Z14+('BASE PRESUPUESTO'!P12+'BASE PRESUPUESTO'!Q12+'BASE PRESUPUESTO'!R12)*'PROGRAMA DE OBRA'!K14 -> 0 | L14: =SUM(F14:K14) -> 1817481 | M14: =IF(E14=0,0,L14/E14) -> 1 | N14: ='BASE PRESUPUESTO'!O12*SUM('PROGRAMA DE OBRA'!U14:Z14) -> 1030878.9 | O14: ='BASE PRESUPUESTO'!P12*SUM('PROGRAMA DE OBRA'!F14:K14) -> 786094.54 | P14: ='BASE PRESUPUESTO'!Q12*SUM('PROGRAMA DE OBRA'!F14:K14) -> 507.5599 | Q14: ='BASE PRESUPUESTO'!R12*SUM('PROGRAMA DE OBRA'!F14:K14) -> 0 | R14: ITEM | S14: ACUEDUCTO AURES
A15: ='BASE PRESUPUESTO'!C13 -> 2.6 | B15: ='BASE PRESUPUESTO'!D13 -> ACARREO MATERIALES TRACCION ANIMAL | C15: ='BASE PRESUPUESTO'!E13 -> C-KM | D15: ='BASE PRESUPUESTO'!F13 -> 9 | E15: ='BASE PRESUPUESTO'!H13 -> 84177 | F15: ='BASE PRESUPUESTO'!O13*'PROGRAMA DE OBRA'!U15+('BASE PRESUPUESTO'!P13+'BASE PRESUPUESTO'!Q13+'BASE PRESUPUESTO'!R13)*'PROGRAMA DE OBRA'!F15 -> 0 | G15: ='BASE PRESUPUESTO'!O13*'PROGRAMA DE OBRA'!V15+('BASE PRESUPUESTO'!P13+'BASE PRESUPUESTO'!Q13+'BASE PRESUPUESTO'!R13)*'PROGRAMA DE OBRA'!G15 -> 42088.5 | H15: ='BASE PRESUPUESTO'!O13*'PROGRAMA DE OBRA'!W15+('BASE PRESUPUESTO'!P13+'BASE PRESUPUESTO'!Q13+'BASE PRESUPUESTO'!R13)*'PROGRAMA DE OBRA'!H15 -> 42088.5 | I15: ='BASE PRESUPUESTO'!O13*'PROGRAMA DE OBRA'!X15+('BASE PRESUPUESTO'!P13+'BASE PRESUPUESTO'!Q13+'BASE PRESUPUESTO'!R13)*'PROGRAMA DE OBRA'!I15 -> 0 | J15: ='BASE PRESUPUESTO'!O13*'PROGRAMA DE OBRA'!Y15+('BASE PRESUPUESTO'!P13+'BASE PRESUPUESTO'!Q13+'BASE PRESUPUESTO'!R13)*'PROGRAMA DE OBRA'!J15 -> 0 | K15: ='BASE PRESUPUESTO'!O13*'PROGRAMA DE OBRA'!Z15+('BASE PRESUPUESTO'!P13+'BASE PRESUPUESTO'!Q13+'BASE PRESUPUESTO'!R13)*'PROGRAMA DE OBRA'!K15 -> 0 | L15: =SUM(F15:K15) -> 84177 | M15: =IF(E15=0,0,L15/E15) -> 1 | N15: ='BASE PRESUPUESTO'!O13*SUM('PROGRAMA DE OBRA'!U15:Z15) -> 0 | O15: ='BASE PRESUPUESTO'!P13*SUM('PROGRAMA DE OBRA'!F15:K15) -> 0 | P15: ='BASE PRESUPUESTO'!Q13*SUM('PROGRAMA DE OBRA'!F15:K15) -> 0 | Q15: ='BASE PRESUPUESTO'!R13*SUM('PROGRAMA DE OBRA'!F15:K15) -> 84177 | R15: ITEM | S15: ACUEDUCTO AURES
A16: ='BASE PRESUPUESTO'!C14 -> 2.7 | B16: ='BASE PRESUPUESTO'!D14 -> ACARREO MATERIALES DESDE O HACIA LA OBRA<- 10 KM. | C16: ='BASE PRESUPUESTO'!E14 -> M3 | D16: ='BASE PRESUPUESTO'!F14 -> 2 | E16: ='BASE PRESUPUESTO'!H14 -> 55282 | F16: ='BASE PRESUPUESTO'!O14*'PROGRAMA DE OBRA'!U16+('BASE PRESUPUESTO'!P14+'BASE PRESUPUESTO'!Q14+'BASE PRESUPUESTO'!R14)*'PROGRAMA DE OBRA'!F16 -> 27641 | G16: ='BASE PRESUPUESTO'!O14*'PROGRAMA DE OBRA'!V16+('BASE PRESUPUESTO'!P14+'BASE PRESUPUESTO'!Q14+'BASE PRESUPUESTO'!R14)*'PROGRAMA DE OBRA'!G16 -> 27641 | H16: ='BASE PRESUPUESTO'!O14*'PROGRAMA DE OBRA'!W16+('BASE PRESUPUESTO'!P14+'BASE PRESUPUESTO'!Q14+'BASE PRESUPUESTO'!R14)*'PROGRAMA DE OBRA'!H16 -> 0 | I16: ='BASE PRESUPUESTO'!O14*'PROGRAMA DE OBRA'!X16+('BASE PRESUPUESTO'!P14+'BASE PRESUPUESTO'!Q14+'BASE PRESUPUESTO'!R14)*'PROGRAMA DE OBRA'!I16 -> 0 | J16: ='BASE PRESUPUESTO'!O14*'PROGRAMA DE OBRA'!Y16+('BASE PRESUPUESTO'!P14+'BASE PRESUPUESTO'!Q14+'BASE PRESUPUESTO'!R14)*'PROGRAMA DE OBRA'!J16 -> 0 | K16: ='BASE PRESUPUESTO'!O14*'PROGRAMA DE OBRA'!Z16+('BASE PRESUPUESTO'!P14+'BASE PRESUPUESTO'!Q14+'BASE PRESUPUESTO'!R14)*'PROGRAMA DE OBRA'!K16 -> 0 | L16: =SUM(F16:K16) -> 55282 | M16: =IF(E16=0,0,L16/E16) -> 1 | N16: ='BASE PRESUPUESTO'!O14*SUM('PROGRAMA DE OBRA'!U16:Z16) -> 0 | O16: ='BASE PRESUPUESTO'!P14*SUM('PROGRAMA DE OBRA'!F16:K16) -> 0 | P16: ='BASE PRESUPUESTO'!Q14*SUM('PROGRAMA DE OBRA'!F16:K16) -> 0 | Q16: ='BASE PRESUPUESTO'!R14*SUM('PROGRAMA DE OBRA'!F16:K16) -> 55282 | R16: ITEM | S16: ACUEDUCTO AURES
A17: ='BASE PRESUPUESTO'!C15 -> 2.8 | B17: ='BASE PRESUPUESTO'!D15 -> ACARREO MATERIALES CAMPERO-CAMIONETA | C17: ='BASE PRESUPUESTO'!E15 -> M3-KM | D17: ='BASE PRESUPUESTO'!F15 -> 60 | E17: ='BASE PRESUPUESTO'!H15 -> 785520 | F17: ='BASE PRESUPUESTO'!O15*'PROGRAMA DE OBRA'!U17+('BASE PRESUPUESTO'!P15+'BASE PRESUPUESTO'!Q15+'BASE PRESUPUESTO'!R15)*'PROGRAMA DE OBRA'!F17 -> 261840 | G17: ='BASE PRESUPUESTO'!O15*'PROGRAMA DE OBRA'!V17+('BASE PRESUPUESTO'!P15+'BASE PRESUPUESTO'!Q15+'BASE PRESUPUESTO'!R15)*'PROGRAMA DE OBRA'!G17 -> 261840 | H17: ='BASE PRESUPUESTO'!O15*'PROGRAMA DE OBRA'!W17+('BASE PRESUPUESTO'!P15+'BASE PRESUPUESTO'!Q15+'BASE PRESUPUESTO'!R15)*'PROGRAMA DE OBRA'!H17 -> 261840 | I17: ='BASE PRESUPUESTO'!O15*'PROGRAMA DE OBRA'!X17+('BASE PRESUPUESTO'!P15+'BASE PRESUPUESTO'!Q15+'BASE PRESUPUESTO'!R15)*'PROGRAMA DE OBRA'!I17 -> 0 | J17: ='BASE PRESUPUESTO'!O15*'PROGRAMA DE OBRA'!Y17+('BASE PRESUPUESTO'!P15+'BASE PRESUPUESTO'!Q15+'BASE PRESUPUESTO'!R15)*'PROGRAMA DE OBRA'!J17 -> 0 | K17: ='BASE PRESUPUESTO'!O15*'PROGRAMA DE OBRA'!Z17+('BASE PRESUPUESTO'!P15+'BASE PRESUPUESTO'!Q15+'BASE PRESUPUESTO'!R15)*'PROGRAMA DE OBRA'!K17 -> 0 | L17: =SUM(F17:K17) -> 785520 | M17: =IF(E17=0,0,L17/E17) -> 1 | N17: ='BASE PRESUPUESTO'!O15*SUM('PROGRAMA DE OBRA'!U17:Z17) -> 0 | O17: ='BASE PRESUPUESTO'!P15*SUM('PROGRAMA DE OBRA'!F17:K17) -> 0 | P17: ='BASE PRESUPUESTO'!Q15*SUM('PROGRAMA DE OBRA'!F17:K17) -> 0 | Q17: ='BASE PRESUPUESTO'!R15*SUM('PROGRAMA DE OBRA'!F17:K17) -> 785520 | R17: ITEM | S17: ACUEDUCTO AURES
A18: SUBTOTAL ACUEDUCTO AURES | E18: =SUM(E7:E17) -> 14792621 | F18: =SUM(F7:F17) -> 7206148 | G18: =SUM(G7:G17) -> 4904988.8 | H18: =SUM(H7:H17) -> 2241266.2 | I18: =SUM(I7:I17) -> 440218.05 | J18: =SUM(J7:J17) -> 0 | K18: =SUM(K7:K17) -> 0 | L18: =SUM(L7:L17) -> 14792621 | M18: =IF(E18=0,0,L18/E18) -> 1 | N18: =SUM(N7:N17) -> 7710354.1 | O18: =SUM(O7:O17) -> 5600745.5 | P18: =SUM(P7:P17) -> 368874.41 | Q18: =SUM(Q7:Q17) -> 1112647 | R18: SUB
A20: ACUEDUCTO LA PAVA
A21: ='BASE PRESUPUESTO'!C16 -> 1.1 | B21: ='BASE PRESUPUESTO'!D16 -> LOCALIZACION-REPLANTEO CERRAMIENTO-VARIO | C21: ='BASE PRESUPUESTO'!E16 -> M | D21: ='BASE PRESUPUESTO'!F16 -> 29 | E21: ='BASE PRESUPUESTO'!H16 -> 88276 | F21: ='BASE PRESUPUESTO'!O16*'PROGRAMA DE OBRA'!U19+('BASE PRESUPUESTO'!P16+'BASE PRESUPUESTO'!Q16+'BASE PRESUPUESTO'!R16)*'PROGRAMA DE OBRA'!F19 -> 12990.031 | G21: ='BASE PRESUPUESTO'!O16*'PROGRAMA DE OBRA'!V19+('BASE PRESUPUESTO'!P16+'BASE PRESUPUESTO'!Q16+'BASE PRESUPUESTO'!R16)*'PROGRAMA DE OBRA'!G19 -> 75285.969 | H21: ='BASE PRESUPUESTO'!O16*'PROGRAMA DE OBRA'!W19+('BASE PRESUPUESTO'!P16+'BASE PRESUPUESTO'!Q16+'BASE PRESUPUESTO'!R16)*'PROGRAMA DE OBRA'!H19 -> 0 | I21: ='BASE PRESUPUESTO'!O16*'PROGRAMA DE OBRA'!X19+('BASE PRESUPUESTO'!P16+'BASE PRESUPUESTO'!Q16+'BASE PRESUPUESTO'!R16)*'PROGRAMA DE OBRA'!I19 -> 0 | J21: ='BASE PRESUPUESTO'!O16*'PROGRAMA DE OBRA'!Y19+('BASE PRESUPUESTO'!P16+'BASE PRESUPUESTO'!Q16+'BASE PRESUPUESTO'!R16)*'PROGRAMA DE OBRA'!J19 -> 0 | K21: ='BASE PRESUPUESTO'!O16*'PROGRAMA DE OBRA'!Z19+('BASE PRESUPUESTO'!P16+'BASE PRESUPUESTO'!Q16+'BASE PRESUPUESTO'!R16)*'PROGRAMA DE OBRA'!K19 -> 0 | L21: =SUM(F21:K21) -> 88276 | M21: =IF(E21=0,0,L21/E21) -> 1 | N21: ='BASE PRESUPUESTO'!O16*SUM('PROGRAMA DE OBRA'!U19:Z19) -> 12990.031 | O21: ='BASE PRESUPUESTO'!P16*SUM('PROGRAMA DE OBRA'!F19:K19) -> 64800.742 | P21: ='BASE PRESUPUESTO'!Q16*SUM('PROGRAMA DE OBRA'!F19:K19) -> 10485.227 | Q21: ='BASE PRESUPUESTO'!R16*SUM('PROGRAMA DE OBRA'!F19:K19) -> 0 | R21: ITEM | S21: ACUEDUCTO LA PAVA
A22: ='BASE PRESUPUESTO'!C17 -> 1.2 | B22: ='BASE PRESUPUESTO'!D17 -> BODEGAJE | C22: ='BASE PRESUPUESTO'!E17 -> MES | D22: ='BASE PRESUPUESTO'!F17 -> 2 | E22: ='BASE PRESUPUESTO'!H17 -> 375336 | F22: ='BASE PRESUPUESTO'!O17*'PROGRAMA DE OBRA'!U20+('BASE PRESUPUESTO'!P17+'BASE PRESUPUESTO'!Q17+'BASE PRESUPUESTO'!R17)*'PROGRAMA DE OBRA'!F20 -> 0 | G22: ='BASE PRESUPUESTO'!O17*'PROGRAMA DE OBRA'!V20+('BASE PRESUPUESTO'!P17+'BASE PRESUPUESTO'!Q17+'BASE PRESUPUESTO'!R17)*'PROGRAMA DE OBRA'!G20 -> 46917 | H22: ='BASE PRESUPUESTO'!O17*'PROGRAMA DE OBRA'!W20+('BASE PRESUPUESTO'!P17+'BASE PRESUPUESTO'!Q17+'BASE PRESUPUESTO'!R17)*'PROGRAMA DE OBRA'!H20 -> 46917 | I22: ='BASE PRESUPUESTO'!O17*'PROGRAMA DE OBRA'!X20+('BASE PRESUPUESTO'!P17+'BASE PRESUPUESTO'!Q17+'BASE PRESUPUESTO'!R17)*'PROGRAMA DE OBRA'!I20 -> 46917 | J22: ='BASE PRESUPUESTO'!O17*'PROGRAMA DE OBRA'!Y20+('BASE PRESUPUESTO'!P17+'BASE PRESUPUESTO'!Q17+'BASE PRESUPUESTO'!R17)*'PROGRAMA DE OBRA'!J20 -> 46917 | K22: ='BASE PRESUPUESTO'!O17*'PROGRAMA DE OBRA'!Z20+('BASE PRESUPUESTO'!P17+'BASE PRESUPUESTO'!Q17+'BASE PRESUPUESTO'!R17)*'PROGRAMA DE OBRA'!K20 -> 46917 | L22: =SUM(F22:K22) -> 234585 | M22: =IF(E22=0,0,L22/E22) -> 0.625 | N22: ='BASE PRESUPUESTO'!O17*SUM('PROGRAMA DE OBRA'!U20:Z20) -> 0 | O22: ='BASE PRESUPUESTO'!P17*SUM('PROGRAMA DE OBRA'!F20:K20) -> 0 | P22: ='BASE PRESUPUESTO'!Q17*SUM('PROGRAMA DE OBRA'!F20:K20) -> 0 | Q22: ='BASE PRESUPUESTO'!R17*SUM('PROGRAMA DE OBRA'!F20:K20) -> 234585 | R22: ITEM | S22: ACUEDUCTO LA PAVA
A23: ='BASE PRESUPUESTO'!C18 -> 1.3 | B23: ='BASE PRESUPUESTO'!D18 -> EXCAVACION EN CONGLOMERADO (MANUAL) | C23: ='BASE PRESUPUESTO'!E18 -> M3 | D23: ='BASE PRESUPUESTO'!F18 -> 74.44 | E23: ='BASE PRESUPUESTO'!H18 -> 3481931 | F23: ='BASE PRESUPUESTO'!O18*'PROGRAMA DE OBRA'!U21+('BASE PRESUPUESTO'!P18+'BASE PRESUPUESTO'!Q18+'BASE PRESUPUESTO'!R18)*'PROGRAMA DE OBRA'!F21 -> 0 | G23: ='BASE PRESUPUESTO'!O18*'PROGRAMA DE OBRA'!V21+('BASE PRESUPUESTO'!P18+'BASE PRESUPUESTO'!Q18+'BASE PRESUPUESTO'!R18)*'PROGRAMA DE OBRA'!G21 -> 1740965.5 | H23: ='BASE PRESUPUESTO'!O18*'PROGRAMA DE OBRA'!W21+('BASE PRESUPUESTO'!P18+'BASE PRESUPUESTO'!Q18+'BASE PRESUPUESTO'!R18)*'PROGRAMA DE OBRA'!H21 -> 1740965.5 | I23: ='BASE PRESUPUESTO'!O18*'PROGRAMA DE OBRA'!X21+('BASE PRESUPUESTO'!P18+'BASE PRESUPUESTO'!Q18+'BASE PRESUPUESTO'!R18)*'PROGRAMA DE OBRA'!I21 -> 0 | J23: ='BASE PRESUPUESTO'!O18*'PROGRAMA DE OBRA'!Y21+('BASE PRESUPUESTO'!P18+'BASE PRESUPUESTO'!Q18+'BASE PRESUPUESTO'!R18)*'PROGRAMA DE OBRA'!J21 -> 0 | K23: ='BASE PRESUPUESTO'!O18*'PROGRAMA DE OBRA'!Z21+('BASE PRESUPUESTO'!P18+'BASE PRESUPUESTO'!Q18+'BASE PRESUPUESTO'!R18)*'PROGRAMA DE OBRA'!K21 -> 0 | L23: =SUM(F23:K23) -> 3481931 | M23: =IF(E23=0,0,L23/E23) -> 1 | N23: ='BASE PRESUPUESTO'!O18*SUM('PROGRAMA DE OBRA'!U21:Z21) -> 0 | O23: ='BASE PRESUPUESTO'!P18*SUM('PROGRAMA DE OBRA'!F21:K21) -> 3364238.1 | P23: ='BASE PRESUPUESTO'!Q18*SUM('PROGRAMA DE OBRA'!F21:K21) -> 117692.92 | Q23: ='BASE PRESUPUESTO'!R18*SUM('PROGRAMA DE OBRA'!F21:K21) -> 0 | R23: ITEM | S23: ACUEDUCTO LA PAVA
A24: ='BASE PRESUPUESTO'!C19 -> 2.1 | B24: ='BASE PRESUPUESTO'!D19 -> SOLADO ESPESOR E=0.05M 3000 PSI 210 MPA | C24: ='BASE PRESUPUESTO'!E19 -> M2 | D24: ='BASE PRESUPUESTO'!F19 -> 5.82 | E24: ='BASE PRESUPUESTO'!H19 -> 226706 | F24: ='BASE PRESUPUESTO'!O19*'PROGRAMA DE OBRA'!U22+('BASE PRESUPUESTO'!P19+'BASE PRESUPUESTO'!Q19+'BASE PRESUPUESTO'!R19)*'PROGRAMA DE OBRA'!F22 -> 0 | G24: ='BASE PRESUPUESTO'!O19*'PROGRAMA DE OBRA'!V22+('BASE PRESUPUESTO'!P19+'BASE PRESUPUESTO'!Q19+'BASE PRESUPUESTO'!R19)*'PROGRAMA DE OBRA'!G22 -> 0 | H24: ='BASE PRESUPUESTO'!O19*'PROGRAMA DE OBRA'!W22+('BASE PRESUPUESTO'!P19+'BASE PRESUPUESTO'!Q19+'BASE PRESUPUESTO'!R19)*'PROGRAMA DE OBRA'!H22 -> 139582.09 | I24: ='BASE PRESUPUESTO'!O19*'PROGRAMA DE OBRA'!X22+('BASE PRESUPUESTO'!P19+'BASE PRESUPUESTO'!Q19+'BASE PRESUPUESTO'!R19)*'PROGRAMA DE OBRA'!I22 -> 87123.907 | J24: ='BASE PRESUPUESTO'!O19*'PROGRAMA DE OBRA'!Y22+('BASE PRESUPUESTO'!P19+'BASE PRESUPUESTO'!Q19+'BASE PRESUPUESTO'!R19)*'PROGRAMA DE OBRA'!J22 -> 0 | K24: ='BASE PRESUPUESTO'!O19*'PROGRAMA DE OBRA'!Z22+('BASE PRESUPUESTO'!P19+'BASE PRESUPUESTO'!Q19+'BASE PRESUPUESTO'!R19)*'PROGRAMA DE OBRA'!K22 -> 0 | L24: =SUM(F24:K24) -> 226706 | M24: =IF(E24=0,0,L24/E24) -> 1 | N24: ='BASE PRESUPUESTO'!O19*SUM('PROGRAMA DE OBRA'!U22:Z22) -> 139582.09 | O24: ='BASE PRESUPUESTO'!P19*SUM('PROGRAMA DE OBRA'!F22:K22) -> 86137.576 | P24: ='BASE PRESUPUESTO'!Q19*SUM('PROGRAMA DE OBRA'!F22:K22) -> 986.3304 | Q24: ='BASE PRESUPUESTO'!R19*SUM('PROGRAMA DE OBRA'!F22:K22) -> 0 | R24: ITEM | S24: ACUEDUCTO LA PAVA
A25: ='BASE PRESUPUESTO'!C20 -> 2.2 | B25: ='BASE PRESUPUESTO'!D20 -> VIGA CIMIENTO ENLACE H-20-40CM 3100 PSI | C25: ='BASE PRESUPUESTO'!E20 -> M3 | D25: ='BASE PRESUPUESTO'!F20 -> 2.7125 | E25: ='BASE PRESUPUESTO'!H20 -> 2791721 | F25: ='BASE PRESUPUESTO'!O20*'PROGRAMA DE OBRA'!U23+('BASE PRESUPUESTO'!P20+'BASE PRESUPUESTO'!Q20+'BASE PRESUPUESTO'!R20)*'PROGRAMA DE OBRA'!F23 -> 0 | G25: ='BASE PRESUPUESTO'!O20*'PROGRAMA DE OBRA'!V23+('BASE PRESUPUESTO'!P20+'BASE PRESUPUESTO'!Q20+'BASE PRESUPUESTO'!R20)*'PROGRAMA DE OBRA'!G23 -> 0 | H25: ='BASE PRESUPUESTO'!O20*'PROGRAMA DE OBRA'!W23+('BASE PRESUPUESTO'!P20+'BASE PRESUPUESTO'!Q20+'BASE PRESUPUESTO'!R20)*'PROGRAMA DE OBRA'!H23 -> 1755483.9 | I25: ='BASE PRESUPUESTO'!O20*'PROGRAMA DE OBRA'!X23+('BASE PRESUPUESTO'!P20+'BASE PRESUPUESTO'!Q20+'BASE PRESUPUESTO'!R20)*'PROGRAMA DE OBRA'!I23 -> 518118.57 | J25: ='BASE PRESUPUESTO'!O20*'PROGRAMA DE OBRA'!Y23+('BASE PRESUPUESTO'!P20+'BASE PRESUPUESTO'!Q20+'BASE PRESUPUESTO'!R20)*'PROGRAMA DE OBRA'!J23 -> 518118.57 | K25: ='BASE PRESUPUESTO'!O20*'PROGRAMA DE OBRA'!Z23+('BASE PRESUPUESTO'!P20+'BASE PRESUPUESTO'!Q20+'BASE PRESUPUESTO'!R20)*'PROGRAMA DE OBRA'!K23 -> 0 | L25: =SUM(F25:K25) -> 2791721 | M25: =IF(E25=0,0,L25/E25) -> 1 | N25: ='BASE PRESUPUESTO'!O20*SUM('PROGRAMA DE OBRA'!U23:Z23) -> 1755483.9 | O25: ='BASE PRESUPUESTO'!P20*SUM('PROGRAMA DE OBRA'!F23:K23) -> 1022880.3 | P25: ='BASE PRESUPUESTO'!Q20*SUM('PROGRAMA DE OBRA'!F23:K23) -> 13356.827 | Q25: ='BASE PRESUPUESTO'!R20*SUM('PROGRAMA DE OBRA'!F23:K23) -> 0 | R25: ITEM | S25: ACUEDUCTO LA PAVA
A26: ='BASE PRESUPUESTO'!C21 -> 2.3 | B26: ='BASE PRESUPUESTO'!D21 -> COLUMNA AMARRE MURO | C26: ='BASE PRESUPUESTO'!E21 -> ML | D26: ='BASE PRESUPUESTO'!F21 -> 6 | E26: ='BASE PRESUPUESTO'!H21 -> 462402 | F26: ='BASE PRESUPUESTO'!O21*'PROGRAMA DE OBRA'!U24+('BASE PRESUPUESTO'!P21+'BASE PRESUPUESTO'!Q21+'BASE PRESUPUESTO'!R21)*'PROGRAMA DE OBRA'!F24 -> 0 | G26: ='BASE PRESUPUESTO'!O21*'PROGRAMA DE OBRA'!V24+('BASE PRESUPUESTO'!P21+'BASE PRESUPUESTO'!Q21+'BASE PRESUPUESTO'!R21)*'PROGRAMA DE OBRA'!G24 -> 0 | H26: ='BASE PRESUPUESTO'!O21*'PROGRAMA DE OBRA'!W24+('BASE PRESUPUESTO'!P21+'BASE PRESUPUESTO'!Q21+'BASE PRESUPUESTO'!R21)*'PROGRAMA DE OBRA'!H24 -> 0 | I26: ='BASE PRESUPUESTO'!O21*'PROGRAMA DE OBRA'!X24+('BASE PRESUPUESTO'!P21+'BASE PRESUPUESTO'!Q21+'BASE PRESUPUESTO'!R21)*'PROGRAMA DE OBRA'!I24 -> 146249.86 | J26: ='BASE PRESUPUESTO'!O21*'PROGRAMA DE OBRA'!Y24+('BASE PRESUPUESTO'!P21+'BASE PRESUPUESTO'!Q21+'BASE PRESUPUESTO'!R21)*'PROGRAMA DE OBRA'!J24 -> 316152.14 | K26: ='BASE PRESUPUESTO'!O21*'PROGRAMA DE OBRA'!Z24+('BASE PRESUPUESTO'!P21+'BASE PRESUPUESTO'!Q21+'BASE PRESUPUESTO'!R21)*'PROGRAMA DE OBRA'!K24 -> 0 | L26: =SUM(F26:K26) -> 462402 | M26: =IF(E26=0,0,L26/E26) -> 1 | N26: ='BASE PRESUPUESTO'!O21*SUM('PROGRAMA DE OBRA'!U24:Z24) -> 146249.86 | O26: ='BASE PRESUPUESTO'!P21*SUM('PROGRAMA DE OBRA'!F24:K24) -> 307898.55 | P26: ='BASE PRESUPUESTO'!Q21*SUM('PROGRAMA DE OBRA'!F24:K24) -> 8253.5852 | Q26: ='BASE PRESUPUESTO'!R21*SUM('PROGRAMA DE OBRA'!F24:K24) -> 0 | R26: ITEM | S26: ACUEDUCTO LA PAVA
A27: ='BASE PRESUPUESTO'!C22 -> 2.4 | B27: ='BASE PRESUPUESTO'!D22 -> MURO LADRILLO SOGA LIMPIO 2C | C27: ='BASE PRESUPUESTO'!E22 -> M2 | D27: ='BASE PRESUPUESTO'!F22 -> 14 | E27: ='BASE PRESUPUESTO'!H22 -> 1639428 | F27: ='BASE PRESUPUESTO'!O22*'PROGRAMA DE OBRA'!U25+('BASE PRESUPUESTO'!P22+'BASE PRESUPUESTO'!Q22+'BASE PRESUPUESTO'!R22)*'PROGRAMA DE OBRA'!F25 -> 0 | G27: ='BASE PRESUPUESTO'!O22*'PROGRAMA DE OBRA'!V25+('BASE PRESUPUESTO'!P22+'BASE PRESUPUESTO'!Q22+'BASE PRESUPUESTO'!R22)*'PROGRAMA DE OBRA'!G25 -> 0 | H27: ='BASE PRESUPUESTO'!O22*'PROGRAMA DE OBRA'!W25+('BASE PRESUPUESTO'!P22+'BASE PRESUPUESTO'!Q22+'BASE PRESUPUESTO'!R22)*'PROGRAMA DE OBRA'!H25 -> 0 | I27: ='BASE PRESUPUESTO'!O22*'PROGRAMA DE OBRA'!X25+('BASE PRESUPUESTO'!P22+'BASE PRESUPUESTO'!Q22+'BASE PRESUPUESTO'!R22)*'PROGRAMA DE OBRA'!I25 -> 907153.26 | J27: ='BASE PRESUPUESTO'!O22*'PROGRAMA DE OBRA'!Y25+('BASE PRESUPUESTO'!P22+'BASE PRESUPUESTO'!Q22+'BASE PRESUPUESTO'!R22)*'PROGRAMA DE OBRA'!J25 -> 732274.74 | K27: ='BASE PRESUPUESTO'!O22*'PROGRAMA DE OBRA'!Z25+('BASE PRESUPUESTO'!P22+'BASE PRESUPUESTO'!Q22+'BASE PRESUPUESTO'!R22)*'PROGRAMA DE OBRA'!K25 -> 0 | L27: =SUM(F27:K27) -> 1639428 | M27: =IF(E27=0,0,L27/E27) -> 1 | N27: ='BASE PRESUPUESTO'!O22*SUM('PROGRAMA DE OBRA'!U25:Z25) -> 907153.26 | O27: ='BASE PRESUPUESTO'!P22*SUM('PROGRAMA DE OBRA'!F25:K25) -> 496359.5 | P27: ='BASE PRESUPUESTO'!Q22*SUM('PROGRAMA DE OBRA'!F25:K25) -> 235915.24 | Q27: ='BASE PRESUPUESTO'!R22*SUM('PROGRAMA DE OBRA'!F25:K25) -> 0 | R27: ITEM | S27: ACUEDUCTO LA PAVA
A28: ='BASE PRESUPUESTO'!C23 -> 2.5 | B28: ='BASE PRESUPUESTO'!D23 -> CINTA CONFINAMIENTO MURO | C28: ='BASE PRESUPUESTO'!E23 -> ML | D28: ='BASE PRESUPUESTO'!F23 -> 28 | E28: ='BASE PRESUPUESTO'!H23 -> 1509004 | F28: ='BASE PRESUPUESTO'!O23*'PROGRAMA DE OBRA'!U26+('BASE PRESUPUESTO'!P23+'BASE PRESUPUESTO'!Q23+'BASE PRESUPUESTO'!R23)*'PROGRAMA DE OBRA'!F26 -> 0 | G28: ='BASE PRESUPUESTO'!O23*'PROGRAMA DE OBRA'!V26+('BASE PRESUPUESTO'!P23+'BASE PRESUPUESTO'!Q23+'BASE PRESUPUESTO'!R23)*'PROGRAMA DE OBRA'!G26 -> 0 | H28: ='BASE PRESUPUESTO'!O23*'PROGRAMA DE OBRA'!W26+('BASE PRESUPUESTO'!P23+'BASE PRESUPUESTO'!Q23+'BASE PRESUPUESTO'!R23)*'PROGRAMA DE OBRA'!H26 -> 0 | I28: ='BASE PRESUPUESTO'!O23*'PROGRAMA DE OBRA'!X26+('BASE PRESUPUESTO'!P23+'BASE PRESUPUESTO'!Q23+'BASE PRESUPUESTO'!R23)*'PROGRAMA DE OBRA'!I26 -> 0 | J28: ='BASE PRESUPUESTO'!O23*'PROGRAMA DE OBRA'!Y26+('BASE PRESUPUESTO'!P23+'BASE PRESUPUESTO'!Q23+'BASE PRESUPUESTO'!R23)*'PROGRAMA DE OBRA'!J26 -> 303122.2 | K28: ='BASE PRESUPUESTO'!O23*'PROGRAMA DE OBRA'!Z26+('BASE PRESUPUESTO'!P23+'BASE PRESUPUESTO'!Q23+'BASE PRESUPUESTO'!R23)*'PROGRAMA DE OBRA'!K26 -> 1205881.8 | L28: =SUM(F28:K28) -> 1509004 | M28: =IF(E28=0,0,L28/E28) -> 1 | N28: ='BASE PRESUPUESTO'!O23*SUM('PROGRAMA DE OBRA'!U26:Z26) -> 303122.2 | O28: ='BASE PRESUPUESTO'!P23*SUM('PROGRAMA DE OBRA'!F26:K26) -> 1182877.5 | P28: ='BASE PRESUPUESTO'!Q23*SUM('PROGRAMA DE OBRA'!F26:K26) -> 23004.278 | Q28: ='BASE PRESUPUESTO'!R23*SUM('PROGRAMA DE OBRA'!F26:K26) -> 0 | R28: ITEM | S28: ACUEDUCTO LA PAVA
A29: ='BASE PRESUPUESTO'!C24 -> 2.6 | B29: ='BASE PRESUPUESTO'!D24 -> ACERO REFUERZO FLEJADO 60000 PSI 420 Mpa | C29: ='BASE PRESUPUESTO'!E24 -> KLS | D29: ='BASE PRESUPUESTO'!F24 -> 250 | E29: ='BASE PRESUPUESTO'!H24 -> 1524500 | F29: ='BASE PRESUPUESTO'!O24*'PROGRAMA DE OBRA'!U27+('BASE PRESUPUESTO'!P24+'BASE PRESUPUESTO'!Q24+'BASE PRESUPUESTO'!R24)*'PROGRAMA DE OBRA'!F27 -> 0 | G29: ='BASE PRESUPUESTO'!O24*'PROGRAMA DE OBRA'!V27+('BASE PRESUPUESTO'!P24+'BASE PRESUPUESTO'!Q24+'BASE PRESUPUESTO'!R24)*'PROGRAMA DE OBRA'!G27 -> 0 | H29: ='BASE PRESUPUESTO'!O24*'PROGRAMA DE OBRA'!W27+('BASE PRESUPUESTO'!P24+'BASE PRESUPUESTO'!Q24+'BASE PRESUPUESTO'!R24)*'PROGRAMA DE OBRA'!H27 -> 1231351 | I29: ='BASE PRESUPUESTO'!O24*'PROGRAMA DE OBRA'!X27+('BASE PRESUPUESTO'!P24+'BASE PRESUPUESTO'!Q24+'BASE PRESUPUESTO'!R24)*'PROGRAMA DE OBRA'!I27 -> 293149.04 | J29: ='BASE PRESUPUESTO'!O24*'PROGRAMA DE OBRA'!Y27+('BASE PRESUPUESTO'!P24+'BASE PRESUPUESTO'!Q24+'BASE PRESUPUESTO'!R24)*'PROGRAMA DE OBRA'!J27 -> 0 | K29: ='BASE PRESUPUESTO'!O24*'PROGRAMA DE OBRA'!Z27+('BASE PRESUPUESTO'!P24+'BASE PRESUPUESTO'!Q24+'BASE PRESUPUESTO'!R24)*'PROGRAMA DE OBRA'!K27 -> 0 | L29: =SUM(F29:K29) -> 1524500 | M29: =IF(E29=0,0,L29/E29) -> 1 | N29: ='BASE PRESUPUESTO'!O24*SUM('PROGRAMA DE OBRA'!U27:Z27) -> 1231351 | O29: ='BASE PRESUPUESTO'!P24*SUM('PROGRAMA DE OBRA'!F27:K27) -> 293149.04 | P29: ='BASE PRESUPUESTO'!Q24*SUM('PROGRAMA DE OBRA'!F27:K27) -> 0 | Q29: ='BASE PRESUPUESTO'!R24*SUM('PROGRAMA DE OBRA'!F27:K27) -> 0 | R29: ITEM | S29: ACUEDUCTO LA PAVA
A30: ='BASE PRESUPUESTO'!C25 -> 2.7 | B30: ='BASE PRESUPUESTO'!D25 -> POSTE TUBO GALV. 1 1/2"X3.0MM C.11 | C30: ='BASE PRESUPUESTO'!E25 -> ML | D30: ='BASE PRESUPUESTO'!F25 -> 36 | E30: ='BASE PRESUPUESTO'!H25 -> 1952352 | F30: ='BASE PRESUPUESTO'!O25*'PROGRAMA DE OBRA'!U28+('BASE PRESUPUESTO'!P25+'BASE PRESUPUESTO'!Q25+'BASE PRESUPUESTO'!R25)*'PROGRAMA DE OBRA'!F28 -> 0 | G30: ='BASE PRESUPUESTO'!O25*'PROGRAMA DE OBRA'!V28+('BASE PRESUPUESTO'!P25+'BASE PRESUPUESTO'!Q25+'BASE PRESUPUESTO'!R25)*'PROGRAMA DE OBRA'!G28 -> 0 | H30: ='BASE PRESUPUESTO'!O25*'PROGRAMA DE OBRA'!W28+('BASE PRESUPUESTO'!P25+'BASE PRESUPUESTO'!Q25+'BASE PRESUPUESTO'!R25)*'PROGRAMA DE OBRA'!H28 -> 0 | I30: ='BASE PRESUPUESTO'!O25*'PROGRAMA DE OBRA'!X28+('BASE PRESUPUESTO'!P25+'BASE PRESUPUESTO'!Q25+'BASE PRESUPUESTO'!R25)*'PROGRAMA DE OBRA'!I28 -> 0 | J30: ='BASE PRESUPUESTO'!O25*'PROGRAMA DE OBRA'!Y28+('BASE PRESUPUESTO'!P25+'BASE PRESUPUESTO'!Q25+'BASE PRESUPUESTO'!R25)*'PROGRAMA DE OBRA'!J28 -> 840057.76 | K30: ='BASE PRESUPUESTO'!O25*'PROGRAMA DE OBRA'!Z28+('BASE PRESUPUESTO'!P25+'BASE PRESUPUESTO'!Q25+'BASE PRESUPUESTO'!R25)*'PROGRAMA DE OBRA'!K28 -> 1112294.2 | L30: =SUM(F30:K30) -> 1952352 | M30: =IF(E30=0,0,L30/E30) -> 1 | N30: ='BASE PRESUPUESTO'!O25*SUM('PROGRAMA DE OBRA'!U28:Z28) -> 840057.76 | O30: ='BASE PRESUPUESTO'!P25*SUM('PROGRAMA DE OBRA'!F28:K28) -> 721022.84 | P30: ='BASE PRESUPUESTO'!Q25*SUM('PROGRAMA DE OBRA'!F28:K28) -> 391271.4 | Q30: ='BASE PRESUPUESTO'!R25*SUM('PROGRAMA DE OBRA'!F28:K28) -> 0 | R30: ITEM | S30: ACUEDUCTO LA PAVA
A31: ='BASE PRESUPUESTO'!C26 -> 2.8 | B31: ='BASE PRESUPUESTO'!D26 -> ESMALTE SOBRE TUBERIA METALICA-PVC | C31: ='BASE PRESUPUESTO'!E26 -> ML | D31: ='BASE PRESUPUESTO'!F26 -> 36 | E31: ='BASE PRESUPUESTO'!H26 -> 741636 | F31: ='BASE PRESUPUESTO'!O26*'PROGRAMA DE OBRA'!U29+('BASE PRESUPUESTO'!P26+'BASE PRESUPUESTO'!Q26+'BASE PRESUPUESTO'!R26)*'PROGRAMA DE OBRA'!F29 -> 0 | G31: ='BASE PRESUPUESTO'!O26*'PROGRAMA DE OBRA'!V29+('BASE PRESUPUESTO'!P26+'BASE PRESUPUESTO'!Q26+'BASE PRESUPUESTO'!R26)*'PROGRAMA DE OBRA'!G29 -> 0 | H31: ='BASE PRESUPUESTO'!O26*'PROGRAMA DE OBRA'!W29+('BASE PRESUPUESTO'!P26+'BASE PRESUPUESTO'!Q26+'BASE PRESUPUESTO'!R26)*'PROGRAMA DE OBRA'!H29 -> 0 | I31: ='BASE PRESUPUESTO'!O26*'PROGRAMA DE OBRA'!X29+('BASE PRESUPUESTO'!P26+'BASE PRESUPUESTO'!Q26+'BASE PRESUPUESTO'!R26)*'PROGRAMA DE OBRA'!I29 -> 0 | J31: ='BASE PRESUPUESTO'!O26*'PROGRAMA DE OBRA'!Y29+('BASE PRESUPUESTO'!P26+'BASE PRESUPUESTO'!Q26+'BASE PRESUPUESTO'!R26)*'PROGRAMA DE OBRA'!J29 -> 0 | K31: ='BASE PRESUPUESTO'!O26*'PROGRAMA DE OBRA'!Z29+('BASE PRESUPUESTO'!P26+'BASE PRESUPUESTO'!Q26+'BASE PRESUPUESTO'!R26)*'PROGRAMA DE OBRA'!K29 -> 0 | L31: =SUM(F31:K31) -> 0 | M31: =IF(E31=0,0,L31/E31) -> 0 | N31: ='BASE PRESUPUESTO'!O26*SUM('PROGRAMA DE OBRA'!U29:Z29) -> 0 | O31: ='BASE PRESUPUESTO'!P26*SUM('PROGRAMA DE OBRA'!F29:K29) -> 0 | P31: ='BASE PRESUPUESTO'!Q26*SUM('PROGRAMA DE OBRA'!F29:K29) -> 0 | Q31: ='BASE PRESUPUESTO'!R26*SUM('PROGRAMA DE OBRA'!F29:K29) -> 0 | R31: ITEM | S31: ACUEDUCTO LA PAVA
A32: ='BASE PRESUPUESTO'!C27 -> 2.9 | B32: ='BASE PRESUPUESTO'!D27 -> MALLA ESLABONADA GALV# 10 ROMBO 2" | C32: ='BASE PRESUPUESTO'!E27 -> M2 | D32: ='BASE PRESUPUESTO'!F27 -> 56 | E32: ='BASE PRESUPUESTO'!H27 -> 2696904 | F32: ='BASE PRESUPUESTO'!O27*'PROGRAMA DE OBRA'!U30+('BASE PRESUPUESTO'!P27+'BASE PRESUPUESTO'!Q27+'BASE PRESUPUESTO'!R27)*'PROGRAMA DE OBRA'!F30 -> 0 | G32: ='BASE PRESUPUESTO'!O27*'PROGRAMA DE OBRA'!V30+('BASE PRESUPUESTO'!P27+'BASE PRESUPUESTO'!Q27+'BASE PRESUPUESTO'!R27)*'PROGRAMA DE OBRA'!G30 -> 0 | H32: ='BASE PRESUPUESTO'!O27*'PROGRAMA DE OBRA'!W30+('BASE PRESUPUESTO'!P27+'BASE PRESUPUESTO'!Q27+'BASE PRESUPUESTO'!R27)*'PROGRAMA DE OBRA'!H30 -> 0 | I32: ='BASE PRESUPUESTO'!O27*'PROGRAMA DE OBRA'!X30+('BASE PRESUPUESTO'!P27+'BASE PRESUPUESTO'!Q27+'BASE PRESUPUESTO'!R27)*'PROGRAMA DE OBRA'!I30 -> 0 | J32: ='BASE PRESUPUESTO'!O27*'PROGRAMA DE OBRA'!Y30+('BASE PRESUPUESTO'!P27+'BASE PRESUPUESTO'!Q27+'BASE PRESUPUESTO'!R27)*'PROGRAMA DE OBRA'!J30 -> 0 | K32: ='BASE PRESUPUESTO'!O27*'PROGRAMA DE OBRA'!Z30+('BASE PRESUPUESTO'!P27+'BASE PRESUPUESTO'!Q27+'BASE PRESUPUESTO'!R27)*'PROGRAMA DE OBRA'!K30 -> 1573340.7 | L32: =SUM(F32:K32) -> 1573340.7 | M32: =IF(E32=0,0,L32/E32) -> 0.58338771 | N32: ='BASE PRESUPUESTO'!O27*SUM('PROGRAMA DE OBRA'!U30:Z30) -> 1573340.7 | O32: ='BASE PRESUPUESTO'!P27*SUM('PROGRAMA DE OBRA'!F30:K30) -> 0 | P32: ='BASE PRESUPUESTO'!Q27*SUM('PROGRAMA DE OBRA'!F30:K30) -> 0 | Q32: ='BASE PRESUPUESTO'!R27*SUM('PROGRAMA DE OBRA'!F30:K30) -> 0 | R32: ITEM | S32: ACUEDUCTO LA PAVA
... A42: ='BASE PRESUPUESTO'!C37 -> 2.19 | B42: ='BASE PRESUPUESTO'!D37 -> ADECUACION DESARENADOR, CONSTRUCCION PANTALLA DEFLECTORA, CANAL RECOLECTOR SALIDA | C42: ='BASE PRESUPUESTO'!E37 -> GLB | D42: ='BASE PRESUPUESTO'!F37 -> 1 | E42: ='BASE PRESUPUESTO'!H37 -> 1538871 | F42: ='BASE PRESUPUESTO'!O37*'PROGRAMA DE OBRA'!U40+('BASE PRESUPUESTO'!P37+'BASE PRESUPUESTO'!Q37+'BASE PRESUPUESTO'!R37)*'PROGRAMA DE OBRA'!F40 -> 0 | G42: ='BASE PRESUPUESTO'!O37*'PROGRAMA DE OBRA'!V40+('BASE PRESUPUESTO'!P37+'BASE PRESUPUESTO'!Q37+'BASE PRESUPUESTO'!R37)*'PROGRAMA DE OBRA'!G40 -> 357305.62 | H42: ='BASE PRESUPUESTO'!O37*'PROGRAMA DE OBRA'!W40+('BASE PRESUPUESTO'!P37+'BASE PRESUPUESTO'!Q37+'BASE PRESUPUESTO'!R37)*'PROGRAMA DE OBRA'!H40 -> 590782.69 | I42: ='BASE PRESUPUESTO'!O37*'PROGRAMA DE OBRA'!X40+('BASE PRESUPUESTO'!P37+'BASE PRESUPUESTO'!Q37+'BASE PRESUPUESTO'!R37)*'PROGRAMA DE OBRA'!I40 -> 590782.69 | J42: ='BASE PRESUPUESTO'!O37*'PROGRAMA DE OBRA'!Y40+('BASE PRESUPUESTO'!P37+'BASE PRESUPUESTO'!Q37+'BASE PRESUPUESTO'!R37)*'PROGRAMA DE OBRA'!J40 -> 0 | K42: ='BASE PRESUPUESTO'!O37*'PROGRAMA DE OBRA'!Z40+('BASE PRESUPUESTO'!P37+'BASE PRESUPUESTO'!Q37+'BASE PRESUPUESTO'!R37)*'PROGRAMA DE OBRA'!K40 -> 0 | L42: =SUM(F42:K42) -> 1538871 | M42: =IF(E42=0,0,L42/E42) -> 1 | N42: ='BASE PRESUPUESTO'!O37*SUM('PROGRAMA DE OBRA'!U40:Z40) -> 357305.62 | O42: ='BASE PRESUPUESTO'!P37*SUM('PROGRAMA DE OBRA'!F40:K40) -> 1180720.4 | P42: ='BASE PRESUPUESTO'!Q37*SUM('PROGRAMA DE OBRA'!F40:K40) -> 845.00027 | Q42: ='BASE PRESUPUESTO'!R37*SUM('PROGRAMA DE OBRA'!F40:K40) -> 0 | R42: ITEM | S42: ACUEDUCTO LA PAVA
A43: SUBTOTAL ACUEDUCTO LA PAVA | E43: =SUM(E21:E42) -> 27956091 | F43: =SUM(F21:F42) -> 12990.031 | G43: =SUM(G21:G42) -> 2808859.7 | H43: =SUM(H21:H42) -> 6964022.5 | I43: =SUM(I21:I42) -> 3785350.8 | J43: =SUM(J21:J42) -> 3646158.8 | K43: =SUM(K21:K42) -> 5591958.4 | L43: =SUM(L21:L42) -> 22809340 | M43: =IF(E43=0,0,L43/E43) -> 0.81589877 | N43: =SUM(N21:N42) -> 8646284.5 | O43: =SUM(O21:O42) -> 9878459.9 | P43: =SUM(P21:P42) -> 900992.4 | Q43: =SUM(Q21:Q42) -> 3383603.5 | R43: SUB
A45: ACUEDUCTO SAN GERARDO ALTO
A46: ='BASE PRESUPUESTO'!C38 -> 1.1 | B46: ='BASE PRESUPUESTO'!D38 -> LOCALIZACION-REPLANTEO CERRAMIENTO-VARIO | C46: ='BASE PRESUPUESTO'!E38 -> ML | D46: ='BASE PRESUPUESTO'!F38 -> 26.2 | E46: ='BASE PRESUPUESTO'!H38 -> 79753 | F46: ='BASE PRESUPUESTO'!O38*'PROGRAMA DE OBRA'!U42+('BASE PRESUPUESTO'!P38+'BASE PRESUPUESTO'!Q38+'BASE PRESUPUESTO'!R38)*'PROGRAMA DE OBRA'!F42 -> 0 | G46: ='BASE PRESUPUESTO'!O38*'PROGRAMA DE OBRA'!V42+('BASE PRESUPUESTO'!P38+'BASE PRESUPUESTO'!Q38+'BASE PRESUPUESTO'!R38)*'PROGRAMA DE OBRA'!G42 -> 11735.851 | H46: ='BASE PRESUPUESTO'!O38*'PROGRAMA DE OBRA'!W42+('BASE PRESUPUESTO'!P38+'BASE PRESUPUESTO'!Q38+'BASE PRESUPUESTO'!R38)*'PROGRAMA DE OBRA'!H42 -> 68017.149 | I46: ='BASE PRESUPUESTO'!O38*'PROGRAMA DE OBRA'!X42+('BASE PRESUPUESTO'!P38+'BASE PRESUPUESTO'!Q38+'BASE PRESUPUESTO'!R38)*'PROGRAMA DE OBRA'!I42 -> 0 | J46: ='BASE PRESUPUESTO'!O38*'PROGRAMA DE OBRA'!Y42+('BASE PRESUPUESTO'!P38+'BASE PRESUPUESTO'!Q38+'BASE PRESUPUESTO'!R38)*'PROGRAMA DE OBRA'!J42 -> 0 | K46: ='BASE PRESUPUESTO'!O38*'PROGRAMA DE OBRA'!Z42+('BASE PRESUPUESTO'!P38+'BASE PRESUPUESTO'!Q38+'BASE PRESUPUESTO'!R38)*'PROGRAMA DE OBRA'!K42 -> 0 | L46: =SUM(F46:K46) -> 79753 | M46: =IF(E46=0,0,L46/E46) -> 1 | N46: ='BASE PRESUPUESTO'!O38*SUM('PROGRAMA DE OBRA'!U42:Z42) -> 11735.851 | O46: ='BASE PRESUPUESTO'!P38*SUM('PROGRAMA DE OBRA'!F42:K42) -> 58544.265 | P46: ='BASE PRESUPUESTO'!Q38*SUM('PROGRAMA DE OBRA'!F42:K42) -> 9472.884 | Q46: ='BASE PRESUPUESTO'!R38*SUM('PROGRAMA DE OBRA'!F42:K42) -> 0 | R46: ITEM | S46: ACUEDUCTO SAN GERARDO ALTO
A47: ='BASE PRESUPUESTO'!C39 -> 1.2 | B47: ='BASE PRESUPUESTO'!D39 -> EXCAVACION EN CONGLOMERADO (MANUAL) | C47: ='BASE PRESUPUESTO'!E39 -> M3 | D47: ='BASE PRESUPUESTO'!F39 -> 6.765 | E47: ='BASE PRESUPUESTO'!H39 -> 316433 | F47: ='BASE PRESUPUESTO'!O39*'PROGRAMA DE OBRA'!U43+('BASE PRESUPUESTO'!P39+'BASE PRESUPUESTO'!Q39+'BASE PRESUPUESTO'!R39)*'PROGRAMA DE OBRA'!F43 -> 0 | G47: ='BASE PRESUPUESTO'!O39*'PROGRAMA DE OBRA'!V43+('BASE PRESUPUESTO'!P39+'BASE PRESUPUESTO'!Q39+'BASE PRESUPUESTO'!R39)*'PROGRAMA DE OBRA'!G43 -> 0 | H47: ='BASE PRESUPUESTO'!O39*'PROGRAMA DE OBRA'!W43+('BASE PRESUPUESTO'!P39+'BASE PRESUPUESTO'!Q39+'BASE PRESUPUESTO'!R39)*'PROGRAMA DE OBRA'!H43 -> 316433 | I47: ='BASE PRESUPUESTO'!O39*'PROGRAMA DE OBRA'!X43+('BASE PRESUPUESTO'!P39+'BASE PRESUPUESTO'!Q39+'BASE PRESUPUESTO'!R39)*'PROGRAMA DE OBRA'!I43 -> 0 | J47: ='BASE PRESUPUESTO'!O39*'PROGRAMA DE OBRA'!Y43+('BASE PRESUPUESTO'!P39+'BASE PRESUPUESTO'!Q39+'BASE PRESUPUESTO'!R39)*'PROGRAMA DE OBRA'!J43 -> 0 | K47: ='BASE PRESUPUESTO'!O39*'PROGRAMA DE OBRA'!Z43+('BASE PRESUPUESTO'!P39+'BASE PRESUPUESTO'!Q39+'BASE PRESUPUESTO'!R39)*'PROGRAMA DE OBRA'!K43 -> 0 | L47: =SUM(F47:K47) -> 316433 | M47: =IF(E47=0,0,L47/E47) -> 1 | N47: ='BASE PRESUPUESTO'!O39*SUM('PROGRAMA DE OBRA'!U43:Z43) -> 0 | O47: ='BASE PRESUPUESTO'!P39*SUM('PROGRAMA DE OBRA'!F43:K43) -> 305737.23 | P47: ='BASE PRESUPUESTO'!Q39*SUM('PROGRAMA DE OBRA'!F43:K43) -> 10695.767 | Q47: ='BASE PRESUPUESTO'!R39*SUM('PROGRAMA DE OBRA'!F43:K43) -> 0 | R47: ITEM | S47: ACUEDUCTO SAN GERARDO ALTO
A48: ='BASE PRESUPUESTO'!C40 -> 2.1 | B48: ='BASE PRESUPUESTO'!D40 -> NIVELACION PISO Y GRAVA E=0,10 MTS | C48: ='BASE PRESUPUESTO'!E40 -> M2 | D48: ='BASE PRESUPUESTO'!F40 -> 45.1 | E48: ='BASE PRESUPUESTO'!H40 -> 1476114 | F48: ='BASE PRESUPUESTO'!O40*'PROGRAMA DE OBRA'!U44+('BASE PRESUPUESTO'!P40+'BASE PRESUPUESTO'!Q40+'BASE PRESUPUESTO'!R40)*'PROGRAMA DE OBRA'!F44 -> 0 | G48: ='BASE PRESUPUESTO'!O40*'PROGRAMA DE OBRA'!V44+('BASE PRESUPUESTO'!P40+'BASE PRESUPUESTO'!Q40+'BASE PRESUPUESTO'!R40)*'PROGRAMA DE OBRA'!G44 -> 0 | H48: ='BASE PRESUPUESTO'!O40*'PROGRAMA DE OBRA'!W44+('BASE PRESUPUESTO'!P40+'BASE PRESUPUESTO'!Q40+'BASE PRESUPUESTO'!R40)*'PROGRAMA DE OBRA'!H44 -> 669735.01 | I48: ='BASE PRESUPUESTO'!O40*'PROGRAMA DE OBRA'!X44+('BASE PRESUPUESTO'!P40+'BASE PRESUPUESTO'!Q40+'BASE PRESUPUESTO'!R40)*'PROGRAMA DE OBRA'!I44 -> 806378.99 | J48: ='BASE PRESUPUESTO'!O40*'PROGRAMA DE OBRA'!Y44+('BASE PRESUPUESTO'!P40+'BASE PRESUPUESTO'!Q40+'BASE PRESUPUESTO'!R40)*'PROGRAMA DE OBRA'!J44 -> 0 | K48: ='BASE PRESUPUESTO'!O40*'PROGRAMA DE OBRA'!Z44+('BASE PRESUPUESTO'!P40+'BASE PRESUPUESTO'!Q40+'BASE PRESUPUESTO'!R40)*'PROGRAMA DE OBRA'!K44 -> 0 | L48: =SUM(F48:K48) -> 1476114 | M48: =IF(E48=0,0,L48/E48) -> 1 | N48: ='BASE PRESUPUESTO'!O40*SUM('PROGRAMA DE OBRA'!U44:Z44) -> 669735.01 | O48: ='BASE PRESUPUESTO'!P40*SUM('PROGRAMA DE OBRA'!F44:K44) -> 798757.09 | P48: ='BASE PRESUPUESTO'!Q40*SUM('PROGRAMA DE OBRA'!F44:K44) -> 7621.9001 | Q48: ='BASE PRESUPUESTO'!R40*SUM('PROGRAMA DE OBRA'!F44:K44) -> 0 | R48: ITEM | S48: ACUEDUCTO SAN GERARDO ALTO
A49: ='BASE PRESUPUESTO'!C41 -> 2.2 | B49: ='BASE PRESUPUESTO'!D41 -> TANQUE PLASTICO 5.000 LTS | C49: ='BASE PRESUPUESTO'!E41 -> UND | D49: ='BASE PRESUPUESTO'!F41 -> 2 | E49: ='BASE PRESUPUESTO'!H41 -> 9197064 | F49: ='BASE PRESUPUESTO'!O41*'PROGRAMA DE OBRA'!U45+('BASE PRESUPUESTO'!P41+'BASE PRESUPUESTO'!Q41+'BASE PRESUPUESTO'!R41)*'PROGRAMA DE OBRA'!F45 -> 0 | G49: ='BASE PRESUPUESTO'!O41*'PROGRAMA DE OBRA'!V45+('BASE PRESUPUESTO'!P41+'BASE PRESUPUESTO'!Q41+'BASE PRESUPUESTO'!R41)*'PROGRAMA DE OBRA'!G45 -> 0 | H49: ='BASE PRESUPUESTO'!O41*'PROGRAMA DE OBRA'!W45+('BASE PRESUPUESTO'!P41+'BASE PRESUPUESTO'!Q41+'BASE PRESUPUESTO'!R41)*'PROGRAMA DE OBRA'!H45 -> 0 | I49: ='BASE PRESUPUESTO'!O41*'PROGRAMA DE OBRA'!X45+('BASE PRESUPUESTO'!P41+'BASE PRESUPUESTO'!Q41+'BASE PRESUPUESTO'!R41)*'PROGRAMA DE OBRA'!I45 -> 0 | J49: ='BASE PRESUPUESTO'!O41*'PROGRAMA DE OBRA'!Y45+('BASE PRESUPUESTO'!P41+'BASE PRESUPUESTO'!Q41+'BASE PRESUPUESTO'!R41)*'PROGRAMA DE OBRA'!J45 -> 8620264.8 | K49: ='BASE PRESUPUESTO'!O41*'PROGRAMA DE OBRA'!Z45+('BASE PRESUPUESTO'!P41+'BASE PRESUPUESTO'!Q41+'BASE PRESUPUESTO'!R41)*'PROGRAMA DE OBRA'!K45 -> 576799.16 | L49: =SUM(F49:K49) -> 9197064 | M49: =IF(E49=0,0,L49/E49) -> 1 | N49: ='BASE PRESUPUESTO'!O41*SUM('PROGRAMA DE OBRA'!U45:Z45) -> 8620264.8 | O49: ='BASE PRESUPUESTO'!P41*SUM('PROGRAMA DE OBRA'!F45:K45) -> 576799.16 | P49: ='BASE PRESUPUESTO'!Q41*SUM('PROGRAMA DE OBRA'!F45:K45) -> 0 | Q49: ='BASE PRESUPUESTO'!R41*SUM('PROGRAMA DE OBRA'!F45:K45) -> 0 | R49: ITEM | S49: ACUEDUCTO SAN GERARDO ALTO
A50: ='BASE PRESUPUESTO'!C42 -> 2.3 | B50: ='BASE PRESUPUESTO'!D42 -> FLOTADOR DE 1" PARA TANQUE 5,000 LTS, INCLUYE ACCESORIOS INSTALACION | C50: ='BASE PRESUPUESTO'!E42 -> UND | D50: ='BASE PRESUPUESTO'!F42 -> 2 | E50: ='BASE PRESUPUESTO'!H42 -> 409298 | F50: ='BASE PRESUPUESTO'!O42*'PROGRAMA DE OBRA'!U46+('BASE PRESUPUESTO'!P42+'BASE PRESUPUESTO'!Q42+'BASE PRESUPUESTO'!R42)*'PROGRAMA DE OBRA'!F46 -> 0 | G50: ='BASE PRESUPUESTO'!O42*'PROGRAMA DE OBRA'!V46+('BASE PRESUPUESTO'!P42+'BASE PRESUPUESTO'!Q42+'BASE PRESUPUESTO'!R42)*'PROGRAMA DE OBRA'!G46 -> 0 | H50: ='BASE PRESUPUESTO'!O42*'PROGRAMA DE OBRA'!W46+('BASE PRESUPUESTO'!P42+'BASE PRESUPUESTO'!Q42+'BASE PRESUPUESTO'!R42)*'PROGRAMA DE OBRA'!H46 -> 0 | I50: ='BASE PRESUPUESTO'!O42*'PROGRAMA DE OBRA'!X46+('BASE PRESUPUESTO'!P42+'BASE PRESUPUESTO'!Q42+'BASE PRESUPUESTO'!R42)*'PROGRAMA DE OBRA'!I46 -> 0 | J50: ='BASE PRESUPUESTO'!O42*'PROGRAMA DE OBRA'!Y46+('BASE PRESUPUESTO'!P42+'BASE PRESUPUESTO'!Q42+'BASE PRESUPUESTO'!R42)*'PROGRAMA DE OBRA'!J46 -> 283500 | K50: ='BASE PRESUPUESTO'!O42*'PROGRAMA DE OBRA'!Z46+('BASE PRESUPUESTO'!P42+'BASE PRESUPUESTO'!Q42+'BASE PRESUPUESTO'!R42)*'PROGRAMA DE OBRA'!K46 -> 125798 | L50: =SUM(F50:K50) -> 409298 | M50: =IF(E50=0,0,L50/E50) -> 1 | N50: ='BASE PRESUPUESTO'!O42*SUM('PROGRAMA DE OBRA'!U46:Z46) -> 283500 | O50: ='BASE PRESUPUESTO'!P42*SUM('PROGRAMA DE OBRA'!F46:K46) -> 125460 | P50: ='BASE PRESUPUESTO'!Q42*SUM('PROGRAMA DE OBRA'!F46:K46) -> 338 | Q50: ='BASE PRESUPUESTO'!R42*SUM('PROGRAMA DE OBRA'!F46:K46) -> 0 | R50: ITEM | S50: ACUEDUCTO SAN GERARDO ALTO
A51: ='BASE PRESUPUESTO'!C43 -> 2.4 | B51: ='BASE PRESUPUESTO'!D43 -> CONEXIÓNES EN 2" TANQUE PLASTICOS CON LA RED DE DISTRIBUCION, BY - PASS, LAVADO Y REBOSE | C51: ='BASE PRESUPUESTO'!E43 -> GLB | D51: ='BASE PRESUPUESTO'!F43 -> 1 | E51: ='BASE PRESUPUESTO'!H43 -> 2636586 | F51: ='BASE PRESUPUESTO'!O43*'PROGRAMA DE OBRA'!U47+('BASE PRESUPUESTO'!P43+'BASE PRESUPUESTO'!Q43+'BASE PRESUPUESTO'!R43)*'PROGRAMA DE OBRA'!F47 -> 0 | G51: ='BASE PRESUPUESTO'!O43*'PROGRAMA DE OBRA'!V47+('BASE PRESUPUESTO'!P43+'BASE PRESUPUESTO'!Q43+'BASE PRESUPUESTO'!R43)*'PROGRAMA DE OBRA'!G47 -> 0 | H51: ='BASE PRESUPUESTO'!O43*'PROGRAMA DE OBRA'!W47+('BASE PRESUPUESTO'!P43+'BASE PRESUPUESTO'!Q43+'BASE PRESUPUESTO'!R43)*'PROGRAMA DE OBRA'!H47 -> 0 | I51: ='BASE PRESUPUESTO'!O43*'PROGRAMA DE OBRA'!X47+('BASE PRESUPUESTO'!P43+'BASE PRESUPUESTO'!Q43+'BASE PRESUPUESTO'!R43)*'PROGRAMA DE OBRA'!I47 -> 0 | J51: ='BASE PRESUPUESTO'!O43*'PROGRAMA DE OBRA'!Y47+('BASE PRESUPUESTO'!P43+'BASE PRESUPUESTO'!Q43+'BASE PRESUPUESTO'!R43)*'PROGRAMA DE OBRA'!J47 -> 1375226.2 | K51: ='BASE PRESUPUESTO'!O43*'PROGRAMA DE OBRA'!Z47+('BASE PRESUPUESTO'!P43+'BASE PRESUPUESTO'!Q43+'BASE PRESUPUESTO'!R43)*'PROGRAMA DE OBRA'!K47 -> 630679.91 | L51: =SUM(F51:K51) -> 2005906.1 | M51: =IF(E51=0,0,L51/E51) -> 0.76079676 | N51: ='BASE PRESUPUESTO'!O43*SUM('PROGRAMA DE OBRA'!U47:Z47) -> 1375226.2 | O51: ='BASE PRESUPUESTO'!P43*SUM('PROGRAMA DE OBRA'!F47:K47) -> 627299.91 | P51: ='BASE PRESUPUESTO'!Q43*SUM('PROGRAMA DE OBRA'!F47:K47) -> 3379.9995 | Q51: ='BASE PRESUPUESTO'!R43*SUM('PROGRAMA DE OBRA'!F47:K47) -> 0 | R51: ITEM | S51: ACUEDUCTO SAN GERARDO ALTO
A52: ='BASE PRESUPUESTO'!C44 -> 2.5 | B52: ='BASE PRESUPUESTO'!D44 -> SOLADO ESPESOR E=0.05M 3000 PSI 210 MPA | C52: ='BASE PRESUPUESTO'!E44 -> M2 | D52: ='BASE PRESUPUESTO'!F44 -> 5.22 | E52: ='BASE PRESUPUESTO'!H44 -> 203335 | F52: ='BASE PRESUPUESTO'!O44*'PROGRAMA DE OBRA'!U48+('BASE PRESUPUESTO'!P44+'BASE PRESUPUESTO'!Q44+'BASE PRESUPUESTO'!R44)*'PROGRAMA DE OBRA'!F48 -> 0 | G52: ='BASE PRESUPUESTO'!O44*'PROGRAMA DE OBRA'!V48+('BASE PRESUPUESTO'!P44+'BASE PRESUPUESTO'!Q44+'BASE PRESUPUESTO'!R44)*'PROGRAMA DE OBRA'!G48 -> 0 | H52: ='BASE PRESUPUESTO'!O44*'PROGRAMA DE OBRA'!W48+('BASE PRESUPUESTO'!P44+'BASE PRESUPUESTO'!Q44+'BASE PRESUPUESTO'!R44)*'PROGRAMA DE OBRA'!H48 -> 125192.65 | I52: ='BASE PRESUPUESTO'!O44*'PROGRAMA DE OBRA'!X48+('BASE PRESUPUESTO'!P44+'BASE PRESUPUESTO'!Q44+'BASE PRESUPUESTO'!R44)*'PROGRAMA DE OBRA'!I48 -> 78142.35 | J52: ='BASE PRESUPUESTO'!O44*'PROGRAMA DE OBRA'!Y48+('BASE PRESUPUESTO'!P44+'BASE PRESUPUESTO'!Q44+'BASE PRESUPUESTO'!R44)*'PROGRAMA DE OBRA'!J48 -> 0 | K52: ='BASE PRESUPUESTO'!O44*'PROGRAMA DE OBRA'!Z48+('BASE PRESUPUESTO'!P44+'BASE PRESUPUESTO'!Q44+'BASE PRESUPUESTO'!R44)*'PROGRAMA DE OBRA'!K48 -> 0 | L52: =SUM(F52:K52) -> 203335 | M52: =IF(E52=0,0,L52/E52) -> 1 | N52: ='BASE PRESUPUESTO'!O44*SUM('PROGRAMA DE OBRA'!U48:Z48) -> 125192.65 | O52: ='BASE PRESUPUESTO'!P44*SUM('PROGRAMA DE OBRA'!F48:K48) -> 77257.7 | P52: ='BASE PRESUPUESTO'!Q44*SUM('PROGRAMA DE OBRA'!F48:K48) -> 884.65013 | Q52: ='BASE PRESUPUESTO'!R44*SUM('PROGRAMA DE OBRA'!F48:K48) -> 0 | R52: ITEM | S52: ACUEDUCTO SAN GERARDO ALTO
A53: ='BASE PRESUPUESTO'!C45 -> 2.6 | B53: ='BASE PRESUPUESTO'!D45 -> VIGA CIMIENTO ENLACE H-20-40CM 3100 PSI | C53: ='BASE PRESUPUESTO'!E45 -> M3 | D53: ='BASE PRESUPUESTO'!F45 -> 2.3875 | E53: ='BASE PRESUPUESTO'!H45 -> 2457229 | F53: ='BASE PRESUPUESTO'!O45*'PROGRAMA DE OBRA'!U49+('BASE PRESUPUESTO'!P45+'BASE PRESUPUESTO'!Q45+'BASE PRESUPUESTO'!R45)*'PROGRAMA DE OBRA'!F49 -> 0 | G53: ='BASE PRESUPUESTO'!O45*'PROGRAMA DE OBRA'!V49+('BASE PRESUPUESTO'!P45+'BASE PRESUPUESTO'!Q45+'BASE PRESUPUESTO'!R45)*'PROGRAMA DE OBRA'!G49 -> 0 | H53: ='BASE PRESUPUESTO'!O45*'PROGRAMA DE OBRA'!W49+('BASE PRESUPUESTO'!P45+'BASE PRESUPUESTO'!Q45+'BASE PRESUPUESTO'!R45)*'PROGRAMA DE OBRA'!H49 -> 1545149.3 | I53: ='BASE PRESUPUESTO'!O45*'PROGRAMA DE OBRA'!X49+('BASE PRESUPUESTO'!P45+'BASE PRESUPUESTO'!Q45+'BASE PRESUPUESTO'!R45)*'PROGRAMA DE OBRA'!I49 -> 456039.84 | J53: ='BASE PRESUPUESTO'!O45*'PROGRAMA DE OBRA'!Y49+('BASE PRESUPUESTO'!P45+'BASE PRESUPUESTO'!Q45+'BASE PRESUPUESTO'!R45)*'PROGRAMA DE OBRA'!J49 -> 456039.84 | K53: ='BASE PRESUPUESTO'!O45*'PROGRAMA DE OBRA'!Z49+('BASE PRESUPUESTO'!P45+'BASE PRESUPUESTO'!Q45+'BASE PRESUPUESTO'!R45)*'PROGRAMA DE OBRA'!K49 -> 0 | L53: =SUM(F53:K53) -> 2457229 | M53: =IF(E53=0,0,L53/E53) -> 1 | N53: ='BASE PRESUPUESTO'!O45*SUM('PROGRAMA DE OBRA'!U49:Z49) -> 1545149.3 | O53: ='BASE PRESUPUESTO'!P45*SUM('PROGRAMA DE OBRA'!F49:K49) -> 900323.2 | P53: ='BASE PRESUPUESTO'!Q45*SUM('PROGRAMA DE OBRA'!F49:K49) -> 11756.469 | Q53: ='BASE PRESUPUESTO'!R45*SUM('PROGRAMA DE OBRA'!F49:K49) -> 0 | R53: ITEM | S53: ACUEDUCTO SAN GERARDO ALTO
A54: ='BASE PRESUPUESTO'!C46 -> 2.7 | B54: ='BASE PRESUPUESTO'!D46 -> COLUMNA AMARRE MURO | C54: ='BASE PRESUPUESTO'!E46 -> ML | D54: ='BASE PRESUPUESTO'!F46 -> 5.5 | E54: ='BASE PRESUPUESTO'!H46 -> 423869 | F54: ='BASE PRESUPUESTO'!O46*'PROGRAMA DE OBRA'!U50+('BASE PRESUPUESTO'!P46+'BASE PRESUPUESTO'!Q46+'BASE PRESUPUESTO'!R46)*'PROGRAMA DE OBRA'!F50 -> 0 | G54: ='BASE PRESUPUESTO'!O46*'PROGRAMA DE OBRA'!V50+('BASE PRESUPUESTO'!P46+'BASE PRESUPUESTO'!Q46+'BASE PRESUPUESTO'!R46)*'PROGRAMA DE OBRA'!G50 -> 0 | H54: ='BASE PRESUPUESTO'!O46*'PROGRAMA DE OBRA'!W50+('BASE PRESUPUESTO'!P46+'BASE PRESUPUESTO'!Q46+'BASE PRESUPUESTO'!R46)*'PROGRAMA DE OBRA'!H50 -> 0 | I54: ='BASE PRESUPUESTO'!O46*'PROGRAMA DE OBRA'!X50+('BASE PRESUPUESTO'!P46+'BASE PRESUPUESTO'!Q46+'BASE PRESUPUESTO'!R46)*'PROGRAMA DE OBRA'!I50 -> 134062.53 | J54: ='BASE PRESUPUESTO'!O46*'PROGRAMA DE OBRA'!Y50+('BASE PRESUPUESTO'!P46+'BASE PRESUPUESTO'!Q46+'BASE PRESUPUESTO'!R46)*'PROGRAMA DE OBRA'!J50 -> 289806.47 | K54: ='BASE PRESUPUESTO'!O46*'PROGRAMA DE OBRA'!Z50+('BASE PRESUPUESTO'!P46+'BASE PRESUPUESTO'!Q46+'BASE PRESUPUESTO'!R46)*'PROGRAMA DE OBRA'!K50 -> 0 | L54: =SUM(F54:K54) -> 423869 | M54: =IF(E54=0,0,L54/E54) -> 1 | N54: ='BASE PRESUPUESTO'!O46*SUM('PROGRAMA DE OBRA'!U50:Z50) -> 134062.53 | O54: ='BASE PRESUPUESTO'!P46*SUM('PROGRAMA DE OBRA'!F50:K50) -> 282240.67 | P54: ='BASE PRESUPUESTO'!Q46*SUM('PROGRAMA DE OBRA'!F50:K50) -> 7565.7954 | Q54: ='BASE PRESUPUESTO'!R46*SUM('PROGRAMA DE OBRA'!F50:K50) -> 0 | R54: ITEM | S54: ACUEDUCTO SAN GERARDO ALTO
A55: ='BASE PRESUPUESTO'!C47 -> 2.8 | B55: ='BASE PRESUPUESTO'!D47 -> MURO LADRILLO SOGA LIMPIO 2C | C55: ='BASE PRESUPUESTO'!E47 -> M2 | D55: ='BASE PRESUPUESTO'!F47 -> 12.6 | E55: ='BASE PRESUPUESTO'!H47 -> 1475485 | F55: ='BASE PRESUPUESTO'!O47*'PROGRAMA DE OBRA'!U51+('BASE PRESUPUESTO'!P47+'BASE PRESUPUESTO'!Q47+'BASE PRESUPUESTO'!R47)*'PROGRAMA DE OBRA'!F51 -> 0 | G55: ='BASE PRESUPUESTO'!O47*'PROGRAMA DE OBRA'!V51+('BASE PRESUPUESTO'!P47+'BASE PRESUPUESTO'!Q47+'BASE PRESUPUESTO'!R47)*'PROGRAMA DE OBRA'!G51 -> 0 | H55: ='BASE PRESUPUESTO'!O47*'PROGRAMA DE OBRA'!W51+('BASE PRESUPUESTO'!P47+'BASE PRESUPUESTO'!Q47+'BASE PRESUPUESTO'!R47)*'PROGRAMA DE OBRA'!H51 -> 0 | I55: ='BASE PRESUPUESTO'!O47*'PROGRAMA DE OBRA'!X51+('BASE PRESUPUESTO'!P47+'BASE PRESUPUESTO'!Q47+'BASE PRESUPUESTO'!R47)*'PROGRAMA DE OBRA'!I51 -> 816437.83 | J55: ='BASE PRESUPUESTO'!O47*'PROGRAMA DE OBRA'!Y51+('BASE PRESUPUESTO'!P47+'BASE PRESUPUESTO'!Q47+'BASE PRESUPUESTO'!R47)*'PROGRAMA DE OBRA'!J51 -> 659047.17 | K55: ='BASE PRESUPUESTO'!O47*'PROGRAMA DE OBRA'!Z51+('BASE PRESUPUESTO'!P47+'BASE PRESUPUESTO'!Q47+'BASE PRESUPUESTO'!R47)*'PROGRAMA DE OBRA'!K51 -> 0 | L55: =SUM(F55:K55) -> 1475485 | M55: =IF(E55=0,0,L55/E55) -> 1 | N55: ='BASE PRESUPUESTO'!O47*SUM('PROGRAMA DE OBRA'!U51:Z51) -> 816437.83 | O55: ='BASE PRESUPUESTO'!P47*SUM('PROGRAMA DE OBRA'!F51:K51) -> 446723.49 | P55: ='BASE PRESUPUESTO'!Q47*SUM('PROGRAMA DE OBRA'!F51:K51) -> 212323.68 | Q55: ='BASE PRESUPUESTO'!R47*SUM('PROGRAMA DE OBRA'!F51:K51) -> 0 | R55: ITEM | S55: ACUEDUCTO SAN GERARDO ALTO
A56: ='BASE PRESUPUESTO'!C48 -> 2.9 | B56: ='BASE PRESUPUESTO'!D48 -> CINTA CONFINAMIENTO MURO | C56: ='BASE PRESUPUESTO'!E48 -> ML | D56: ='BASE PRESUPUESTO'!F48 -> 25.2 | E56: ='BASE PRESUPUESTO'!H48 -> 1358104 | F56: ='BASE PRESUPUESTO'!O48*'PROGRAMA DE OBRA'!U52+('BASE PRESUPUESTO'!P48+'BASE PRESUPUESTO'!Q48+'BASE PRESUPUESTO'!R48)*'PROGRAMA DE OBRA'!F52 -> 0 | G56: ='BASE PRESUPUESTO'!O48*'PROGRAMA DE OBRA'!V52+('BASE PRESUPUESTO'!P48+'BASE PRESUPUESTO'!Q48+'BASE PRESUPUESTO'!R48)*'PROGRAMA DE OBRA'!G52 -> 0 | H56: ='BASE PRESUPUESTO'!O48*'PROGRAMA DE OBRA'!W52+('BASE PRESUPUESTO'!P48+'BASE PRESUPUESTO'!Q48+'BASE PRESUPUESTO'!R48)*'PROGRAMA DE OBRA'!H52 -> 0 | I56: ='BASE PRESUPUESTO'!O48*'PROGRAMA DE OBRA'!X52+('BASE PRESUPUESTO'!P48+'BASE PRESUPUESTO'!Q48+'BASE PRESUPUESTO'!R48)*'PROGRAMA DE OBRA'!I52 -> 0 | J56: ='BASE PRESUPUESTO'!O48*'PROGRAMA DE OBRA'!Y52+('BASE PRESUPUESTO'!P48+'BASE PRESUPUESTO'!Q48+'BASE PRESUPUESTO'!R48)*'PROGRAMA DE OBRA'!J52 -> 272810.06 | K56: ='BASE PRESUPUESTO'!O48*'PROGRAMA DE OBRA'!Z52+('BASE PRESUPUESTO'!P48+'BASE PRESUPUESTO'!Q48+'BASE PRESUPUESTO'!R48)*'PROGRAMA DE OBRA'!K52 -> 1085293.9 | L56: =SUM(F56:K56) -> 1358104 | M56: =IF(E56=0,0,L56/E56) -> 1 | N56: ='BASE PRESUPUESTO'!O48*SUM('PROGRAMA DE OBRA'!U52:Z52) -> 272810.06 | O56: ='BASE PRESUPUESTO'!P48*SUM('PROGRAMA DE OBRA'!F52:K52) -> 1064590.1 | P56: ='BASE PRESUPUESTO'!Q48*SUM('PROGRAMA DE OBRA'!F52:K52) -> 20703.856 | Q56: ='BASE PRESUPUESTO'!R48*SUM('PROGRAMA DE OBRA'!F52:K52) -> 0 | R56: ITEM | S56: ACUEDUCTO SAN GERARDO ALTO
A57: ='BASE PRESUPUESTO'!C49 -> 2.10 | B57: ='BASE PRESUPUESTO'!D49 -> ACERO REFUERZO FLEJADO 60000 PSI 420 Mpa | C57: ='BASE PRESUPUESTO'!E49 -> KLS | D57: ='BASE PRESUPUESTO'!F49 -> 220 | E57: ='BASE PRESUPUESTO'!H49 -> 1341560 | F57: ='BASE PRESUPUESTO'!O49*'PROGRAMA DE OBRA'!U53+('BASE PRESUPUESTO'!P49+'BASE PRESUPUESTO'!Q49+'BASE PRESUPUESTO'!R49)*'PROGRAMA DE OBRA'!F53 -> 0 | G57: ='BASE PRESUPUESTO'!O49*'PROGRAMA DE OBRA'!V53+('BASE PRESUPUESTO'!P49+'BASE PRESUPUESTO'!Q49+'BASE PRESUPUESTO'!R49)*'PROGRAMA DE OBRA'!G53 -> 0 | H57: ='BASE PRESUPUESTO'!O49*'PROGRAMA DE OBRA'!W53+('BASE PRESUPUESTO'!P49+'BASE PRESUPUESTO'!Q49+'BASE PRESUPUESTO'!R49)*'PROGRAMA DE OBRA'!H53 -> 1083588.8 | I57: ='BASE PRESUPUESTO'!O49*'PROGRAMA DE OBRA'!X53+('BASE PRESUPUESTO'!P49+'BASE PRESUPUESTO'!Q49+'BASE PRESUPUESTO'!R49)*'PROGRAMA DE OBRA'!I53 -> 257971.15 | J57: ='BASE PRESUPUESTO'!O49*'PROGRAMA DE OBRA'!Y53+('BASE PRESUPUESTO'!P49+'BASE PRESUPUESTO'!Q49+'BASE PRESUPUESTO'!R49)*'PROGRAMA DE OBRA'!J53 -> 0 | K57: ='BASE PRESUPUESTO'!O49*'PROGRAMA DE OBRA'!Z53+('BASE PRESUPUESTO'!P49+'BASE PRESUPUESTO'!Q49+'BASE PRESUPUESTO'!R49)*'PROGRAMA DE OBRA'!K53 -> 0 | L57: =SUM(F57:K57) -> 1341560 | M57: =IF(E57=0,0,L57/E57) -> 1 | N57: ='BASE PRESUPUESTO'!O49*SUM('PROGRAMA DE OBRA'!U53:Z53) -> 1083588.8 | O57: ='BASE PRESUPUESTO'!P49*SUM('PROGRAMA DE OBRA'!F53:K53) -> 257971.15 | P57: ='BASE PRESUPUESTO'!Q49*SUM('PROGRAMA DE OBRA'!F53:K53) -> 0 | Q57: ='BASE PRESUPUESTO'!R49*SUM('PROGRAMA DE OBRA'!F53:K53) -> 0 | R57: ITEM | S57: ACUEDUCTO SAN GERARDO ALTO
... A68: ='BASE PRESUPUESTO'!C60 -> 2.21 | B68: ='BASE PRESUPUESTO'!D60 -> ACARREO MATERIALES TRACCION ANIMAL | C68: ='BASE PRESUPUESTO'!E60 -> C-KM | D68: ='BASE PRESUPUESTO'!F60 -> 110.67456 | E68: ='BASE PRESUPUESTO'!H60 -> 1035139 | F68: ='BASE PRESUPUESTO'!O60*'PROGRAMA DE OBRA'!U64+('BASE PRESUPUESTO'!P60+'BASE PRESUPUESTO'!Q60+'BASE PRESUPUESTO'!R60)*'PROGRAMA DE OBRA'!F64 -> 0 | G68: ='BASE PRESUPUESTO'!O60*'PROGRAMA DE OBRA'!V64+('BASE PRESUPUESTO'!P60+'BASE PRESUPUESTO'!Q60+'BASE PRESUPUESTO'!R60)*'PROGRAMA DE OBRA'!G64 -> 0 | H68: ='BASE PRESUPUESTO'!O60*'PROGRAMA DE OBRA'!W64+('BASE PRESUPUESTO'!P60+'BASE PRESUPUESTO'!Q60+'BASE PRESUPUESTO'!R60)*'PROGRAMA DE OBRA'!H64 -> 172523.17 | I68: ='BASE PRESUPUESTO'!O60*'PROGRAMA DE OBRA'!X64+('BASE PRESUPUESTO'!P60+'BASE PRESUPUESTO'!Q60+'BASE PRESUPUESTO'!R60)*'PROGRAMA DE OBRA'!I64 -> 172523.17 | J68: ='BASE PRESUPUESTO'!O60*'PROGRAMA DE OBRA'!Y64+('BASE PRESUPUESTO'!P60+'BASE PRESUPUESTO'!Q60+'BASE PRESUPUESTO'!R60)*'PROGRAMA DE OBRA'!J64 -> 172523.17 | K68: ='BASE PRESUPUESTO'!O60*'PROGRAMA DE OBRA'!Z64+('BASE PRESUPUESTO'!P60+'BASE PRESUPUESTO'!Q60+'BASE PRESUPUESTO'!R60)*'PROGRAMA DE OBRA'!K64 -> 172523.17 | L68: =SUM(F68:K68) -> 690092.67 | M68: =IF(E68=0,0,L68/E68) -> 0.66666667 | N68: ='BASE PRESUPUESTO'!O60*SUM('PROGRAMA DE OBRA'!U64:Z64) -> 0 | O68: ='BASE PRESUPUESTO'!P60*SUM('PROGRAMA DE OBRA'!F64:K64) -> 0 | P68: ='BASE PRESUPUESTO'!Q60*SUM('PROGRAMA DE OBRA'!F64:K64) -> 0 | Q68: ='BASE PRESUPUESTO'!R60*SUM('PROGRAMA DE OBRA'!F64:K64) -> 690092.67 | R68: ITEM | S68: ACUEDUCTO SAN GERARDO ALTO
A69: SUBTOTAL ACUEDUCTO SAN GERARDO ALTO | E69: =SUM(E46:E68) -> 34830919 | F69: =SUM(F46:F68) -> 0 | G69: =SUM(G46:G68) -> 11735.851 | H69: =SUM(H46:H68) -> 4555264 | I69: =SUM(I46:I68) -> 3296180.7 | J69: =SUM(J46:J68) -> 13057626 | K69: =SUM(K46:K68) -> 4336997.9 | L69: =SUM(L46:L68) -> 25257804 | M69: =IF(E69=0,0,L69/E69) -> 0.72515468 | N69: =SUM(N46:N68) -> 16108982 | O69: =SUM(O46:O68) -> 5521704 | P69: =SUM(P46:P68) -> 284743.01 | Q69: =SUM(Q46:Q68) -> 3342375 | R69: SUB
A71: ACUEDUCTO LIMONES
A72: ='BASE PRESUPUESTO'!C61 -> 1.1 | B72: ='BASE PRESUPUESTO'!D61 -> LOCALIZACION-REPLANTEO ACUEDUCTO-ALCANTARILLADO | C72: ='BASE PRESUPUESTO'!E61 -> ML | D72: ='BASE PRESUPUESTO'!F61 -> 500 | E72: ='BASE PRESUPUESTO'!H61 -> 1353500 | F72: ='BASE PRESUPUESTO'!O61*'PROGRAMA DE OBRA'!U66+('BASE PRESUPUESTO'!P61+'BASE PRESUPUESTO'!Q61+'BASE PRESUPUESTO'!R61)*'PROGRAMA DE OBRA'!F66 -> 1353500 | G72: ='BASE PRESUPUESTO'!O61*'PROGRAMA DE OBRA'!V66+('BASE PRESUPUESTO'!P61+'BASE PRESUPUESTO'!Q61+'BASE PRESUPUESTO'!R61)*'PROGRAMA DE OBRA'!G66 -> 0 | H72: ='BASE PRESUPUESTO'!O61*'PROGRAMA DE OBRA'!W66+('BASE PRESUPUESTO'!P61+'BASE PRESUPUESTO'!Q61+'BASE PRESUPUESTO'!R61)*'PROGRAMA DE OBRA'!H66 -> 0 | I72: ='BASE PRESUPUESTO'!O61*'PROGRAMA DE OBRA'!X66+('BASE PRESUPUESTO'!P61+'BASE PRESUPUESTO'!Q61+'BASE PRESUPUESTO'!R61)*'PROGRAMA DE OBRA'!I66 -> 0 | J72: ='BASE PRESUPUESTO'!O61*'PROGRAMA DE OBRA'!Y66+('BASE PRESUPUESTO'!P61+'BASE PRESUPUESTO'!Q61+'BASE PRESUPUESTO'!R61)*'PROGRAMA DE OBRA'!J66 -> 0 | K72: ='BASE PRESUPUESTO'!O61*'PROGRAMA DE OBRA'!Z66+('BASE PRESUPUESTO'!P61+'BASE PRESUPUESTO'!Q61+'BASE PRESUPUESTO'!R61)*'PROGRAMA DE OBRA'!K66 -> 0 | L72: =SUM(F72:K72) -> 1353500 | M72: =IF(E72=0,0,L72/E72) -> 1 | N72: ='BASE PRESUPUESTO'!O61*SUM('PROGRAMA DE OBRA'!U66:Z66) -> 223013.18 | O72: ='BASE PRESUPUESTO'!P61*SUM('PROGRAMA DE OBRA'!F66:K66) -> 950476.18 | P72: ='BASE PRESUPUESTO'!Q61*SUM('PROGRAMA DE OBRA'!F66:K66) -> 180010.64 | Q72: ='BASE PRESUPUESTO'!R61*SUM('PROGRAMA DE OBRA'!F66:K66) -> 0 | R72: ITEM | S72: ACUEDUCTO LIMONES
A73: ='BASE PRESUPUESTO'!C62 -> 1.2 | B73: ='BASE PRESUPUESTO'!D62 -> BODEGAJE | C73: ='BASE PRESUPUESTO'!E62 -> MES | D73: ='BASE PRESUPUESTO'!F62 -> 3 | E73: ='BASE PRESUPUESTO'!H62 -> 563004 | F73: ='BASE PRESUPUESTO'!O62*'PROGRAMA DE OBRA'!U67+('BASE PRESUPUESTO'!P62+'BASE PRESUPUESTO'!Q62+'BASE PRESUPUESTO'!R62)*'PROGRAMA DE OBRA'!F67 -> 46917 | G73: ='BASE PRESUPUESTO'!O62*'PROGRAMA DE OBRA'!V67+('BASE PRESUPUESTO'!P62+'BASE PRESUPUESTO'!Q62+'BASE PRESUPUESTO'!R62)*'PROGRAMA DE OBRA'!G67 -> 46917 | H73: ='BASE PRESUPUESTO'!O62*'PROGRAMA DE OBRA'!W67+('BASE PRESUPUESTO'!P62+'BASE PRESUPUESTO'!Q62+'BASE PRESUPUESTO'!R62)*'PROGRAMA DE OBRA'!H67 -> 46917 | I73: ='BASE PRESUPUESTO'!O62*'PROGRAMA DE OBRA'!X67+('BASE PRESUPUESTO'!P62+'BASE PRESUPUESTO'!Q62+'BASE PRESUPUESTO'!R62)*'PROGRAMA DE OBRA'!I67 -> 46917 | J73: ='BASE PRESUPUESTO'!O62*'PROGRAMA DE OBRA'!Y67+('BASE PRESUPUESTO'!P62+'BASE PRESUPUESTO'!Q62+'BASE PRESUPUESTO'!R62)*'PROGRAMA DE OBRA'!J67 -> 46917 | K73: ='BASE PRESUPUESTO'!O62*'PROGRAMA DE OBRA'!Z67+('BASE PRESUPUESTO'!P62+'BASE PRESUPUESTO'!Q62+'BASE PRESUPUESTO'!R62)*'PROGRAMA DE OBRA'!K67 -> 46917 | L73: =SUM(F73:K73) -> 281502 | M73: =IF(E73=0,0,L73/E73) -> 0.5 | N73: ='BASE PRESUPUESTO'!O62*SUM('PROGRAMA DE OBRA'!U67:Z67) -> 0 | O73: ='BASE PRESUPUESTO'!P62*SUM('PROGRAMA DE OBRA'!F67:K67) -> 0 | P73: ='BASE PRESUPUESTO'!Q62*SUM('PROGRAMA DE OBRA'!F67:K67) -> 0 | Q73: ='BASE PRESUPUESTO'!R62*SUM('PROGRAMA DE OBRA'!F67:K67) -> 281502 | R73: ITEM | S73: ACUEDUCTO LIMONES
A74: ='BASE PRESUPUESTO'!C63 -> 1.3 | B74: ='BASE PRESUPUESTO'!D63 -> EXCAVACION EN CONGLOMERADO (MANUAL) | C74: ='BASE PRESUPUESTO'!E63 -> M3 | D74: ='BASE PRESUPUESTO'!F63 -> 60 | E74: ='BASE PRESUPUESTO'!H63 -> 2806500 | F74: ='BASE PRESUPUESTO'!O63*'PROGRAMA DE OBRA'!U68+('BASE PRESUPUESTO'!P63+'BASE PRESUPUESTO'!Q63+'BASE PRESUPUESTO'!R63)*'PROGRAMA DE OBRA'!F68 -> 935500 | G74: ='BASE PRESUPUESTO'!O63*'PROGRAMA DE OBRA'!V68+('BASE PRESUPUESTO'!P63+'BASE PRESUPUESTO'!Q63+'BASE PRESUPUESTO'!R63)*'PROGRAMA DE OBRA'!G68 -> 935500 | H74: ='BASE PRESUPUESTO'!O63*'PROGRAMA DE OBRA'!W68+('BASE PRESUPUESTO'!P63+'BASE PRESUPUESTO'!Q63+'BASE PRESUPUESTO'!R63)*'PROGRAMA DE OBRA'!H68 -> 935500 | I74: ='BASE PRESUPUESTO'!O63*'PROGRAMA DE OBRA'!X68+('BASE PRESUPUESTO'!P63+'BASE PRESUPUESTO'!Q63+'BASE PRESUPUESTO'!R63)*'PROGRAMA DE OBRA'!I68 -> 0 | J74: ='BASE PRESUPUESTO'!O63*'PROGRAMA DE OBRA'!Y68+('BASE PRESUPUESTO'!P63+'BASE PRESUPUESTO'!Q63+'BASE PRESUPUESTO'!R63)*'PROGRAMA DE OBRA'!J68 -> 0 | K74: ='BASE PRESUPUESTO'!O63*'PROGRAMA DE OBRA'!Z68+('BASE PRESUPUESTO'!P63+'BASE PRESUPUESTO'!Q63+'BASE PRESUPUESTO'!R63)*'PROGRAMA DE OBRA'!K68 -> 0 | L74: =SUM(F74:K74) -> 2806500 | M74: =IF(E74=0,0,L74/E74) -> 1 | N74: ='BASE PRESUPUESTO'!O63*SUM('PROGRAMA DE OBRA'!U68:Z68) -> 0 | O74: ='BASE PRESUPUESTO'!P63*SUM('PROGRAMA DE OBRA'!F68:K68) -> 2711637.4 | P74: ='BASE PRESUPUESTO'!Q63*SUM('PROGRAMA DE OBRA'!F68:K68) -> 94862.644 | Q74: ='BASE PRESUPUESTO'!R63*SUM('PROGRAMA DE OBRA'!F68:K68) -> 0 | R74: ITEM | S74: ACUEDUCTO LIMONES
A75: ='BASE PRESUPUESTO'!C64 -> 2.1 | B75: ='BASE PRESUPUESTO'!D64 -> DESVIACION CAUCE ANCHOS ENTRE 0 Y 1 ML | C75: ='BASE PRESUPUESTO'!E64 -> ML | D75: ='BASE PRESUPUESTO'!F64 -> 1 | E75: ='BASE PRESUPUESTO'!H64 -> 187059 | F75: ='BASE PRESUPUESTO'!O64*'PROGRAMA DE OBRA'!U69+('BASE PRESUPUESTO'!P64+'BASE PRESUPUESTO'!Q64+'BASE PRESUPUESTO'!R64)*'PROGRAMA DE OBRA'!F69 -> 0 | G75: ='BASE PRESUPUESTO'!O64*'PROGRAMA DE OBRA'!V69+('BASE PRESUPUESTO'!P64+'BASE PRESUPUESTO'!Q64+'BASE PRESUPUESTO'!R64)*'PROGRAMA DE OBRA'!G69 -> 187059 | H75: ='BASE PRESUPUESTO'!O64*'PROGRAMA DE OBRA'!W69+('BASE PRESUPUESTO'!P64+'BASE PRESUPUESTO'!Q64+'BASE PRESUPUESTO'!R64)*'PROGRAMA DE OBRA'!H69 -> 0 | I75: ='BASE PRESUPUESTO'!O64*'PROGRAMA DE OBRA'!X69+('BASE PRESUPUESTO'!P64+'BASE PRESUPUESTO'!Q64+'BASE PRESUPUESTO'!R64)*'PROGRAMA DE OBRA'!I69 -> 0 | J75: ='BASE PRESUPUESTO'!O64*'PROGRAMA DE OBRA'!Y69+('BASE PRESUPUESTO'!P64+'BASE PRESUPUESTO'!Q64+'BASE PRESUPUESTO'!R64)*'PROGRAMA DE OBRA'!J69 -> 0 | K75: ='BASE PRESUPUESTO'!O64*'PROGRAMA DE OBRA'!Z69+('BASE PRESUPUESTO'!P64+'BASE PRESUPUESTO'!Q64+'BASE PRESUPUESTO'!R64)*'PROGRAMA DE OBRA'!K69 -> 0 | L75: =SUM(F75:K75) -> 187059 | M75: =IF(E75=0,0,L75/E75) -> 1 | N75: ='BASE PRESUPUESTO'!O64*SUM('PROGRAMA DE OBRA'!U69:Z69) -> 0 | O75: ='BASE PRESUPUESTO'!P64*SUM('PROGRAMA DE OBRA'!F69:K69) -> 185192.34 | P75: ='BASE PRESUPUESTO'!Q64*SUM('PROGRAMA DE OBRA'!F69:K69) -> 1866.6641 | Q75: ='BASE PRESUPUESTO'!R64*SUM('PROGRAMA DE OBRA'!F69:K69) -> 0 | R75: ITEM | S75: ACUEDUCTO LIMONES
A76: ='BASE PRESUPUESTO'!C65 -> 2.2 | B76: ='BASE PRESUPUESTO'!D65 -> REJILLA HIERRO D-1/2" E=1/2" 0.8x0.40 MTS | C76: ='BASE PRESUPUESTO'!E65 -> UND | D76: ='BASE PRESUPUESTO'!F65 -> 1 | E76: ='BASE PRESUPUESTO'!H65 -> 135450 | F76: ='BASE PRESUPUESTO'!O65*'PROGRAMA DE OBRA'!U70+('BASE PRESUPUESTO'!P65+'BASE PRESUPUESTO'!Q65+'BASE PRESUPUESTO'!R65)*'PROGRAMA DE OBRA'!F70 -> 0 | G76: ='BASE PRESUPUESTO'!O65*'PROGRAMA DE OBRA'!V70+('BASE PRESUPUESTO'!P65+'BASE PRESUPUESTO'!Q65+'BASE PRESUPUESTO'!R65)*'PROGRAMA DE OBRA'!G70 -> 100095.09 | H76: ='BASE PRESUPUESTO'!O65*'PROGRAMA DE OBRA'!W70+('BASE PRESUPUESTO'!P65+'BASE PRESUPUESTO'!Q65+'BASE PRESUPUESTO'!R65)*'PROGRAMA DE OBRA'!H70 -> 35354.909 | I76: ='BASE PRESUPUESTO'!O65*'PROGRAMA DE OBRA'!X70+('BASE PRESUPUESTO'!P65+'BASE PRESUPUESTO'!Q65+'BASE PRESUPUESTO'!R65)*'PROGRAMA DE OBRA'!I70 -> 0 | J76: ='BASE PRESUPUESTO'!O65*'PROGRAMA DE OBRA'!Y70+('BASE PRESUPUESTO'!P65+'BASE PRESUPUESTO'!Q65+'BASE PRESUPUESTO'!R65)*'PROGRAMA DE OBRA'!J70 -> 0 | K76: ='BASE PRESUPUESTO'!O65*'PROGRAMA DE OBRA'!Z70+('BASE PRESUPUESTO'!P65+'BASE PRESUPUESTO'!Q65+'BASE PRESUPUESTO'!R65)*'PROGRAMA DE OBRA'!K70 -> 0 | L76: =SUM(F76:K76) -> 135450 | M76: =IF(E76=0,0,L76/E76) -> 1 | N76: ='BASE PRESUPUESTO'!O65*SUM('PROGRAMA DE OBRA'!U70:Z70) -> 100095.09 | O76: ='BASE PRESUPUESTO'!P65*SUM('PROGRAMA DE OBRA'!F70:K70) -> 34883.139 | P76: ='BASE PRESUPUESTO'!Q65*SUM('PROGRAMA DE OBRA'!F70:K70) -> 471.77041 | Q76: ='BASE PRESUPUESTO'!R65*SUM('PROGRAMA DE OBRA'!F70:K70) -> 0 | R76: ITEM | S76: ACUEDUCTO LIMONES
A77: ='BASE PRESUPUESTO'!C66 -> 2.3 | B77: ='BASE PRESUPUESTO'!D66 -> LOSA DE PISO EN CONCRETO REFORZADO 3,000 PSI - DESARENADOR | C77: ='BASE PRESUPUESTO'!E66 -> M2 | D77: ='BASE PRESUPUESTO'!F66 -> 9.54 | E77: ='BASE PRESUPUESTO'!H66 -> 1753473 | F77: ='BASE PRESUPUESTO'!O66*'PROGRAMA DE OBRA'!U71+('BASE PRESUPUESTO'!P66+'BASE PRESUPUESTO'!Q66+'BASE PRESUPUESTO'!R66)*'PROGRAMA DE OBRA'!F71 -> 0 | G77: ='BASE PRESUPUESTO'!O66*'PROGRAMA DE OBRA'!V71+('BASE PRESUPUESTO'!P66+'BASE PRESUPUESTO'!Q66+'BASE PRESUPUESTO'!R66)*'PROGRAMA DE OBRA'!G71 -> 997552.14 | H77: ='BASE PRESUPUESTO'!O66*'PROGRAMA DE OBRA'!W71+('BASE PRESUPUESTO'!P66+'BASE PRESUPUESTO'!Q66+'BASE PRESUPUESTO'!R66)*'PROGRAMA DE OBRA'!H71 -> 755920.86 | I77: ='BASE PRESUPUESTO'!O66*'PROGRAMA DE OBRA'!X71+('BASE PRESUPUESTO'!P66+'BASE PRESUPUESTO'!Q66+'BASE PRESUPUESTO'!R66)*'PROGRAMA DE OBRA'!I71 -> 0 | J77: ='BASE PRESUPUESTO'!O66*'PROGRAMA DE OBRA'!Y71+('BASE PRESUPUESTO'!P66+'BASE PRESUPUESTO'!Q66+'BASE PRESUPUESTO'!R66)*'PROGRAMA DE OBRA'!J71 -> 0 | K77: ='BASE PRESUPUESTO'!O66*'PROGRAMA DE OBRA'!Z71+('BASE PRESUPUESTO'!P66+'BASE PRESUPUESTO'!Q66+'BASE PRESUPUESTO'!R66)*'PROGRAMA DE OBRA'!K71 -> 0 | L77: =SUM(F77:K77) -> 1753473 | M77: =IF(E77=0,0,L77/E77) -> 1 | N77: ='BASE PRESUPUESTO'!O66*SUM('PROGRAMA DE OBRA'!U71:Z71) -> 997552.14 | O77: ='BASE PRESUPUESTO'!P66*SUM('PROGRAMA DE OBRA'!F71:K71) -> 739798.26 | P77: ='BASE PRESUPUESTO'!Q66*SUM('PROGRAMA DE OBRA'!F71:K71) -> 16122.597 | Q77: ='BASE PRESUPUESTO'!R66*SUM('PROGRAMA DE OBRA'!F71:K71) -> 0 | R77: ITEM | S77: ACUEDUCTO LIMONES
A78: ='BASE PRESUPUESTO'!C67 -> 2.4 | B78: ='BASE PRESUPUESTO'!D67 -> MUROS EN CONCRETO REFORZADO DE 3,000 PSI - DESARENADOR | C78: ='BASE PRESUPUESTO'!E67 -> M3 | D78: ='BASE PRESUPUESTO'!F67 -> 2.703 | E78: ='BASE PRESUPUESTO'!H67 -> 2943663 | F78: ='BASE PRESUPUESTO'!O67*'PROGRAMA DE OBRA'!U72+('BASE PRESUPUESTO'!P67+'BASE PRESUPUESTO'!Q67+'BASE PRESUPUESTO'!R67)*'PROGRAMA DE OBRA'!F72 -> 0 | G78: ='BASE PRESUPUESTO'!O67*'PROGRAMA DE OBRA'!V72+('BASE PRESUPUESTO'!P67+'BASE PRESUPUESTO'!Q67+'BASE PRESUPUESTO'!R67)*'PROGRAMA DE OBRA'!G72 -> 0 | H78: ='BASE PRESUPUESTO'!O67*'PROGRAMA DE OBRA'!W72+('BASE PRESUPUESTO'!P67+'BASE PRESUPUESTO'!Q67+'BASE PRESUPUESTO'!R67)*'PROGRAMA DE OBRA'!H72 -> 1699001.7 | I78: ='BASE PRESUPUESTO'!O67*'PROGRAMA DE OBRA'!X72+('BASE PRESUPUESTO'!P67+'BASE PRESUPUESTO'!Q67+'BASE PRESUPUESTO'!R67)*'PROGRAMA DE OBRA'!I72 -> 622330.64 | J78: ='BASE PRESUPUESTO'!O67*'PROGRAMA DE OBRA'!Y72+('BASE PRESUPUESTO'!P67+'BASE PRESUPUESTO'!Q67+'BASE PRESUPUESTO'!R67)*'PROGRAMA DE OBRA'!J72 -> 622330.64 | K78: ='BASE PRESUPUESTO'!O67*'PROGRAMA DE OBRA'!Z72+('BASE PRESUPUESTO'!P67+'BASE PRESUPUESTO'!Q67+'BASE PRESUPUESTO'!R67)*'PROGRAMA DE OBRA'!K72 -> 0 | L78: =SUM(F78:K78) -> 2943663 | M78: =IF(E78=0,0,L78/E78) -> 1 | N78: ='BASE PRESUPUESTO'!O67*SUM('PROGRAMA DE OBRA'!U72:Z72) -> 1699001.7 | O78: ='BASE PRESUPUESTO'!P67*SUM('PROGRAMA DE OBRA'!F72:K72) -> 1230957.1 | P78: ='BASE PRESUPUESTO'!Q67*SUM('PROGRAMA DE OBRA'!F72:K72) -> 13704.211 | Q78: ='BASE PRESUPUESTO'!R67*SUM('PROGRAMA DE OBRA'!F72:K72) -> 0 | R78: ITEM | S78: ACUEDUCTO LIMONES
A79: ='BASE PRESUPUESTO'!C68 -> 2.5 | B79: ='BASE PRESUPUESTO'!D68 -> LOSA DE CUBIERTA EN CONCRETO REFORZADO DE 3,000 PSI - DESARENADOR | C79: ='BASE PRESUPUESTO'!E68 -> M2 | D79: ='BASE PRESUPUESTO'!F68 -> 9.54 | E79: ='BASE PRESUPUESTO'!H68 -> 2107262 | F79: ='BASE PRESUPUESTO'!O68*'PROGRAMA DE OBRA'!U73+('BASE PRESUPUESTO'!P68+'BASE PRESUPUESTO'!Q68+'BASE PRESUPUESTO'!R68)*'PROGRAMA DE OBRA'!F73 -> 0 | G79: ='BASE PRESUPUESTO'!O68*'PROGRAMA DE OBRA'!V73+('BASE PRESUPUESTO'!P68+'BASE PRESUPUESTO'!Q68+'BASE PRESUPUESTO'!R68)*'PROGRAMA DE OBRA'!G73 -> 0 | H79: ='BASE PRESUPUESTO'!O68*'PROGRAMA DE OBRA'!W73+('BASE PRESUPUESTO'!P68+'BASE PRESUPUESTO'!Q68+'BASE PRESUPUESTO'!R68)*'PROGRAMA DE OBRA'!H73 -> 0 | I79: ='BASE PRESUPUESTO'!O68*'PROGRAMA DE OBRA'!X73+('BASE PRESUPUESTO'!P68+'BASE PRESUPUESTO'!Q68+'BASE PRESUPUESTO'!R68)*'PROGRAMA DE OBRA'!I73 -> 0 | J79: ='BASE PRESUPUESTO'!O68*'PROGRAMA DE OBRA'!Y73+('BASE PRESUPUESTO'!P68+'BASE PRESUPUESTO'!Q68+'BASE PRESUPUESTO'!R68)*'PROGRAMA DE OBRA'!J73 -> 910764.95 | K79: ='BASE PRESUPUESTO'!O68*'PROGRAMA DE OBRA'!Z73+('BASE PRESUPUESTO'!P68+'BASE PRESUPUESTO'!Q68+'BASE PRESUPUESTO'!R68)*'PROGRAMA DE OBRA'!K73 -> 1196497.1 | L79: =SUM(F79:K79) -> 2107262 | M79: =IF(E79=0,0,L79/E79) -> 1 | N79: ='BASE PRESUPUESTO'!O68*SUM('PROGRAMA DE OBRA'!U73:Z73) -> 910764.95 | O79: ='BASE PRESUPUESTO'!P68*SUM('PROGRAMA DE OBRA'!F73:K73) -> 1180374.5 | P79: ='BASE PRESUPUESTO'!Q68*SUM('PROGRAMA DE OBRA'!F73:K73) -> 16122.597 | Q79: ='BASE PRESUPUESTO'!R68*SUM('PROGRAMA DE OBRA'!F73:K73) -> 0 | R79: ITEM | S79: ACUEDUCTO LIMONES
A80: ='BASE PRESUPUESTO'!C69 -> 2.6 | B80: ='BASE PRESUPUESTO'!D69 -> TAPAS PLASTICA | C80: ='BASE PRESUPUESTO'!E69 -> UND | D80: ='BASE PRESUPUESTO'!F69 -> 3 | E80: ='BASE PRESUPUESTO'!H69 -> 750000 | F80: ='BASE PRESUPUESTO'!O69*'PROGRAMA DE OBRA'!U74+('BASE PRESUPUESTO'!P69+'BASE PRESUPUESTO'!Q69+'BASE PRESUPUESTO'!R69)*'PROGRAMA DE OBRA'!F74 -> 0 | G80: ='BASE PRESUPUESTO'!O69*'PROGRAMA DE OBRA'!V74+('BASE PRESUPUESTO'!P69+'BASE PRESUPUESTO'!Q69+'BASE PRESUPUESTO'!R69)*'PROGRAMA DE OBRA'!G74 -> 0 | H80: ='BASE PRESUPUESTO'!O69*'PROGRAMA DE OBRA'!W74+('BASE PRESUPUESTO'!P69+'BASE PRESUPUESTO'!Q69+'BASE PRESUPUESTO'!R69)*'PROGRAMA DE OBRA'!H74 -> 0 | I80: ='BASE PRESUPUESTO'!O69*'PROGRAMA DE OBRA'!X74+('BASE PRESUPUESTO'!P69+'BASE PRESUPUESTO'!Q69+'BASE PRESUPUESTO'!R69)*'PROGRAMA DE OBRA'!I74 -> 0 | J80: ='BASE PRESUPUESTO'!O69*'PROGRAMA DE OBRA'!Y74+('BASE PRESUPUESTO'!P69+'BASE PRESUPUESTO'!Q69+'BASE PRESUPUESTO'!R69)*'PROGRAMA DE OBRA'!J74 -> 0 | K80: ='BASE PRESUPUESTO'!O69*'PROGRAMA DE OBRA'!Z74+('BASE PRESUPUESTO'!P69+'BASE PRESUPUESTO'!Q69+'BASE PRESUPUESTO'!R69)*'PROGRAMA DE OBRA'!K74 -> 692417.2 | L80: =SUM(F80:K80) -> 692417.2 | M80: =IF(E80=0,0,L80/E80) -> 0.92322293 | N80: ='BASE PRESUPUESTO'!O69*SUM('PROGRAMA DE OBRA'!U74:Z74) -> 692417.2 | O80: ='BASE PRESUPUESTO'!P69*SUM('PROGRAMA DE OBRA'!F74:K74) -> 0 | P80: ='BASE PRESUPUESTO'!Q69*SUM('PROGRAMA DE OBRA'!F74:K74) -> 0 | Q80: ='BASE PRESUPUESTO'!R69*SUM('PROGRAMA DE OBRA'!F74:K74) -> 0 | R80: ITEM | S80: ACUEDUCTO LIMONES
A81: ='BASE PRESUPUESTO'!C70 -> 2.7 | B81: ='BASE PRESUPUESTO'!D70 -> ACERO REFUERZO FLEJADO 60000 PSI 420 Mpa | C81: ='BASE PRESUPUESTO'!E70 -> KG | D81: ='BASE PRESUPUESTO'!F70 -> 527.58 | E81: ='BASE PRESUPUESTO'!H70 -> 3217183 | F81: ='BASE PRESUPUESTO'!O70*'PROGRAMA DE OBRA'!U75+('BASE PRESUPUESTO'!P70+'BASE PRESUPUESTO'!Q70+'BASE PRESUPUESTO'!R70)*'PROGRAMA DE OBRA'!F75 -> 0 | G81: ='BASE PRESUPUESTO'!O70*'PROGRAMA DE OBRA'!V75+('BASE PRESUPUESTO'!P70+'BASE PRESUPUESTO'!Q70+'BASE PRESUPUESTO'!R70)*'PROGRAMA DE OBRA'!G75 -> 2598544.7 | H81: ='BASE PRESUPUESTO'!O70*'PROGRAMA DE OBRA'!W75+('BASE PRESUPUESTO'!P70+'BASE PRESUPUESTO'!Q70+'BASE PRESUPUESTO'!R70)*'PROGRAMA DE OBRA'!H75 -> 309319.15 | I81: ='BASE PRESUPUESTO'!O70*'PROGRAMA DE OBRA'!X75+('BASE PRESUPUESTO'!P70+'BASE PRESUPUESTO'!Q70+'BASE PRESUPUESTO'!R70)*'PROGRAMA DE OBRA'!I75 -> 309319.15 | J81: ='BASE PRESUPUESTO'!O70*'PROGRAMA DE OBRA'!Y75+('BASE PRESUPUESTO'!P70+'BASE PRESUPUESTO'!Q70+'BASE PRESUPUESTO'!R70)*'PROGRAMA DE OBRA'!J75 -> 0 | K81: ='BASE PRESUPUESTO'!O70*'PROGRAMA DE OBRA'!Z75+('BASE PRESUPUESTO'!P70+'BASE PRESUPUESTO'!Q70+'BASE PRESUPUESTO'!R70)*'PROGRAMA DE OBRA'!K75 -> 0 | L81: =SUM(F81:K81) -> 3217183 | M81: =IF(E81=0,0,L81/E81) -> 1 | N81: ='BASE PRESUPUESTO'!O70*SUM('PROGRAMA DE OBRA'!U75:Z75) -> 2598544.7 | O81: ='BASE PRESUPUESTO'!P70*SUM('PROGRAMA DE OBRA'!F75:K75) -> 618638.31 | P81: ='BASE PRESUPUESTO'!Q70*SUM('PROGRAMA DE OBRA'!F75:K75) -> 0 | Q81: ='BASE PRESUPUESTO'!R70*SUM('PROGRAMA DE OBRA'!F75:K75) -> 0 | R81: ITEM | S81: ACUEDUCTO LIMONES
A82: ='BASE PRESUPUESTO'!C71 -> 2.8 | B82: ='BASE PRESUPUESTO'!D71 -> VALVULAS DE CIERRE, LAVADO Y BY-PASS EN 1/2" | C82: ='BASE PRESUPUESTO'!E71 -> GLB | D82: ='BASE PRESUPUESTO'!F71 -> 1 | E82: ='BASE PRESUPUESTO'!H71 -> 1417833 | F82: ='BASE PRESUPUESTO'!O71*'PROGRAMA DE OBRA'!U76+('BASE PRESUPUESTO'!P71+'BASE PRESUPUESTO'!Q71+'BASE PRESUPUESTO'!R71)*'PROGRAMA DE OBRA'!F76 -> 0 | G82: ='BASE PRESUPUESTO'!O71*'PROGRAMA DE OBRA'!V76+('BASE PRESUPUESTO'!P71+'BASE PRESUPUESTO'!Q71+'BASE PRESUPUESTO'!R71)*'PROGRAMA DE OBRA'!G76 -> 0 | H82: ='BASE PRESUPUESTO'!O71*'PROGRAMA DE OBRA'!W76+('BASE PRESUPUESTO'!P71+'BASE PRESUPUESTO'!Q71+'BASE PRESUPUESTO'!R71)*'PROGRAMA DE OBRA'!H76 -> 0 | I82: ='BASE PRESUPUESTO'!O71*'PROGRAMA DE OBRA'!X76+('BASE PRESUPUESTO'!P71+'BASE PRESUPUESTO'!Q71+'BASE PRESUPUESTO'!R71)*'PROGRAMA DE OBRA'!I76 -> 0 | J82: ='BASE PRESUPUESTO'!O71*'PROGRAMA DE OBRA'!Y76+('BASE PRESUPUESTO'!P71+'BASE PRESUPUESTO'!Q71+'BASE PRESUPUESTO'!R71)*'PROGRAMA DE OBRA'!J76 -> 0 | K82: ='BASE PRESUPUESTO'!O71*'PROGRAMA DE OBRA'!Z76+('BASE PRESUPUESTO'!P71+'BASE PRESUPUESTO'!Q71+'BASE PRESUPUESTO'!R71)*'PROGRAMA DE OBRA'!K76 -> 470123.26 | L82: =SUM(F82:K82) -> 470123.26 | M82: =IF(E82=0,0,L82/E82) -> 0.33157873 | N82: ='BASE PRESUPUESTO'!O71*SUM('PROGRAMA DE OBRA'!U76:Z76) -> 470123.26 | O82: ='BASE PRESUPUESTO'!P71*SUM('PROGRAMA DE OBRA'!F76:K76) -> 0 | P82: ='BASE PRESUPUESTO'!Q71*SUM('PROGRAMA DE OBRA'!F76:K76) -> 0 | Q82: ='BASE PRESUPUESTO'!R71*SUM('PROGRAMA DE OBRA'!F76:K76) -> 0 | R82: ITEM | S82: ACUEDUCTO LIMONES
A83: ='BASE PRESUPUESTO'!C72 -> 2.9 | B83: ='BASE PRESUPUESTO'!D72 -> COLCHON ARENA GRUESA E=5-7CM | C83: ='BASE PRESUPUESTO'!E72 -> M3 | D83: ='BASE PRESUPUESTO'!F72 -> 7 | E83: ='BASE PRESUPUESTO'!H72 -> 509334 | F83: ='BASE PRESUPUESTO'!O72*'PROGRAMA DE OBRA'!U77+('BASE PRESUPUESTO'!P72+'BASE PRESUPUESTO'!Q72+'BASE PRESUPUESTO'!R72)*'PROGRAMA DE OBRA'!F77 -> 0 | G83: ='BASE PRESUPUESTO'!O72*'PROGRAMA DE OBRA'!V77+('BASE PRESUPUESTO'!P72+'BASE PRESUPUESTO'!Q72+'BASE PRESUPUESTO'!R72)*'PROGRAMA DE OBRA'!G77 -> 0 | H83: ='BASE PRESUPUESTO'!O72*'PROGRAMA DE OBRA'!W77+('BASE PRESUPUESTO'!P72+'BASE PRESUPUESTO'!Q72+'BASE PRESUPUESTO'!R72)*'PROGRAMA DE OBRA'!H77 -> 0 | I83: ='BASE PRESUPUESTO'!O72*'PROGRAMA DE OBRA'!X77+('BASE PRESUPUESTO'!P72+'BASE PRESUPUESTO'!Q72+'BASE PRESUPUESTO'!R72)*'PROGRAMA DE OBRA'!I77 -> 0 | J83: ='BASE PRESUPUESTO'!O72*'PROGRAMA DE OBRA'!Y77+('BASE PRESUPUESTO'!P72+'BASE PRESUPUESTO'!Q72+'BASE PRESUPUESTO'!R72)*'PROGRAMA DE OBRA'!J77 -> 0 | K83: ='BASE PRESUPUESTO'!O72*'PROGRAMA DE OBRA'!Z77+('BASE PRESUPUESTO'!P72+'BASE PRESUPUESTO'!Q72+'BASE PRESUPUESTO'!R72)*'PROGRAMA DE OBRA'!K77 -> 458863.88 | L83: =SUM(F83:K83) -> 458863.88 | M83: =IF(E83=0,0,L83/E83) -> 0.90090957 | N83: ='BASE PRESUPUESTO'!O72*SUM('PROGRAMA DE OBRA'!U77:Z77) -> 458863.88 | O83: ='BASE PRESUPUESTO'!P72*SUM('PROGRAMA DE OBRA'!F77:K77) -> 0 | P83: ='BASE PRESUPUESTO'!Q72*SUM('PROGRAMA DE OBRA'!F77:K77) -> 0 | Q83: ='BASE PRESUPUESTO'!R72*SUM('PROGRAMA DE OBRA'!F77:K77) -> 0 | R83: ITEM | S83: ACUEDUCTO LIMONES
... A91: ='BASE PRESUPUESTO'!C80 -> 2.17 | B91: ='BASE PRESUPUESTO'!D80 -> ACARREO MATERIALES CAMPERO-CAMIONETA | C91: ='BASE PRESUPUESTO'!E80 -> M3-KM | D91: ='BASE PRESUPUESTO'!F80 -> 181.10054 | E91: ='BASE PRESUPUESTO'!H80 -> 2370968 | F91: ='BASE PRESUPUESTO'!O80*'PROGRAMA DE OBRA'!U85+('BASE PRESUPUESTO'!P80+'BASE PRESUPUESTO'!Q80+'BASE PRESUPUESTO'!R80)*'PROGRAMA DE OBRA'!F85 -> 237096.8 | G91: ='BASE PRESUPUESTO'!O80*'PROGRAMA DE OBRA'!V85+('BASE PRESUPUESTO'!P80+'BASE PRESUPUESTO'!Q80+'BASE PRESUPUESTO'!R80)*'PROGRAMA DE OBRA'!G85 -> 237096.8 | H91: ='BASE PRESUPUESTO'!O80*'PROGRAMA DE OBRA'!W85+('BASE PRESUPUESTO'!P80+'BASE PRESUPUESTO'!Q80+'BASE PRESUPUESTO'!R80)*'PROGRAMA DE OBRA'!H85 -> 237096.8 | I91: ='BASE PRESUPUESTO'!O80*'PROGRAMA DE OBRA'!X85+('BASE PRESUPUESTO'!P80+'BASE PRESUPUESTO'!Q80+'BASE PRESUPUESTO'!R80)*'PROGRAMA DE OBRA'!I85 -> 237096.8 | J91: ='BASE PRESUPUESTO'!O80*'PROGRAMA DE OBRA'!Y85+('BASE PRESUPUESTO'!P80+'BASE PRESUPUESTO'!Q80+'BASE PRESUPUESTO'!R80)*'PROGRAMA DE OBRA'!J85 -> 237096.8 | K91: ='BASE PRESUPUESTO'!O80*'PROGRAMA DE OBRA'!Z85+('BASE PRESUPUESTO'!P80+'BASE PRESUPUESTO'!Q80+'BASE PRESUPUESTO'!R80)*'PROGRAMA DE OBRA'!K85 -> 237096.8 | L91: =SUM(F91:K91) -> 1422580.8 | M91: =IF(E91=0,0,L91/E91) -> 0.6 | N91: ='BASE PRESUPUESTO'!O80*SUM('PROGRAMA DE OBRA'!U85:Z85) -> 0 | O91: ='BASE PRESUPUESTO'!P80*SUM('PROGRAMA DE OBRA'!F85:K85) -> 0 | P91: ='BASE PRESUPUESTO'!Q80*SUM('PROGRAMA DE OBRA'!F85:K85) -> 0 | Q91: ='BASE PRESUPUESTO'!R80*SUM('PROGRAMA DE OBRA'!F85:K85) -> 1422580.8 | R91: ITEM | S91: ACUEDUCTO LIMONES
A92: SUBTOTAL ACUEDUCTO LIMONES | E92: =SUM(E72:E91) -> 45479541 | F92: =SUM(F72:F91) -> 2573013.8 | G92: =SUM(G72:G91) -> 5293232.9 | H92: =SUM(H72:H91) -> 4209578.7 | I92: =SUM(I72:I91) -> 1406131.8 | J92: =SUM(J72:J91) -> 2361360.6 | K92: =SUM(K72:K91) -> 8511264.2 | L92: =SUM(L72:L91) -> 24354582 | M92: =IF(E92=0,0,L92/E92) -> 0.53550633 | N92: =SUM(N72:N91) -> 13369257 | O92: =SUM(O72:O91) -> 7651957.1 | P92: =SUM(P72:P91) -> 323161.12 | Q92: =SUM(Q72:Q91) -> 3010206.9 | R92: SUB
A94: ACUEDUCTO SAMARIA
A95: ='BASE PRESUPUESTO'!C81 -> 1.1 | B95: ='BASE PRESUPUESTO'!D81 -> SUMINISTRO E INSTALACION DOSIFICADOR DE CLORO | C95: ='BASE PRESUPUESTO'!E81 -> UND | D95: ='BASE PRESUPUESTO'!F81 -> 1 | E95: ='BASE PRESUPUESTO'!H81 -> 3000000 | F95: ='BASE PRESUPUESTO'!O81*'PROGRAMA DE OBRA'!U87+('BASE PRESUPUESTO'!P81+'BASE PRESUPUESTO'!Q81+'BASE PRESUPUESTO'!R81)*'PROGRAMA DE OBRA'!F87 -> 0 | G95: ='BASE PRESUPUESTO'!O81*'PROGRAMA DE OBRA'!V87+('BASE PRESUPUESTO'!P81+'BASE PRESUPUESTO'!Q81+'BASE PRESUPUESTO'!R81)*'PROGRAMA DE OBRA'!G87 -> 0 | H95: ='BASE PRESUPUESTO'!O81*'PROGRAMA DE OBRA'!W87+('BASE PRESUPUESTO'!P81+'BASE PRESUPUESTO'!Q81+'BASE PRESUPUESTO'!R81)*'PROGRAMA DE OBRA'!H87 -> 0 | I95: ='BASE PRESUPUESTO'!O81*'PROGRAMA DE OBRA'!X87+('BASE PRESUPUESTO'!P81+'BASE PRESUPUESTO'!Q81+'BASE PRESUPUESTO'!R81)*'PROGRAMA DE OBRA'!I87 -> 0 | J95: ='BASE PRESUPUESTO'!O81*'PROGRAMA DE OBRA'!Y87+('BASE PRESUPUESTO'!P81+'BASE PRESUPUESTO'!Q81+'BASE PRESUPUESTO'!R81)*'PROGRAMA DE OBRA'!J87 -> 2550000 | K95: ='BASE PRESUPUESTO'!O81*'PROGRAMA DE OBRA'!Z87+('BASE PRESUPUESTO'!P81+'BASE PRESUPUESTO'!Q81+'BASE PRESUPUESTO'!R81)*'PROGRAMA DE OBRA'!K87 -> 450000 | L95: =SUM(F95:K95) -> 3000000 | M95: =IF(E95=0,0,L95/E95) -> 1 | N95: ='BASE PRESUPUESTO'!O81*SUM('PROGRAMA DE OBRA'!U87:Z87) -> 2550000 | O95: ='BASE PRESUPUESTO'!P81*SUM('PROGRAMA DE OBRA'!F87:K87) -> 420000 | P95: ='BASE PRESUPUESTO'!Q81*SUM('PROGRAMA DE OBRA'!F87:K87) -> 30000 | Q95: ='BASE PRESUPUESTO'!R81*SUM('PROGRAMA DE OBRA'!F87:K87) -> 0 | R95: ITEM | S95: ACUEDUCTO SAMARIA
A96: SUBTOTAL ACUEDUCTO SAMARIA | E96: =SUM(E95:E95) -> 3000000 | F96: =SUM(F95:F95) -> 0 | G96: =SUM(G95:G95) -> 0 | H96: =SUM(H95:H95) -> 0 | I96: =SUM(I95:I95) -> 0 | J96: =SUM(J95:J95) -> 2550000 | K96: =SUM(K95:K95) -> 450000 | L96: =SUM(L95:L95) -> 3000000 | M96: =IF(E96=0,0,L96/E96) -> 1 | N96: =SUM(N95:N95) -> 2550000 | O96: =SUM(O95:O95) -> 420000 | P96: =SUM(P95:P95) -> 30000 | Q96: =SUM(Q95:Q95) -> 0 | R96: SUB
A98: ACUEDUCTO LAS DELICIAS
A99: ='BASE PRESUPUESTO'!C82 -> 1.1 | B99: ='BASE PRESUPUESTO'!D82 -> LOCALIZACION-REPLANTEO ACUEDUCTO-ALCANTARILLADO | C99: ='BASE PRESUPUESTO'!E82 -> ML | D99: ='BASE PRESUPUESTO'!F82 -> 244 | E99: ='BASE PRESUPUESTO'!H82 -> 660508 | F99: ='BASE PRESUPUESTO'!O82*'PROGRAMA DE OBRA'!U89+('BASE PRESUPUESTO'!P82+'BASE PRESUPUESTO'!Q82+'BASE PRESUPUESTO'!R82)*'PROGRAMA DE OBRA'!F89 -> 0 | G99: ='BASE PRESUPUESTO'!O82*'PROGRAMA DE OBRA'!V89+('BASE PRESUPUESTO'!P82+'BASE PRESUPUESTO'!Q82+'BASE PRESUPUESTO'!R82)*'PROGRAMA DE OBRA'!G89 -> 0 | H99: ='BASE PRESUPUESTO'!O82*'PROGRAMA DE OBRA'!W89+('BASE PRESUPUESTO'!P82+'BASE PRESUPUESTO'!Q82+'BASE PRESUPUESTO'!R82)*'PROGRAMA DE OBRA'!H89 -> 108830.43 | I99: ='BASE PRESUPUESTO'!O82*'PROGRAMA DE OBRA'!X89+('BASE PRESUPUESTO'!P82+'BASE PRESUPUESTO'!Q82+'BASE PRESUPUESTO'!R82)*'PROGRAMA DE OBRA'!I89 -> 551677.57 | J99: ='BASE PRESUPUESTO'!O82*'PROGRAMA DE OBRA'!Y89+('BASE PRESUPUESTO'!P82+'BASE PRESUPUESTO'!Q82+'BASE PRESUPUESTO'!R82)*'PROGRAMA DE OBRA'!J89 -> 0 | K99: ='BASE PRESUPUESTO'!O82*'PROGRAMA DE OBRA'!Z89+('BASE PRESUPUESTO'!P82+'BASE PRESUPUESTO'!Q82+'BASE PRESUPUESTO'!R82)*'PROGRAMA DE OBRA'!K89 -> 0 | L99: =SUM(F99:K99) -> 660508 | M99: =IF(E99=0,0,L99/E99) -> 1 | N99: ='BASE PRESUPUESTO'!O82*SUM('PROGRAMA DE OBRA'!U89:Z89) -> 108830.43 | O99: ='BASE PRESUPUESTO'!P82*SUM('PROGRAMA DE OBRA'!F89:K89) -> 463832.38 | P99: ='BASE PRESUPUESTO'!Q82*SUM('PROGRAMA DE OBRA'!F89:K89) -> 87845.192 | Q99: ='BASE PRESUPUESTO'!R82*SUM('PROGRAMA DE OBRA'!F89:K89) -> 0 | R99: ITEM | S99: ACUEDUCTO LAS DELICIAS
A100: ='BASE PRESUPUESTO'!C83 -> 1.2 | B100: ='BASE PRESUPUESTO'!D83 -> EXCAVACION EN CONGLOMERADO (MANUAL) | C100: ='BASE PRESUPUESTO'!E83 -> M3 | D100: ='BASE PRESUPUESTO'!F83 -> 96.6 | E100: ='BASE PRESUPUESTO'!H83 -> 4518465 | F100: ='BASE PRESUPUESTO'!O83*'PROGRAMA DE OBRA'!U90+('BASE PRESUPUESTO'!P83+'BASE PRESUPUESTO'!Q83+'BASE PRESUPUESTO'!R83)*'PROGRAMA DE OBRA'!F90 -> 0 | G100: ='BASE PRESUPUESTO'!O83*'PROGRAMA DE OBRA'!V90+('BASE PRESUPUESTO'!P83+'BASE PRESUPUESTO'!Q83+'BASE PRESUPUESTO'!R83)*'PROGRAMA DE OBRA'!G90 -> 0 | H100: ='BASE PRESUPUESTO'!O83*'PROGRAMA DE OBRA'!W90+('BASE PRESUPUESTO'!P83+'BASE PRESUPUESTO'!Q83+'BASE PRESUPUESTO'!R83)*'PROGRAMA DE OBRA'!H90 -> 0 | I100: ='BASE PRESUPUESTO'!O83*'PROGRAMA DE OBRA'!X90+('BASE PRESUPUESTO'!P83+'BASE PRESUPUESTO'!Q83+'BASE PRESUPUESTO'!R83)*'PROGRAMA DE OBRA'!I90 -> 1506155 | J100: ='BASE PRESUPUESTO'!O83*'PROGRAMA DE OBRA'!Y90+('BASE PRESUPUESTO'!P83+'BASE PRESUPUESTO'!Q83+'BASE PRESUPUESTO'!R83)*'PROGRAMA DE OBRA'!J90 -> 1506155 | K100: ='BASE PRESUPUESTO'!O83*'PROGRAMA DE OBRA'!Z90+('BASE PRESUPUESTO'!P83+'BASE PRESUPUESTO'!Q83+'BASE PRESUPUESTO'!R83)*'PROGRAMA DE OBRA'!K90 -> 1506155 | L100: =SUM(F100:K100) -> 4518465 | M100: =IF(E100=0,0,L100/E100) -> 1 | N100: ='BASE PRESUPUESTO'!O83*SUM('PROGRAMA DE OBRA'!U90:Z90) -> 0 | O100: ='BASE PRESUPUESTO'!P83*SUM('PROGRAMA DE OBRA'!F90:K90) -> 4365736.1 | P100: ='BASE PRESUPUESTO'!Q83*SUM('PROGRAMA DE OBRA'!F90:K90) -> 152728.86 | Q100: ='BASE PRESUPUESTO'!R83*SUM('PROGRAMA DE OBRA'!F90:K90) -> 0 | R100: ITEM | S100: ACUEDUCTO LAS DELICIAS
A101: ='BASE PRESUPUESTO'!C84 -> 1.3 | B101: ='BASE PRESUPUESTO'!D84 -> BODEGAJE | C101: ='BASE PRESUPUESTO'!E84 -> MES | D101: ='BASE PRESUPUESTO'!F84 -> 1 | E101: ='BASE PRESUPUESTO'!H84 -> 187668 | F101: ='BASE PRESUPUESTO'!O84*'PROGRAMA DE OBRA'!U91+('BASE PRESUPUESTO'!P84+'BASE PRESUPUESTO'!Q84+'BASE PRESUPUESTO'!R84)*'PROGRAMA DE OBRA'!F91 -> 0 | G101: ='BASE PRESUPUESTO'!O84*'PROGRAMA DE OBRA'!V91+('BASE PRESUPUESTO'!P84+'BASE PRESUPUESTO'!Q84+'BASE PRESUPUESTO'!R84)*'PROGRAMA DE OBRA'!G91 -> 0 | H101: ='BASE PRESUPUESTO'!O84*'PROGRAMA DE OBRA'!W91+('BASE PRESUPUESTO'!P84+'BASE PRESUPUESTO'!Q84+'BASE PRESUPUESTO'!R84)*'PROGRAMA DE OBRA'!H91 -> 0 | I101: ='BASE PRESUPUESTO'!O84*'PROGRAMA DE OBRA'!X91+('BASE PRESUPUESTO'!P84+'BASE PRESUPUESTO'!Q84+'BASE PRESUPUESTO'!R84)*'PROGRAMA DE OBRA'!I91 -> 37533.6 | J101: ='BASE PRESUPUESTO'!O84*'PROGRAMA DE OBRA'!Y91+('BASE PRESUPUESTO'!P84+'BASE PRESUPUESTO'!Q84+'BASE PRESUPUESTO'!R84)*'PROGRAMA DE OBRA'!J91 -> 37533.6 | K101: ='BASE PRESUPUESTO'!O84*'PROGRAMA DE OBRA'!Z91+('BASE PRESUPUESTO'!P84+'BASE PRESUPUESTO'!Q84+'BASE PRESUPUESTO'!R84)*'PROGRAMA DE OBRA'!K91 -> 37533.6 | L101: =SUM(F101:K101) -> 112600.8 | M101: =IF(E101=0,0,L101/E101) -> 0.6 | N101: ='BASE PRESUPUESTO'!O84*SUM('PROGRAMA DE OBRA'!U91:Z91) -> 0 | O101: ='BASE PRESUPUESTO'!P84*SUM('PROGRAMA DE OBRA'!F91:K91) -> 0 | P101: ='BASE PRESUPUESTO'!Q84*SUM('PROGRAMA DE OBRA'!F91:K91) -> 0 | Q101: ='BASE PRESUPUESTO'!R84*SUM('PROGRAMA DE OBRA'!F91:K91) -> 112600.8 | R101: ITEM | S101: ACUEDUCTO LAS DELICIAS
A102: ='BASE PRESUPUESTO'!C85 -> 2.1 | B102: ='BASE PRESUPUESTO'!D85 -> ADECUACION BOCATOMA EXISTENTE, INSTALACION DE REJILLA 40 X70 | C102: ='BASE PRESUPUESTO'!E85 -> GLB | D102: ='BASE PRESUPUESTO'!F85 -> 1 | E102: ='BASE PRESUPUESTO'!H85 -> 2456747 | F102: ='BASE PRESUPUESTO'!O85*'PROGRAMA DE OBRA'!U92+('BASE PRESUPUESTO'!P85+'BASE PRESUPUESTO'!Q85+'BASE PRESUPUESTO'!R85)*'PROGRAMA DE OBRA'!F92 -> 0 | G102: ='BASE PRESUPUESTO'!O85*'PROGRAMA DE OBRA'!V92+('BASE PRESUPUESTO'!P85+'BASE PRESUPUESTO'!Q85+'BASE PRESUPUESTO'!R85)*'PROGRAMA DE OBRA'!G92 -> 0 | H102: ='BASE PRESUPUESTO'!O85*'PROGRAMA DE OBRA'!W92+('BASE PRESUPUESTO'!P85+'BASE PRESUPUESTO'!Q85+'BASE PRESUPUESTO'!R85)*'PROGRAMA DE OBRA'!H92 -> 0 | I102: ='BASE PRESUPUESTO'!O85*'PROGRAMA DE OBRA'!X92+('BASE PRESUPUESTO'!P85+'BASE PRESUPUESTO'!Q85+'BASE PRESUPUESTO'!R85)*'PROGRAMA DE OBRA'!I92 -> 1195386.8 | J102: ='BASE PRESUPUESTO'!O85*'PROGRAMA DE OBRA'!Y92+('BASE PRESUPUESTO'!P85+'BASE PRESUPUESTO'!Q85+'BASE PRESUPUESTO'!R85)*'PROGRAMA DE OBRA'!J92 -> 1261360.2 | K102: ='BASE PRESUPUESTO'!O85*'PROGRAMA DE OBRA'!Z92+('BASE PRESUPUESTO'!P85+'BASE PRESUPUESTO'!Q85+'BASE PRESUPUESTO'!R85)*'PROGRAMA DE OBRA'!K92 -> 0 | L102: =SUM(F102:K102) -> 2456747 | M102: =IF(E102=0,0,L102/E102) -> 1 | N102: ='BASE PRESUPUESTO'!O85*SUM('PROGRAMA DE OBRA'!U92:Z92) -> 1195386.8 | O102: ='BASE PRESUPUESTO'!P85*SUM('PROGRAMA DE OBRA'!F92:K92) -> 1254600.2 | P102: ='BASE PRESUPUESTO'!Q85*SUM('PROGRAMA DE OBRA'!F92:K92) -> 6760.0012 | Q102: ='BASE PRESUPUESTO'!R85*SUM('PROGRAMA DE OBRA'!F92:K92) -> 0 | R102: ITEM | S102: ACUEDUCTO LAS DELICIAS
A103: ='BASE PRESUPUESTO'!C86 -> 2.2 | B103: ='BASE PRESUPUESTO'!D86 -> CONSTRUCCION BOCATOMA TIPO REPRESA CON REJILLA DE 40 X 80 | C103: ='BASE PRESUPUESTO'!E86 -> UND | D103: ='BASE PRESUPUESTO'!F86 -> 1 | E103: ='BASE PRESUPUESTO'!H86 -> 6719753 | F103: ='BASE PRESUPUESTO'!O86*'PROGRAMA DE OBRA'!U93+('BASE PRESUPUESTO'!P86+'BASE PRESUPUESTO'!Q86+'BASE PRESUPUESTO'!R86)*'PROGRAMA DE OBRA'!F93 -> 0 | G103: ='BASE PRESUPUESTO'!O86*'PROGRAMA DE OBRA'!V93+('BASE PRESUPUESTO'!P86+'BASE PRESUPUESTO'!Q86+'BASE PRESUPUESTO'!R86)*'PROGRAMA DE OBRA'!G93 -> 0 | H103: ='BASE PRESUPUESTO'!O86*'PROGRAMA DE OBRA'!W93+('BASE PRESUPUESTO'!P86+'BASE PRESUPUESTO'!Q86+'BASE PRESUPUESTO'!R86)*'PROGRAMA DE OBRA'!H93 -> 0 | I103: ='BASE PRESUPUESTO'!O86*'PROGRAMA DE OBRA'!X93+('BASE PRESUPUESTO'!P86+'BASE PRESUPUESTO'!Q86+'BASE PRESUPUESTO'!R86)*'PROGRAMA DE OBRA'!I93 -> 0 | J103: ='BASE PRESUPUESTO'!O86*'PROGRAMA DE OBRA'!Y93+('BASE PRESUPUESTO'!P86+'BASE PRESUPUESTO'!Q86+'BASE PRESUPUESTO'!R86)*'PROGRAMA DE OBRA'!J93 -> 4203792.9 | K103: ='BASE PRESUPUESTO'!O86*'PROGRAMA DE OBRA'!Z93+('BASE PRESUPUESTO'!P86+'BASE PRESUPUESTO'!Q86+'BASE PRESUPUESTO'!R86)*'PROGRAMA DE OBRA'!K93 -> 838653.38 | L103: =SUM(F103:K103) -> 5042446.2 | M103: =IF(E103=0,0,L103/E103) -> 0.7503916 | N103: ='BASE PRESUPUESTO'!O86*SUM('PROGRAMA DE OBRA'!U93:Z93) -> 4203792.9 | O103: ='BASE PRESUPUESTO'!P86*SUM('PROGRAMA DE OBRA'!F93:K93) -> 836400.05 | P103: ='BASE PRESUPUESTO'!Q86*SUM('PROGRAMA DE OBRA'!F93:K93) -> 2253.3335 | Q103: ='BASE PRESUPUESTO'!R86*SUM('PROGRAMA DE OBRA'!F93:K93) -> 0 | R103: ITEM | S103: ACUEDUCTO LAS DELICIAS
A104: ='BASE PRESUPUESTO'!C87 -> 2.3 | B104: ='BASE PRESUPUESTO'!D87 -> CONEXIÓN CON TUBERIA PVC RDE 21 DE 2" ENTRE BOCATOMA Y DESARENADOR | C104: ='BASE PRESUPUESTO'!E87 -> ML | D104: ='BASE PRESUPUESTO'!F87 -> 44 | E104: ='BASE PRESUPUESTO'!H87 -> 1367388 | F104: ='BASE PRESUPUESTO'!O87*'PROGRAMA DE OBRA'!U94+('BASE PRESUPUESTO'!P87+'BASE PRESUPUESTO'!Q87+'BASE PRESUPUESTO'!R87)*'PROGRAMA DE OBRA'!F94 -> 0 | G104: ='BASE PRESUPUESTO'!O87*'PROGRAMA DE OBRA'!V94+('BASE PRESUPUESTO'!P87+'BASE PRESUPUESTO'!Q87+'BASE PRESUPUESTO'!R87)*'PROGRAMA DE OBRA'!G94 -> 0 | H104: ='BASE PRESUPUESTO'!O87*'PROGRAMA DE OBRA'!W94+('BASE PRESUPUESTO'!P87+'BASE PRESUPUESTO'!Q87+'BASE PRESUPUESTO'!R87)*'PROGRAMA DE OBRA'!H94 -> 0 | I104: ='BASE PRESUPUESTO'!O87*'PROGRAMA DE OBRA'!X94+('BASE PRESUPUESTO'!P87+'BASE PRESUPUESTO'!Q87+'BASE PRESUPUESTO'!R87)*'PROGRAMA DE OBRA'!I94 -> 0 | J104: ='BASE PRESUPUESTO'!O87*'PROGRAMA DE OBRA'!Y94+('BASE PRESUPUESTO'!P87+'BASE PRESUPUESTO'!Q87+'BASE PRESUPUESTO'!R87)*'PROGRAMA DE OBRA'!J94 -> 0 | K104: ='BASE PRESUPUESTO'!O87*'PROGRAMA DE OBRA'!Z94+('BASE PRESUPUESTO'!P87+'BASE PRESUPUESTO'!Q87+'BASE PRESUPUESTO'!R87)*'PROGRAMA DE OBRA'!K94 -> 0 | L104: =SUM(F104:K104) -> 0 | M104: =IF(E104=0,0,L104/E104) -> 0 | N104: ='BASE PRESUPUESTO'!O87*SUM('PROGRAMA DE OBRA'!U94:Z94) -> 0 | O104: ='BASE PRESUPUESTO'!P87*SUM('PROGRAMA DE OBRA'!F94:K94) -> 0 | P104: ='BASE PRESUPUESTO'!Q87*SUM('PROGRAMA DE OBRA'!F94:K94) -> 0 | Q104: ='BASE PRESUPUESTO'!R87*SUM('PROGRAMA DE OBRA'!F94:K94) -> 0 | R104: ITEM | S104: ACUEDUCTO LAS DELICIAS
A105: ='BASE PRESUPUESTO'!C88 -> 2.4 | B105: ='BASE PRESUPUESTO'!D88 -> ACCESORIOS Y VALVULAS DE 2" PARA CONEXIÓN BOCATOMA - DESARENADOR | C105: ='BASE PRESUPUESTO'!E88 -> GLB | D105: ='BASE PRESUPUESTO'!F88 -> 1 | E105: ='BASE PRESUPUESTO'!H88 -> 851487 | F105: ='BASE PRESUPUESTO'!O88*'PROGRAMA DE OBRA'!U95+('BASE PRESUPUESTO'!P88+'BASE PRESUPUESTO'!Q88+'BASE PRESUPUESTO'!R88)*'PROGRAMA DE OBRA'!F95 -> 0 | G105: ='BASE PRESUPUESTO'!O88*'PROGRAMA DE OBRA'!V95+('BASE PRESUPUESTO'!P88+'BASE PRESUPUESTO'!Q88+'BASE PRESUPUESTO'!R88)*'PROGRAMA DE OBRA'!G95 -> 0 | H105: ='BASE PRESUPUESTO'!O88*'PROGRAMA DE OBRA'!W95+('BASE PRESUPUESTO'!P88+'BASE PRESUPUESTO'!Q88+'BASE PRESUPUESTO'!R88)*'PROGRAMA DE OBRA'!H95 -> 0 | I105: ='BASE PRESUPUESTO'!O88*'PROGRAMA DE OBRA'!X95+('BASE PRESUPUESTO'!P88+'BASE PRESUPUESTO'!Q88+'BASE PRESUPUESTO'!R88)*'PROGRAMA DE OBRA'!I95 -> 0 | J105: ='BASE PRESUPUESTO'!O88*'PROGRAMA DE OBRA'!Y95+('BASE PRESUPUESTO'!P88+'BASE PRESUPUESTO'!Q88+'BASE PRESUPUESTO'!R88)*'PROGRAMA DE OBRA'!J95 -> 0 | K105: ='BASE PRESUPUESTO'!O88*'PROGRAMA DE OBRA'!Z95+('BASE PRESUPUESTO'!P88+'BASE PRESUPUESTO'!Q88+'BASE PRESUPUESTO'!R88)*'PROGRAMA DE OBRA'!K95 -> 0 | L105: =SUM(F105:K105) -> 0 | M105: =IF(E105=0,0,L105/E105) -> 0 | N105: ='BASE PRESUPUESTO'!O88*SUM('PROGRAMA DE OBRA'!U95:Z95) -> 0 | O105: ='BASE PRESUPUESTO'!P88*SUM('PROGRAMA DE OBRA'!F95:K95) -> 0 | P105: ='BASE PRESUPUESTO'!Q88*SUM('PROGRAMA DE OBRA'!F95:K95) -> 0 | Q105: ='BASE PRESUPUESTO'!R88*SUM('PROGRAMA DE OBRA'!F95:K95) -> 0 | R105: ITEM | S105: ACUEDUCTO LAS DELICIAS
A106: ='BASE PRESUPUESTO'!C89 -> 2.5 | B106: ='BASE PRESUPUESTO'!D89 -> COLCHON ARENA GRUESA E=5-7CM | C106: ='BASE PRESUPUESTO'!E89 -> M3 | D106: ='BASE PRESUPUESTO'!F89 -> 2.8 | E106: ='BASE PRESUPUESTO'!H89 -> 203734 | F106: ='BASE PRESUPUESTO'!O89*'PROGRAMA DE OBRA'!U96+('BASE PRESUPUESTO'!P89+'BASE PRESUPUESTO'!Q89+'BASE PRESUPUESTO'!R89)*'PROGRAMA DE OBRA'!F96 -> 0 | G106: ='BASE PRESUPUESTO'!O89*'PROGRAMA DE OBRA'!V96+('BASE PRESUPUESTO'!P89+'BASE PRESUPUESTO'!Q89+'BASE PRESUPUESTO'!R89)*'PROGRAMA DE OBRA'!G96 -> 0 | H106: ='BASE PRESUPUESTO'!O89*'PROGRAMA DE OBRA'!W96+('BASE PRESUPUESTO'!P89+'BASE PRESUPUESTO'!Q89+'BASE PRESUPUESTO'!R89)*'PROGRAMA DE OBRA'!H96 -> 0 | I106: ='BASE PRESUPUESTO'!O89*'PROGRAMA DE OBRA'!X96+('BASE PRESUPUESTO'!P89+'BASE PRESUPUESTO'!Q89+'BASE PRESUPUESTO'!R89)*'PROGRAMA DE OBRA'!I96 -> 0 | J106: ='BASE PRESUPUESTO'!O89*'PROGRAMA DE OBRA'!Y96+('BASE PRESUPUESTO'!P89+'BASE PRESUPUESTO'!Q89+'BASE PRESUPUESTO'!R89)*'PROGRAMA DE OBRA'!J96 -> 0 | K106: ='BASE PRESUPUESTO'!O89*'PROGRAMA DE OBRA'!Z96+('BASE PRESUPUESTO'!P89+'BASE PRESUPUESTO'!Q89+'BASE PRESUPUESTO'!R89)*'PROGRAMA DE OBRA'!K96 -> 0 | L106: =SUM(F106:K106) -> 0 | M106: =IF(E106=0,0,L106/E106) -> 0 | N106: ='BASE PRESUPUESTO'!O89*SUM('PROGRAMA DE OBRA'!U96:Z96) -> 0 | O106: ='BASE PRESUPUESTO'!P89*SUM('PROGRAMA DE OBRA'!F96:K96) -> 0 | P106: ='BASE PRESUPUESTO'!Q89*SUM('PROGRAMA DE OBRA'!F96:K96) -> 0 | Q106: ='BASE PRESUPUESTO'!R89*SUM('PROGRAMA DE OBRA'!F96:K96) -> 0 | R106: ITEM | S106: ACUEDUCTO LAS DELICIAS
A107: ='BASE PRESUPUESTO'!C90 -> 2.6 | B107: ='BASE PRESUPUESTO'!D90 -> TUBERIA PVC RED 21 DIAMETRO 2" | C107: ='BASE PRESUPUESTO'!E90 -> ML | D107: ='BASE PRESUPUESTO'!F90 -> 200 | E107: ='BASE PRESUPUESTO'!H90 -> 6215400 | F107: ='BASE PRESUPUESTO'!O90*'PROGRAMA DE OBRA'!U97+('BASE PRESUPUESTO'!P90+'BASE PRESUPUESTO'!Q90+'BASE PRESUPUESTO'!R90)*'PROGRAMA DE OBRA'!F97 -> 0 | G107: ='BASE PRESUPUESTO'!O90*'PROGRAMA DE OBRA'!V97+('BASE PRESUPUESTO'!P90+'BASE PRESUPUESTO'!Q90+'BASE PRESUPUESTO'!R90)*'PROGRAMA DE OBRA'!G97 -> 0 | H107: ='BASE PRESUPUESTO'!O90*'PROGRAMA DE OBRA'!W97+('BASE PRESUPUESTO'!P90+'BASE PRESUPUESTO'!Q90+'BASE PRESUPUESTO'!R90)*'PROGRAMA DE OBRA'!H97 -> 0 | I107: ='BASE PRESUPUESTO'!O90*'PROGRAMA DE OBRA'!X97+('BASE PRESUPUESTO'!P90+'BASE PRESUPUESTO'!Q90+'BASE PRESUPUESTO'!R90)*'PROGRAMA DE OBRA'!I97 -> 0 | J107: ='BASE PRESUPUESTO'!O90*'PROGRAMA DE OBRA'!Y97+('BASE PRESUPUESTO'!P90+'BASE PRESUPUESTO'!Q90+'BASE PRESUPUESTO'!R90)*'PROGRAMA DE OBRA'!J97 -> 0 | K107: ='BASE PRESUPUESTO'!O90*'PROGRAMA DE OBRA'!Z97+('BASE PRESUPUESTO'!P90+'BASE PRESUPUESTO'!Q90+'BASE PRESUPUESTO'!R90)*'PROGRAMA DE OBRA'!K97 -> 0 | L107: =SUM(F107:K107) -> 0 | M107: =IF(E107=0,0,L107/E107) -> 0 | N107: ='BASE PRESUPUESTO'!O90*SUM('PROGRAMA DE OBRA'!U97:Z97) -> 0 | O107: ='BASE PRESUPUESTO'!P90*SUM('PROGRAMA DE OBRA'!F97:K97) -> 0 | P107: ='BASE PRESUPUESTO'!Q90*SUM('PROGRAMA DE OBRA'!F97:K97) -> 0 | Q107: ='BASE PRESUPUESTO'!R90*SUM('PROGRAMA DE OBRA'!F97:K97) -> 0 | R107: ITEM | S107: ACUEDUCTO LAS DELICIAS
A108: ='BASE PRESUPUESTO'!C91 -> 2.7 | B108: ='BASE PRESUPUESTO'!D91 -> CAMBIO DE VALVULAS DE 2" SISTEMA CLORACION | C108: ='BASE PRESUPUESTO'!E91 -> UND | D108: ='BASE PRESUPUESTO'!F91 -> 3 | E108: ='BASE PRESUPUESTO'!H91 -> 536746 | F108: ='BASE PRESUPUESTO'!O91*'PROGRAMA DE OBRA'!U98+('BASE PRESUPUESTO'!P91+'BASE PRESUPUESTO'!Q91+'BASE PRESUPUESTO'!R91)*'PROGRAMA DE OBRA'!F98 -> 0 | G108: ='BASE PRESUPUESTO'!O91*'PROGRAMA DE OBRA'!V98+('BASE PRESUPUESTO'!P91+'BASE PRESUPUESTO'!Q91+'BASE PRESUPUESTO'!R91)*'PROGRAMA DE OBRA'!G98 -> 0 | H108: ='BASE PRESUPUESTO'!O91*'PROGRAMA DE OBRA'!W98+('BASE PRESUPUESTO'!P91+'BASE PRESUPUESTO'!Q91+'BASE PRESUPUESTO'!R91)*'PROGRAMA DE OBRA'!H98 -> 0 | I108: ='BASE PRESUPUESTO'!O91*'PROGRAMA DE OBRA'!X98+('BASE PRESUPUESTO'!P91+'BASE PRESUPUESTO'!Q91+'BASE PRESUPUESTO'!R91)*'PROGRAMA DE OBRA'!I98 -> 0 | J108: ='BASE PRESUPUESTO'!O91*'PROGRAMA DE OBRA'!Y98+('BASE PRESUPUESTO'!P91+'BASE PRESUPUESTO'!Q91+'BASE PRESUPUESTO'!R91)*'PROGRAMA DE OBRA'!J98 -> 0 | K108: ='BASE PRESUPUESTO'!O91*'PROGRAMA DE OBRA'!Z98+('BASE PRESUPUESTO'!P91+'BASE PRESUPUESTO'!Q91+'BASE PRESUPUESTO'!R91)*'PROGRAMA DE OBRA'!K98 -> 0 | L108: =SUM(F108:K108) -> 0 | M108: =IF(E108=0,0,L108/E108) -> 0 | N108: ='BASE PRESUPUESTO'!O91*SUM('PROGRAMA DE OBRA'!U98:Z98) -> 0 | O108: ='BASE PRESUPUESTO'!P91*SUM('PROGRAMA DE OBRA'!F98:K98) -> 0 | P108: ='BASE PRESUPUESTO'!Q91*SUM('PROGRAMA DE OBRA'!F98:K98) -> 0 | Q108: ='BASE PRESUPUESTO'!R91*SUM('PROGRAMA DE OBRA'!F98:K98) -> 0 | R108: ITEM | S108: ACUEDUCTO LAS DELICIAS
A109: ='BASE PRESUPUESTO'!C92 -> 2.8 | B109: ='BASE PRESUPUESTO'!D92 -> ACCESORIOS A CAMBIAR EN PLANTA DE TRATAMIENTO, UNIONES, TEE, CODOS | C109: ='BASE PRESUPUESTO'!E92 -> GLB | D109: ='BASE PRESUPUESTO'!F92 -> 1 | E109: ='BASE PRESUPUESTO'!H92 -> 851487 | F109: ='BASE PRESUPUESTO'!O92*'PROGRAMA DE OBRA'!U99+('BASE PRESUPUESTO'!P92+'BASE PRESUPUESTO'!Q92+'BASE PRESUPUESTO'!R92)*'PROGRAMA DE OBRA'!F99 -> 0 | G109: ='BASE PRESUPUESTO'!O92*'PROGRAMA DE OBRA'!V99+('BASE PRESUPUESTO'!P92+'BASE PRESUPUESTO'!Q92+'BASE PRESUPUESTO'!R92)*'PROGRAMA DE OBRA'!G99 -> 0 | H109: ='BASE PRESUPUESTO'!O92*'PROGRAMA DE OBRA'!W99+('BASE PRESUPUESTO'!P92+'BASE PRESUPUESTO'!Q92+'BASE PRESUPUESTO'!R92)*'PROGRAMA DE OBRA'!H99 -> 0 | I109: ='BASE PRESUPUESTO'!O92*'PROGRAMA DE OBRA'!X99+('BASE PRESUPUESTO'!P92+'BASE PRESUPUESTO'!Q92+'BASE PRESUPUESTO'!R92)*'PROGRAMA DE OBRA'!I99 -> 0 | J109: ='BASE PRESUPUESTO'!O92*'PROGRAMA DE OBRA'!Y99+('BASE PRESUPUESTO'!P92+'BASE PRESUPUESTO'!Q92+'BASE PRESUPUESTO'!R92)*'PROGRAMA DE OBRA'!J99 -> 0 | K109: ='BASE PRESUPUESTO'!O92*'PROGRAMA DE OBRA'!Z99+('BASE PRESUPUESTO'!P92+'BASE PRESUPUESTO'!Q92+'BASE PRESUPUESTO'!R92)*'PROGRAMA DE OBRA'!K99 -> 0 | L109: =SUM(F109:K109) -> 0 | M109: =IF(E109=0,0,L109/E109) -> 0 | N109: ='BASE PRESUPUESTO'!O92*SUM('PROGRAMA DE OBRA'!U99:Z99) -> 0 | O109: ='BASE PRESUPUESTO'!P92*SUM('PROGRAMA DE OBRA'!F99:K99) -> 0 | P109: ='BASE PRESUPUESTO'!Q92*SUM('PROGRAMA DE OBRA'!F99:K99) -> 0 | Q109: ='BASE PRESUPUESTO'!R92*SUM('PROGRAMA DE OBRA'!F99:K99) -> 0 | R109: ITEM | S109: ACUEDUCTO LAS DELICIAS
A110: ='BASE PRESUPUESTO'!C93 -> 2.9 | B110: ='BASE PRESUPUESTO'!D93 -> REVISION FUNCIONAMIENTO Y ADECUACION PANTALLA DEFLECTORA Y CANAL REBOSE DE ENTREGA A LA RED | C110: ='BASE PRESUPUESTO'!E93 -> GBL | D110: ='BASE PRESUPUESTO'!F93 -> 1 | E110: ='BASE PRESUPUESTO'!H93 -> 678712 | F110: ='BASE PRESUPUESTO'!O93*'PROGRAMA DE OBRA'!U100+('BASE PRESUPUESTO'!P93+'BASE PRESUPUESTO'!Q93+'BASE PRESUPUESTO'!R93)*'PROGRAMA DE OBRA'!F100 -> 0 | G110: ='BASE PRESUPUESTO'!O93*'PROGRAMA DE OBRA'!V100+('BASE PRESUPUESTO'!P93+'BASE PRESUPUESTO'!Q93+'BASE PRESUPUESTO'!R93)*'PROGRAMA DE OBRA'!G100 -> 0 | H110: ='BASE PRESUPUESTO'!O93*'PROGRAMA DE OBRA'!W100+('BASE PRESUPUESTO'!P93+'BASE PRESUPUESTO'!Q93+'BASE PRESUPUESTO'!R93)*'PROGRAMA DE OBRA'!H100 -> 0 | I110: ='BASE PRESUPUESTO'!O93*'PROGRAMA DE OBRA'!X100+('BASE PRESUPUESTO'!P93+'BASE PRESUPUESTO'!Q93+'BASE PRESUPUESTO'!R93)*'PROGRAMA DE OBRA'!I100 -> 0 | J110: ='BASE PRESUPUESTO'!O93*'PROGRAMA DE OBRA'!Y100+('BASE PRESUPUESTO'!P93+'BASE PRESUPUESTO'!Q93+'BASE PRESUPUESTO'!R93)*'PROGRAMA DE OBRA'!J100 -> 0 | K110: ='BASE PRESUPUESTO'!O93*'PROGRAMA DE OBRA'!Z100+('BASE PRESUPUESTO'!P93+'BASE PRESUPUESTO'!Q93+'BASE PRESUPUESTO'!R93)*'PROGRAMA DE OBRA'!K100 -> 0 | L110: =SUM(F110:K110) -> 0 | M110: =IF(E110=0,0,L110/E110) -> 0 | N110: ='BASE PRESUPUESTO'!O93*SUM('PROGRAMA DE OBRA'!U100:Z100) -> 0 | O110: ='BASE PRESUPUESTO'!P93*SUM('PROGRAMA DE OBRA'!F100:K100) -> 0 | P110: ='BASE PRESUPUESTO'!Q93*SUM('PROGRAMA DE OBRA'!F100:K100) -> 0 | Q110: ='BASE PRESUPUESTO'!R93*SUM('PROGRAMA DE OBRA'!F100:K100) -> 0 | R110: ITEM | S110: ACUEDUCTO LAS DELICIAS
... A113: ='BASE PRESUPUESTO'!C96 -> 2.12 | B113: ='BASE PRESUPUESTO'!D96 -> ACARREO MATERIALES CAMPERO-CAMIONETA | C113: ='BASE PRESUPUESTO'!E96 -> M3-KM | D113: ='BASE PRESUPUESTO'!F96 -> 26.208542 | E113: ='BASE PRESUPUESTO'!H96 -> 343122 | F113: ='BASE PRESUPUESTO'!O96*'PROGRAMA DE OBRA'!U103+('BASE PRESUPUESTO'!P96+'BASE PRESUPUESTO'!Q96+'BASE PRESUPUESTO'!R96)*'PROGRAMA DE OBRA'!F103 -> 0 | G113: ='BASE PRESUPUESTO'!O96*'PROGRAMA DE OBRA'!V103+('BASE PRESUPUESTO'!P96+'BASE PRESUPUESTO'!Q96+'BASE PRESUPUESTO'!R96)*'PROGRAMA DE OBRA'!G103 -> 0 | H113: ='BASE PRESUPUESTO'!O96*'PROGRAMA DE OBRA'!W103+('BASE PRESUPUESTO'!P96+'BASE PRESUPUESTO'!Q96+'BASE PRESUPUESTO'!R96)*'PROGRAMA DE OBRA'!H103 -> 0 | I113: ='BASE PRESUPUESTO'!O96*'PROGRAMA DE OBRA'!X103+('BASE PRESUPUESTO'!P96+'BASE PRESUPUESTO'!Q96+'BASE PRESUPUESTO'!R96)*'PROGRAMA DE OBRA'!I103 -> 57187 | J113: ='BASE PRESUPUESTO'!O96*'PROGRAMA DE OBRA'!Y103+('BASE PRESUPUESTO'!P96+'BASE PRESUPUESTO'!Q96+'BASE PRESUPUESTO'!R96)*'PROGRAMA DE OBRA'!J103 -> 57187 | K113: ='BASE PRESUPUESTO'!O96*'PROGRAMA DE OBRA'!Z103+('BASE PRESUPUESTO'!P96+'BASE PRESUPUESTO'!Q96+'BASE PRESUPUESTO'!R96)*'PROGRAMA DE OBRA'!K103 -> 57187 | L113: =SUM(F113:K113) -> 171561 | M113: =IF(E113=0,0,L113/E113) -> 0.5 | N113: ='BASE PRESUPUESTO'!O96*SUM('PROGRAMA DE OBRA'!U103:Z103) -> 0 | O113: ='BASE PRESUPUESTO'!P96*SUM('PROGRAMA DE OBRA'!F103:K103) -> 0 | P113: ='BASE PRESUPUESTO'!Q96*SUM('PROGRAMA DE OBRA'!F103:K103) -> 0 | Q113: ='BASE PRESUPUESTO'!R96*SUM('PROGRAMA DE OBRA'!F103:K103) -> 171561 | R113: ITEM | S113: ACUEDUCTO LAS DELICIAS
A114: SUBTOTAL ACUEDUCTO LAS DELICIAS | E114: =SUM(E99:E113) -> 28423103 | F114: =SUM(F99:F113) -> 0 | G114: =SUM(G99:G113) -> 0 | H114: =SUM(H99:H113) -> 108830.43 | I114: =SUM(I99:I113) -> 3347939.9 | J114: =SUM(J99:J113) -> 7420082 | K114: =SUM(K99:K113) -> 2793582.3 | L114: =SUM(L99:L113) -> 13670435 | M114: =IF(E114=0,0,L114/E114) -> 0.48096208 | N114: =SUM(N99:N113) -> 5508010.1 | O114: =SUM(O99:O113) -> 6920568.8 | P114: =SUM(P99:P113) -> 249587.38 | Q114: =SUM(Q99:Q113) -> 992268.47 | R114: SUB
A116: ACUEDUCTO MONTEGRANDE – SECTOR CARARE
A117: ='BASE PRESUPUESTO'!C97 -> 1.1 | B117: ='BASE PRESUPUESTO'!D97 -> SISTEMA DE TRATAMIENTO DE AGUA POTABLE CON FLOCULACION, SEDIMENTACION, FILTROS, BOMBA CENTRIFUGA, TANQUE TRANSFERENCIA Y BOMBA SUMERGIBLE 4HP - 110 | C117: ='BASE PRESUPUESTO'!E97 -> GLB | D117: ='BASE PRESUPUESTO'!F97 -> 1 | E117: ='BASE PRESUPUESTO'!H97 -> 23293674 | F117: ='BASE PRESUPUESTO'!O97*'PROGRAMA DE OBRA'!U105+('BASE PRESUPUESTO'!P97+'BASE PRESUPUESTO'!Q97+'BASE PRESUPUESTO'!R97)*'PROGRAMA DE OBRA'!F105 -> 0 | G117: ='BASE PRESUPUESTO'!O97*'PROGRAMA DE OBRA'!V105+('BASE PRESUPUESTO'!P97+'BASE PRESUPUESTO'!Q97+'BASE PRESUPUESTO'!R97)*'PROGRAMA DE OBRA'!G105 -> 8501887 | H117: ='BASE PRESUPUESTO'!O97*'PROGRAMA DE OBRA'!W105+('BASE PRESUPUESTO'!P97+'BASE PRESUPUESTO'!Q97+'BASE PRESUPUESTO'!R97)*'PROGRAMA DE OBRA'!H105 -> 0 | I117: ='BASE PRESUPUESTO'!O97*'PROGRAMA DE OBRA'!X105+('BASE PRESUPUESTO'!P97+'BASE PRESUPUESTO'!Q97+'BASE PRESUPUESTO'!R97)*'PROGRAMA DE OBRA'!I105 -> 0 | J117: ='BASE PRESUPUESTO'!O97*'PROGRAMA DE OBRA'!Y105+('BASE PRESUPUESTO'!P97+'BASE PRESUPUESTO'!Q97+'BASE PRESUPUESTO'!R97)*'PROGRAMA DE OBRA'!J105 -> 0 | K117: =ANTICIPO-SUMIF($R$6:$R$118,"ITEM",F$6:F$118)-SUMIF($R$6:$R$118,"ITEM",G$6:G$118)-SUMIF($R$6:$R$118,"ITEM",H$6:H$118)-SUMIF($R$6:$R$118,"ITEM",I$6:I$118)-SUMIF($R$6:$R$118,"ITEM",J$6:J$118)-SUMIF($R$6:$R$116,"ITEM",K$6:K$116) -> 7613331.1 | L117: =SUM(F117:K117) -> 16115218 | M117: =IF(E117=0,0,L117/E117) -> 0.69182809 | N117: ='BASE PRESUPUESTO'!O97*SUM('PROGRAMA DE OBRA'!U105:Z105) -> 16115218 | O117: ='BASE PRESUPUESTO'!P97*SUM('PROGRAMA DE OBRA'!F105:K105) -> 0 | P117: ='BASE PRESUPUESTO'!Q97*SUM('PROGRAMA DE OBRA'!F105:K105) -> 0 | Q117: ='BASE PRESUPUESTO'!R97*SUM('PROGRAMA DE OBRA'!F105:K105) -> 0 | R117: ITEM | S117: ACUEDUCTO MONTEGRANDE – SECTOR CARARE
A118: SUBTOTAL ACUEDUCTO MONTEGRANDE – SECTOR CARARE | E118: =SUM(E117:E117) -> 23293674 | F118: =SUM(F117:F117) -> 0 | G118: =SUM(G117:G117) -> 8501887 | H118: =SUM(H117:H117) -> 0 | I118: =SUM(I117:I117) -> 0 | J118: =SUM(J117:J117) -> 0 | K118: =SUM(K117:K117) -> 7613331.1 | L118: =SUM(L117:L117) -> 16115218 | M118: =IF(E118=0,0,L118/E118) -> 0.69182809 | N118: =SUM(N117:N117) -> 16115218 | O118: =SUM(O117:O117) -> 0 | P118: =SUM(P117:P117) -> 0 | Q118: =SUM(Q117:Q117) -> 0 | R118: SUB
A120: TOTAL PLAN DE INVERSIÓN DEL ANTICIPO | E120: =SUMIF($R$6:$R$118,"ITEM",E6:E118) -> 177775949 | F120: =SUMIF($R$6:$R$118,"ITEM",F6:F118) -> 9792151.8 | G120: =SUMIF($R$6:$R$118,"ITEM",G6:G118) -> 21520704 | H120: =SUMIF($R$6:$R$118,"ITEM",H6:H118) -> 18078962 | I120: =SUMIF($R$6:$R$118,"ITEM",I6:I118) -> 12275821 | J120: =SUMIF($R$6:$R$118,"ITEM",J6:J118) -> 29035227 | K120: =SUMIF($R$6:$R$118,"ITEM",K6:K118) -> 29297134 | L120: =SUMIF($R$6:$R$118,"ITEM",L6:L118) -> 120000000 | M120: =IF(E120=0,0,L120/E120) -> 0.67500694 | N120: =SUMIF($R$6:$R$118,"ITEM",N6:N118) -> 70008106 | O120: =SUMIF($R$6:$R$118,"ITEM",O6:O118) -> 35993435 | P120: =SUMIF($R$6:$R$118,"ITEM",P6:P118) -> 2157358.3 | Q120: =SUMIF($R$6:$R$118,"ITEM",Q6:Q118) -> 11841101
A121: % del anticipo invertido por semana | F121: =F120/ANTICIPO -> 0.081601265 | G121: =G120/ANTICIPO -> 0.1793392 | H121: =H120/ANTICIPO -> 0.15065801 | I121: =I120/ANTICIPO -> 0.10229851 | J121: =J120/ANTICIPO -> 0.24196023 | K121: =K120/ANTICIPO -> 0.24414278 | L121: =L120/ANTICIPO -> 1
A122: % acumulado del anticipo | F122: =F121 -> 0.081601265 | G122: =F122+G121 -> 0.26094047 | H122: =G122+H121 -> 0.41159848 | I122: =H122+I121 -> 0.51389699 | J122: =I122+J121 -> 0.75585722 | K122: =J122+K121 -> 1
A123: Control: anticipo pactado – total invertido (debe ser $0) | L123: =ROUND(ANTICIPO-L120,0) -> 0 | N123: =ROUND(L120-SUM(N120:Q120),0) -> 0 | O123: ← control componentes

Sheet PROGRAMA DE OBRA
A1: PROGRAMA DE OBRA POR FRENTES – LÓGICA CONSTRUCTIVA Y PROGRAMA DE COMPRAS
A2: Izquierda: % de ejecución física semanal de cada ítem (mano de obra, equipo y transporte se causan a medida que se ejecutan). Derecha: % de compra de materiales por semana (se compran una semana antes de iniciar la actividad). Celdas azules = programación editable; cada fila debe sumar 100%. Columnas en ámbar = ventana de inversión del anticipo (6 semanas).
F3: AVANCE FÍSICO PROGRAMADO (% de ejecución por semana) | U3: PROGRAMA DE COMPRA DE MATERIALES (% por semana)
A4: Nº | B4: Frente | C4: Ítem | D4: Descripción | E4: Valor CD | F4: S1 | G4: S2 | H4: S3 | I4: S4 | J4: S5 | K4: S6 | L4: S7 | M4: S8 | N4: S9 | O4: S10 | P4: S11 | Q4: S12 | R4: S13 | S4: Σ | U4: S1 | V4: S2 | W4: S3 | X4: S4 | Y4: S5 | Z4: S6 | AA4: S7 | AB4: S8 | AC4: S9 | AD4: S10 | AE4: S11 | AF4: S12 | AG4: S13 | AH4: Σ | AJ4: Mat $ | AK4: MO $ | AL4: Eq $ | AM4: Tr $
F5: =F_INICIO+7*0 -> 46295 | G5: =F_INICIO+7*1 -> 46302 | H5: =F_INICIO+7*2 -> 46309 | I5: =F_INICIO+7*3 -> 46316 | J5: =F_INICIO+7*4 -> 46323 | K5: =F_INICIO+7*5 -> 46330 | L5: =F_INICIO+7*6 -> 46337 | M5: =F_INICIO+7*7 -> 46344 | N5: =F_INICIO+7*8 -> 46351 | O5: =F_INICIO+7*9 -> 46358 | P5: =F_INICIO+7*10 -> 46365 | Q5: =F_INICIO+7*11 -> 46372 | R5: =F_INICIO+7*12 -> 46379 | U5: =F_INICIO+7*0 -> 46295 | V5: =F_INICIO+7*1 -> 46302 | W5: =F_INICIO+7*2 -> 46309 | X5: =F_INICIO+7*3 -> 46316 | Y5: =F_INICIO+7*4 -> 46323 | Z5: =F_INICIO+7*5 -> 46330 | AA5: =F_INICIO+7*6 -> 46337 | AB5: =F_INICIO+7*7 -> 46344 | AC5: =F_INICIO+7*8 -> 46351 | AD5: =F_INICIO+7*9 -> 46358 | AE5: =F_INICIO+7*10 -> 46365 | AF5: =F_INICIO+7*11 -> 46372 | AG5: =F_INICIO+7*12 -> 46379
A6: ACUEDUCTO AURES
A7: ='BASE PRESUPUESTO'!A5 -> 1 | B7: AURES | C7: ='BASE PRESUPUESTO'!C5 -> 1.1 | D7: ='BASE PRESUPUESTO'!D5 -> LOCALIZACION-REPLANTEO ACUEDUCTO-ALCANTARILLADO | E7: ='BASE PRESUPUESTO'!H5 -> 676750 | F7: 1 | S7: =SUM(F7:R7) -> 1 | U7: 1 | AH7: =SUM(U7:AG7) -> 1 | AJ7: ='BASE PRESUPUESTO'!O5 -> 111506.59 | AK7: ='BASE PRESUPUESTO'!P5 -> 475238.09 | AL7: ='BASE PRESUPUESTO'!Q5 -> 90005.32 | AM7: ='BASE PRESUPUESTO'!R5 -> 0
A8: ='BASE PRESUPUESTO'!A6 -> 2 | B8: AURES | C8: ='BASE PRESUPUESTO'!C6 -> 1.2 | D8: ='BASE PRESUPUESTO'!D6 -> BODEGAJE | E8: ='BASE PRESUPUESTO'!H6 -> 187668 | F8: 0.25 | G8: 0.25 | H8: 0.25 | I8: 0.25 | S8: =SUM(F8:R8) -> 1 | U8: 1 | AH8: =SUM(U8:AG8) -> 1 | AJ8: ='BASE PRESUPUESTO'!O6 -> 0 | AK8: ='BASE PRESUPUESTO'!P6 -> 0 | AL8: ='BASE PRESUPUESTO'!Q6 -> 0 | AM8: ='BASE PRESUPUESTO'!R6 -> 187668
A9: ='BASE PRESUPUESTO'!A7 -> 3 | B9: AURES | C9: ='BASE PRESUPUESTO'!C7 -> 1.3 | D9: ='BASE PRESUPUESTO'!D7 -> EXCAVACION EN CONGLOMERADO (MANUAL) | E9: ='BASE PRESUPUESTO'!H7 -> 1754063 | F9: 0.5 | G9: 0.5 | S9: =SUM(F9:R9) -> 1 | U9: 1 | AH9: =SUM(U9:AG9) -> 1 | AJ9: ='BASE PRESUPUESTO'!O7 -> 0 | AK9: ='BASE PRESUPUESTO'!P7 -> 1694773.8 | AL9: ='BASE PRESUPUESTO'!Q7 -> 59289.17 | AM9: ='BASE PRESUPUESTO'!R7 -> 0
A10: ='BASE PRESUPUESTO'!A8 -> 4 | B10: AURES | C10: ='BASE PRESUPUESTO'!C8 -> 2.1 | D10: ='BASE PRESUPUESTO'!D8 -> VALVULA VENTOSA 2" DOBLE EFECTO" | E10: ='BASE PRESUPUESTO'!H8 -> 1218064 | H10: 1 | S10: =SUM(F10:R10) -> 1 | V10: 1 | AH10: =SUM(U10:AG10) -> 1 | AJ10: ='BASE PRESUPUESTO'!O8 -> 1080715.3 | AK10: ='BASE PRESUPUESTO'!P8 -> 132020.67 | AL10: ='BASE PRESUPUESTO'!Q8 -> 5328.0115 | AM10: ='BASE PRESUPUESTO'!R8 -> 0
A11: ='BASE PRESUPUESTO'!A9 -> 5 | B11: AURES | C11: ='BASE PRESUPUESTO'!C9 -> 2.2 | D11: ='BASE PRESUPUESTO'!D9 -> VALVULA CIERRE RAPIDO 2" | E11: ='BASE PRESUPUESTO'!H9 -> 189699 | H11: 1 | S11: =SUM(F11:R11) -> 1 | V11: 1 | AH11: =SUM(U11:AG11) -> 1 | AJ11: ='BASE PRESUPUESTO'!O9 -> 171284.78 | AK11: ='BASE PRESUPUESTO'!P9 -> 16627.732 | AL11: ='BASE PRESUPUESTO'!Q9 -> 1786.4859 | AM11: ='BASE PRESUPUESTO'!R9 -> 0
A12: ='BASE PRESUPUESTO'!A10 -> 6 | B12: AURES | C12: ='BASE PRESUPUESTO'!C10 -> 2.3 | D12: ='BASE PRESUPUESTO'!D10 -> COLCHON ARENA GRUESA E=5-7CM | E12: ='BASE PRESUPUESTO'!H10 -> 254667 | G12: 1 | S12: =SUM(F12:R12) -> 1 | U12: 1 | AH12: =SUM(U12:AG12) -> 1 | AJ12: ='BASE PRESUPUESTO'!O10 -> 229431.94 | AK12: ='BASE PRESUPUESTO'!P10 -> 24643.092 | AL12: ='BASE PRESUPUESTO'!Q10 -> 591.96943 | AM12: ='BASE PRESUPUESTO'!R10 -> 0
A13: ='BASE PRESUPUESTO'!A11 -> 7 | B13: AURES | C13: ='BASE PRESUPUESTO'!C11 -> 2.4 | D13: ='BASE PRESUPUESTO'!D11 -> TUBERIA PVC RED 21 DIAMETRO 2" | E13: ='BASE PRESUPUESTO'!H11 -> 7769250 | G13: 0.5 | H13: 0.5 | S13: =SUM(F13:R13) -> 1 | U13: 1 | AH13: =SUM(U13:AG13) -> 1 | AJ13: ='BASE PRESUPUESTO'!O11 -> 5086536.5 | AK13: ='BASE PRESUPUESTO'!P11 -> 2471347.6 | AL13: ='BASE PRESUPUESTO'!Q11 -> 211365.9 | AM13: ='BASE PRESUPUESTO'!R11 -> 0
A14: ='BASE PRESUPUESTO'!A12 -> 8 | B14: AURES | C14: ='BASE PRESUPUESTO'!C12 -> 2.5 | D14: ='BASE PRESUPUESTO'!D12 -> CAJA INSPECCION 80x 80 CM [CONCRETO] | E14: ='BASE PRESUPUESTO'!H12 -> 1817481 | H14: 0.5 | I14: 0.5 | S14: =SUM(F14:R14) -> 1 | V14: 1 | AH14: =SUM(U14:AG14) -> 1 | AJ14: ='BASE PRESUPUESTO'!O12 -> 1030878.9 | AK14: ='BASE PRESUPUESTO'!P12 -> 786094.54 | AL14: ='BASE PRESUPUESTO'!Q12 -> 507.5599 | AM14: ='BASE PRESUPUESTO'!R12 -> 0
A15: ='BASE PRESUPUESTO'!A13 -> 9 | B15: AURES | C15: ='BASE PRESUPUESTO'!C13 -> 2.6 | D15: ='BASE PRESUPUESTO'!D13 -> ACARREO MATERIALES TRACCION ANIMAL | E15: ='BASE PRESUPUESTO'!H13 -> 84177 | G15: 0.5 | H15: 0.5 | S15: =SUM(F15:R15) -> 1 | U15: 1 | AH15: =SUM(U15:AG15) -> 1 | AJ15: ='BASE PRESUPUESTO'!O13 -> 0 | AK15: ='BASE PRESUPUESTO'!P13 -> 0 | AL15: ='BASE PRESUPUESTO'!Q13 -> 0 | AM15: ='BASE PRESUPUESTO'!R13 -> 84177
A16: ='BASE PRESUPUESTO'!A14 -> 10 | B16: AURES | C16: ='BASE PRESUPUESTO'!C14 -> 2.7 | D16: ='BASE PRESUPUESTO'!D14 -> ACARREO MATERIALES DESDE O HACIA LA OBRA<- 10 KM. | E16: ='BASE PRESUPUESTO'!H14 -> 55282 | F16: 0.5 | G16: 0.5 | S16: =SUM(F16:R16) -> 1 | U16: 1 | AH16: =SUM(U16:AG16) -> 1 | AJ16: ='BASE PRESUPUESTO'!O14 -> 0 | AK16: ='BASE PRESUPUESTO'!P14 -> 0 | AL16: ='BASE PRESUPUESTO'!Q14 -> 0 | AM16: ='BASE PRESUPUESTO'!R14 -> 55282
A17: ='BASE PRESUPUESTO'!A15 -> 11 | B17: AURES | C17: ='BASE PRESUPUESTO'!C15 -> 2.8 | D17: ='BASE PRESUPUESTO'!D15 -> ACARREO MATERIALES CAMPERO-CAMIONETA | E17: ='BASE PRESUPUESTO'!H15 -> 785520 | F17: 0.33333333 | G17: 0.33333333 | H17: 0.33333333 | S17: =SUM(F17:R17) -> 1 | U17: 1 | AH17: =SUM(U17:AG17) -> 1 | AJ17: ='BASE PRESUPUESTO'!O15 -> 0 | AK17: ='BASE PRESUPUESTO'!P15 -> 0 | AL17: ='BASE PRESUPUESTO'!Q15 -> 0 | AM17: ='BASE PRESUPUESTO'!R15 -> 785520
A18: ACUEDUCTO LA PAVA
A19: ='BASE PRESUPUESTO'!A16 -> 12 | B19: LA PAVA | C19: ='BASE PRESUPUESTO'!C16 -> 1.1 | D19: ='BASE PRESUPUESTO'!D16 -> LOCALIZACION-REPLANTEO CERRAMIENTO-VARIO | E19: ='BASE PRESUPUESTO'!H16 -> 88276 | G19: 1 | S19: =SUM(F19:R19) -> 1 | U19: 1 | AH19: =SUM(U19:AG19) -> 1 | AJ19: ='BASE PRESUPUESTO'!O16 -> 12990.031 | AK19: ='BASE PRESUPUESTO'!P16 -> 64800.742 | AL19: ='BASE PRESUPUESTO'!Q16 -> 10485.227 | AM19: ='BASE PRESUPUESTO'!R16 -> 0
A20: ='BASE PRESUPUESTO'!A17 -> 13 | B20: LA PAVA | C20: ='BASE PRESUPUESTO'!C17 -> 1.2 | D20: ='BASE PRESUPUESTO'!D17 -> BODEGAJE | E20: ='BASE PRESUPUESTO'!H17 -> 375336 | G20: 0.125 | H20: 0.125 | I20: 0.125 | J20: 0.125 | K20: 0.125 | L20: 0.125 | M20: 0.125 | N20: 0.125 | S20: =SUM(F20:R20) -> 1 | U20: 1 | AH20: =SUM(U20:AG20) -> 1 | AJ20: ='BASE PRESUPUESTO'!O17 -> 0 | AK20: ='BASE PRESUPUESTO'!P17 -> 0 | AL20: ='BASE PRESUPUESTO'!Q17 -> 0 | AM20: ='BASE PRESUPUESTO'!R17 -> 375336
A21: ='BASE PRESUPUESTO'!A18 -> 14 | B21: LA PAVA | C21: ='BASE PRESUPUESTO'!C18 -> 1.3 | D21: ='BASE PRESUPUESTO'!D18 -> EXCAVACION EN CONGLOMERADO (MANUAL) | E21: ='BASE PRESUPUESTO'!H18 -> 3481931 | G21: 0.5 | H21: 0.5 | S21: =SUM(F21:R21) -> 1 | U21: 1 | AH21: =SUM(U21:AG21) -> 1 | AJ21: ='BASE PRESUPUESTO'!O18 -> 0 | AK21: ='BASE PRESUPUESTO'!P18 -> 3364238.1 | AL21: ='BASE PRESUPUESTO'!Q18 -> 117692.92 | AM21: ='BASE PRESUPUESTO'!R18 -> 0
A22: ='BASE PRESUPUESTO'!A19 -> 15 | B22: LA PAVA | C22: ='BASE PRESUPUESTO'!C19 -> 2.1 | D22: ='BASE PRESUPUESTO'!D19 -> SOLADO ESPESOR E=0.05M 3000 PSI 210 MPA | E22: ='BASE PRESUPUESTO'!H19 -> 226706 | I22: 1 | S22: =SUM(F22:R22) -> 1 | W22: 1 | AH22: =SUM(U22:AG22) -> 1 | AJ22: ='BASE PRESUPUESTO'!O19 -> 139582.09 | AK22: ='BASE PRESUPUESTO'!P19 -> 86137.576 | AL22: ='BASE PRESUPUESTO'!Q19 -> 986.3304 | AM22: ='BASE PRESUPUESTO'!R19 -> 0
A23: ='BASE PRESUPUESTO'!A20 -> 16 | B23: LA PAVA | C23: ='BASE PRESUPUESTO'!C20 -> 2.2 | D23: ='BASE PRESUPUESTO'!D20 -> VIGA CIMIENTO ENLACE H-20-40CM 3100 PSI | E23: ='BASE PRESUPUESTO'!H20 -> 2791721 | I23: 0.5 | J23: 0.5 | S23: =SUM(F23:R23) -> 1 | W23: 1 | AH23: =SUM(U23:AG23) -> 1 | AJ23: ='BASE PRESUPUESTO'!O20 -> 1755483.9 | AK23: ='BASE PRESUPUESTO'!P20 -> 1022880.3 | AL23: ='BASE PRESUPUESTO'!Q20 -> 13356.827 | AM23: ='BASE PRESUPUESTO'!R20 -> 0
A24: ='BASE PRESUPUESTO'!A21 -> 17 | B24: LA PAVA | C24: ='BASE PRESUPUESTO'!C21 -> 2.3 | D24: ='BASE PRESUPUESTO'!D21 -> COLUMNA AMARRE MURO | E24: ='BASE PRESUPUESTO'!H21 -> 462402 | J24: 1 | S24: =SUM(F24:R24) -> 1 | X24: 1 | AH24: =SUM(U24:AG24) -> 1 | AJ24: ='BASE PRESUPUESTO'!O21 -> 146249.86 | AK24: ='BASE PRESUPUESTO'!P21 -> 307898.55 | AL24: ='BASE PRESUPUESTO'!Q21 -> 8253.5852 | AM24: ='BASE PRESUPUESTO'!R21 -> 0
A25: ='BASE PRESUPUESTO'!A22 -> 18 | B25: LA PAVA | C25: ='BASE PRESUPUESTO'!C22 -> 2.4 | D25: ='BASE PRESUPUESTO'!D22 -> MURO LADRILLO SOGA LIMPIO 2C | E25: ='BASE PRESUPUESTO'!H22 -> 1639428 | J25: 1 | S25: =SUM(F25:R25) -> 1 | X25: 1 | AH25: =SUM(U25:AG25) -> 1 | AJ25: ='BASE PRESUPUESTO'!O22 -> 907153.26 | AK25: ='BASE PRESUPUESTO'!P22 -> 496359.5 | AL25: ='BASE PRESUPUESTO'!Q22 -> 235915.24 | AM25: ='BASE PRESUPUESTO'!R22 -> 0
A26: ='BASE PRESUPUESTO'!A23 -> 19 | B26: LA PAVA | C26: ='BASE PRESUPUESTO'!C23 -> 2.5 | D26: ='BASE PRESUPUESTO'!D23 -> CINTA CONFINAMIENTO MURO | E26: ='BASE PRESUPUESTO'!H23 -> 1509004 | K26: 1 | S26: =SUM(F26:R26) -> 1 | Y26: 1 | AH26: =SUM(U26:AG26) -> 1 | AJ26: ='BASE PRESUPUESTO'!O23 -> 303122.2 | AK26: ='BASE PRESUPUESTO'!P23 -> 1182877.5 | AL26: ='BASE PRESUPUESTO'!Q23 -> 23004.278 | AM26: ='BASE PRESUPUESTO'!R23 -> 0
A27: ='BASE PRESUPUESTO'!A24 -> 20 | B27: LA PAVA | C27: ='BASE PRESUPUESTO'!C24 -> 2.6 | D27: ='BASE PRESUPUESTO'!D24 -> ACERO REFUERZO FLEJADO 60000 PSI 420 Mpa | E27: ='BASE PRESUPUESTO'!H24 -> 1524500 | I27: 1 | S27: =SUM(F27:R27) -> 1 | W27: 1 | AH27: =SUM(U27:AG27) -> 1 | AJ27: ='BASE PRESUPUESTO'!O24 -> 1231351 | AK27: ='BASE PRESUPUESTO'!P24 -> 293149.04 | AL27: ='BASE PRESUPUESTO'!Q24 -> 0 | AM27: ='BASE PRESUPUESTO'!R24 -> 0
A28: ='BASE PRESUPUESTO'!A25 -> 21 | B28: LA PAVA | C28: ='BASE PRESUPUESTO'!C25 -> 2.7 | D28: ='BASE PRESUPUESTO'!D25 -> POSTE TUBO GALV. 1 1/2"X3.0MM C.11 | E28: ='BASE PRESUPUESTO'!H25 -> 1952352 | K28: 1 | S28: =SUM(F28:R28) -> 1 | Y28: 1 | AH28: =SUM(U28:AG28) -> 1 | AJ28: ='BASE PRESUPUESTO'!O25 -> 840057.76 | AK28: ='BASE PRESUPUESTO'!P25 -> 721022.84 | AL28: ='BASE PRESUPUESTO'!Q25 -> 391271.4 | AM28: ='BASE PRESUPUESTO'!R25 -> 0
A29: ='BASE PRESUPUESTO'!A26 -> 22 | B29: LA PAVA | C29: ='BASE PRESUPUESTO'!C26 -> 2.8 | D29: ='BASE PRESUPUESTO'!D26 -> ESMALTE SOBRE TUBERIA METALICA-PVC | E29: ='BASE PRESUPUESTO'!H26 -> 741636 | M29: 1 | S29: =SUM(F29:R29) -> 1 | AA29: 1 | AH29: =SUM(U29:AG29) -> 1 | AJ29: ='BASE PRESUPUESTO'!O26 -> 489513.27 | AK29: ='BASE PRESUPUESTO'!P26 -> 232326.98 | AL29: ='BASE PRESUPUESTO'!Q26 -> 19795.755 | AM29: ='BASE PRESUPUESTO'!R26 -> 0
A30: ='BASE PRESUPUESTO'!A27 -> 23 | B30: LA PAVA | C30: ='BASE PRESUPUESTO'!C27 -> 2.9 | D30: ='BASE PRESUPUESTO'!D27 -> MALLA ESLABONADA GALV# 10 ROMBO 2" | E30: ='BASE PRESUPUESTO'!H27 -> 2696904 | L30: 1 | S30: =SUM(F30:R30) -> 1 | Z30: 1 | AH30: =SUM(U30:AG30) -> 1 | AJ30: ='BASE PRESUPUESTO'!O27 -> 1573340.7 | AK30: ='BASE PRESUPUESTO'!P27 -> 1067261.1 | AL30: ='BASE PRESUPUESTO'!Q27 -> 56302.266 | AM30: ='BASE PRESUPUESTO'!R27 -> 0
A31: ='BASE PRESUPUESTO'!A28 -> 24 | B31: LA PAVA | C31: ='BASE PRESUPUESTO'!C28 -> 2.10 | D31: ='BASE PRESUPUESTO'!D28 -> ESMALTE MALLA ESLABONADA 2,1/2"-2" | E31: ='BASE PRESUPUESTO'!H28 -> 408128 | M31: 1 | S31: =SUM(F31:R31) -> 1 | AA31: 1 | AH31: =SUM(U31:AG31) -> 1 | AJ31: ='BASE PRESUPUESTO'!O28 -> 149157.27 | AK31: ='BASE PRESUPUESTO'!P28 -> 254230.04 | AL31: ='BASE PRESUPUESTO'!Q28 -> 4740.6904 | AM31: ='BASE PRESUPUESTO'!R28 -> 0
A32: ='BASE PRESUPUESTO'!A29 -> 25 | B32: LA PAVA | C32: ='BASE PRESUPUESTO'!C29 -> 2.11 | D32: ='BASE PRESUPUESTO'!D29 -> DIAGONAL-HORIZ.TUBO GALV ACUEDUCTO 1 1/2" | E32: ='BASE PRESUPUESTO'!H29 -> 975040 | K32: 0.5 | L32: 0.5 | S32: =SUM(F32:R32) -> 1 | Y32: 1 | AH32: =SUM(U32:AG32) -> 1 | AJ32: ='BASE PRESUPUESTO'!O29 -> 401225.94 | AK32: ='BASE PRESUPUESTO'!P29 -> 395061.05 | AL32: ='BASE PRESUPUESTO'!Q29 -> 178753.01 | AM32: ='BASE PRESUPUESTO'!R29 -> 0
A33: ='BASE PRESUPUESTO'!A30 -> 26 | B33: LA PAVA | C33: ='BASE PRESUPUESTO'!C30 -> 2.12 | D33: ='BASE PRESUPUESTO'!D30 -> WASH - PRIMER | E33: ='BASE PRESUPUESTO'!H30 -> 897064 | L33: 1 | S33: =SUM(F33:R33) -> 1 | Z33: 1 | AH33: =SUM(U33:AG33) -> 1 | AJ33: ='BASE PRESUPUESTO'!O30 -> 412951.35 | AK33: ='BASE PRESUPUESTO'!P30 -> 439624.57 | AL33: ='BASE PRESUPUESTO'!Q30 -> 44488.073 | AM33: ='BASE PRESUPUESTO'!R30 -> 0
A34: ='BASE PRESUPUESTO'!A31 -> 27 | B34: LA PAVA | C34: ='BASE PRESUPUESTO'!C31 -> 2.13 | D34: ='BASE PRESUPUESTO'!D31 -> ALAMBRE DE PUAS # 12.5 - 3 HILOS | E34: ='BASE PRESUPUESTO'!H31 -> 123801 | M34: 1 | S34: =SUM(F34:R34) -> 1 | AA34: 1 | AH34: =SUM(U34:AG34) -> 1 | AJ34: ='BASE PRESUPUESTO'!O31 -> 82610.664 | AK34: ='BASE PRESUPUESTO'!P31 -> 38739.601 | AL34: ='BASE PRESUPUESTO'!Q31 -> 2450.7354 | AM34: ='BASE PRESUPUESTO'!R31 -> 0
A35: ='BASE PRESUPUESTO'!A32 -> 28 | B35: LA PAVA | C35: ='BASE PRESUPUESTO'!C32 -> 2.14 | D35: ='BASE PRESUPUESTO'!D32 -> PUERTA EN TUBERIA GALVANIZADA 11/2" Y MALLA ESLABONADA (0,8x2,0) | E35: ='BASE PRESUPUESTO'!H32 -> 1107371 | L35: 1 | S35: =SUM(F35:R35) -> 1 | Z35: 1 | AH35: =SUM(U35:AG35) -> 1 | AJ35: ='BASE PRESUPUESTO'!O32 -> 465375.78 | AK35: ='BASE PRESUPUESTO'!P32 -> 550739.29 | AL35: ='BASE PRESUPUESTO'!Q32 -> 91255.923 | AM35: ='BASE PRESUPUESTO'!R32 -> 0
A36: ='BASE PRESUPUESTO'!A33 -> 29 | B36: LA PAVA | C36: ='BASE PRESUPUESTO'!C33 -> 2.15 | D36: ='BASE PRESUPUESTO'!D33 -> ACARREO MATERIALES-ESCOMBROS 10 PERS | E36: ='BASE PRESUPUESTO'!H33 -> 1415132 | I36: 0.5 | M36: 0.5 | S36: =SUM(F36:R36) -> 1 | W36: 1 | AH36: =SUM(U36:AG36) -> 1 | AJ36: ='BASE PRESUPUESTO'!O33 -> 0 | AK36: ='BASE PRESUPUESTO'!P33 -> 0 | AL36: ='BASE PRESUPUESTO'!Q33 -> 0 | AM36: ='BASE PRESUPUESTO'!R33 -> 1415132
A37: ='BASE PRESUPUESTO'!A34 -> 30 | B37: LA PAVA | C37: ='BASE PRESUPUESTO'!C34 -> 2.16 | D37: ='BASE PRESUPUESTO'!D34 -> ACARREO MATERIALES CAMPERO-CAMIONETA | E37: ='BASE PRESUPUESTO'!H34 -> 2929743 | G37: 0.16666667 | H37: 0.16666667 | I37: 0.16666667 | J37: 0.16666667 | K37: 0.16666667 | L37: 0.16666667 | S37: =SUM(F37:R37) -> 1 | U37: 1 | AH37: =SUM(U37:AG37) -> 1 | AJ37: ='BASE PRESUPUESTO'!O34 -> 0 | AK37: ='BASE PRESUPUESTO'!P34 -> 0 | AL37: ='BASE PRESUPUESTO'!Q34 -> 0 | AM37: ='BASE PRESUPUESTO'!R34 -> 2929743
A38: ='BASE PRESUPUESTO'!A35 -> 31 | B38: LA PAVA | C38: ='BASE PRESUPUESTO'!C35 -> 2.17 | D38: ='BASE PRESUPUESTO'!D35 -> DESVIACION CAUCE ANCHOS ENTRE 0 Y 1 ML | E38: ='BASE PRESUPUESTO'!H35 -> 935295 | H38: 1 | S38: =SUM(F38:R38) -> 1 | V38: 1 | AH38: =SUM(U38:AG38) -> 1 | AJ38: ='BASE PRESUPUESTO'!O35 -> 0 | AK38: ='BASE PRESUPUESTO'!P35 -> 925961.68 | AL38: ='BASE PRESUPUESTO'!Q35 -> 9333.3203 | AM38: ='BASE PRESUPUESTO'!R35 -> 0
A39: ='BASE PRESUPUESTO'!A36 -> 32 | B39: LA PAVA | C39: ='BASE PRESUPUESTO'!C36 -> 2.18 | D39: ='BASE PRESUPUESTO'!D36 -> REJILLA HIERRO D=1/2" E=1/2" 0.8x0.40MTS | E39: ='BASE PRESUPUESTO'!H36 -> 135450 | H39: 1 | S39: =SUM(F39:R39) -> 1 | V39: 1 | AH39: =SUM(U39:AG39) -> 1 | AJ39: ='BASE PRESUPUESTO'!O36 -> 100095.09 | AK39: ='BASE PRESUPUESTO'!P36 -> 34883.139 | AL39: ='BASE PRESUPUESTO'!Q36 -> 471.77041 | AM39: ='BASE PRESUPUESTO'!R36 -> 0
A40: ='BASE PRESUPUESTO'!A37 -> 33 | B40: LA PAVA | C40: ='BASE PRESUPUESTO'!C37 -> 2.19 | D40: ='BASE PRESUPUESTO'!D37 -> ADECUACION DESARENADOR, CONSTRUCCION PANTALLA DEFLECTORA, CANAL RECOLECTOR SALIDA | E40: ='BASE PRESUPUESTO'!H37 -> 1538871 | H40: 0.5 | I40: 0.5 | S40: =SUM(F40:R40) -> 1 | V40: 1 | AH40: =SUM(U40:AG40) -> 1 | AJ40: ='BASE PRESUPUESTO'!O37 -> 357305.62 | AK40: ='BASE PRESUPUESTO'!P37 -> 1180720.4 | AL40: ='BASE PRESUPUESTO'!Q37 -> 845.00027 | AM40: ='BASE PRESUPUESTO'!R37 -> 0
A41: ACUEDUCTO SAN GERARDO ALTO
A42: ='BASE PRESUPUESTO'!A38 -> 34 | B42: SAN GERARDO ALTO | C42: ='BASE PRESUPUESTO'!C38 -> 1.1 | D42: ='BASE PRESUPUESTO'!D38 -> LOCALIZACION-REPLANTEO CERRAMIENTO-VARIO | E42: ='BASE PRESUPUESTO'!H38 -> 79753 | H42: 1 | S42: =SUM(F42:R42) -> 1 | V42: 1 | AH42: =SUM(U42:AG42) -> 1 | AJ42: ='BASE PRESUPUESTO'!O38 -> 11735.851 | AK42: ='BASE PRESUPUESTO'!P38 -> 58544.265 | AL42: ='BASE PRESUPUESTO'!Q38 -> 9472.884 | AM42: ='BASE PRESUPUESTO'!R38 -> 0
A43: ='BASE PRESUPUESTO'!A39 -> 35 | B43: SAN GERARDO ALTO | C43: ='BASE PRESUPUESTO'!C39 -> 1.2 | D43: ='BASE PRESUPUESTO'!D39 -> EXCAVACION EN CONGLOMERADO (MANUAL) | E43: ='BASE PRESUPUESTO'!H39 -> 316433 | H43: 1 | S43: =SUM(F43:R43) -> 1 | V43: 1 | AH43: =SUM(U43:AG43) -> 1 | AJ43: ='BASE PRESUPUESTO'!O39 -> 0 | AK43: ='BASE PRESUPUESTO'!P39 -> 305737.23 | AL43: ='BASE PRESUPUESTO'!Q39 -> 10695.767 | AM43: ='BASE PRESUPUESTO'!R39 -> 0
A44: ='BASE PRESUPUESTO'!A40 -> 36 | B44: SAN GERARDO ALTO | C44: ='BASE PRESUPUESTO'!C40 -> 2.1 | D44: ='BASE PRESUPUESTO'!D40 -> NIVELACION PISO Y GRAVA E=0,10 MTS | E44: ='BASE PRESUPUESTO'!H40 -> 1476114 | I44: 1 | S44: =SUM(F44:R44) -> 1 | W44: 1 | AH44: =SUM(U44:AG44) -> 1 | AJ44: ='BASE PRESUPUESTO'!O40 -> 669735.01 | AK44: ='BASE PRESUPUESTO'!P40 -> 798757.09 | AL44: ='BASE PRESUPUESTO'!Q40 -> 7621.9001 | AM44: ='BASE PRESUPUESTO'!R40 -> 0
A45: ='BASE PRESUPUESTO'!A41 -> 37 | B45: SAN GERARDO ALTO | C45: ='BASE PRESUPUESTO'!C41 -> 2.2 | D45: ='BASE PRESUPUESTO'!D41 -> TANQUE PLASTICO 5.000 LTS | E45: ='BASE PRESUPUESTO'!H41 -> 9197064 | K45: 1 | S45: =SUM(F45:R45) -> 1 | Y45: 1 | AH45: =SUM(U45:AG45) -> 1 | AJ45: ='BASE PRESUPUESTO'!O41 -> 8620264.8 | AK45: ='BASE PRESUPUESTO'!P41 -> 576799.16 | AL45: ='BASE PRESUPUESTO'!Q41 -> 0 | AM45: ='BASE PRESUPUESTO'!R41 -> 0
A46: ='BASE PRESUPUESTO'!A42 -> 38 | B46: SAN GERARDO ALTO | C46: ='BASE PRESUPUESTO'!C42 -> 2.3 | D46: ='BASE PRESUPUESTO'!D42 -> FLOTADOR DE 1" PARA TANQUE 5,000 LTS, INCLUYE ACCESORIOS INSTALACION | E46: ='BASE PRESUPUESTO'!H42 -> 409298 | K46: 1 | S46: =SUM(F46:R46) -> 1 | Y46: 1 | AH46: =SUM(U46:AG46) -> 1 | AJ46: ='BASE PRESUPUESTO'!O42 -> 283500 | AK46: ='BASE PRESUPUESTO'!P42 -> 125460 | AL46: ='BASE PRESUPUESTO'!Q42 -> 338 | AM46: ='BASE PRESUPUESTO'!R42 -> 0
A47: ='BASE PRESUPUESTO'!A43 -> 39 | B47: SAN GERARDO ALTO | C47: ='BASE PRESUPUESTO'!C43 -> 2.4 | D47: ='BASE PRESUPUESTO'!D43 -> CONEXIÓNES EN 2" TANQUE PLASTICOS CON LA RED DE DISTRIBUCION, BY - PASS, LAVADO Y REBOSE | E47: ='BASE PRESUPUESTO'!H43 -> 2636586 | K47: 0.5 | L47: 0.5 | S47: =SUM(F47:R47) -> 1 | Y47: 1 | AH47: =SUM(U47:AG47) -> 1 | AJ47: ='BASE PRESUPUESTO'!O43 -> 1375226.2 | AK47: ='BASE PRESUPUESTO'!P43 -> 1254599.8 | AL47: ='BASE PRESUPUESTO'!Q43 -> 6759.999 | AM47: ='BASE PRESUPUESTO'!R43 -> 0
A48: ='BASE PRESUPUESTO'!A44 -> 40 | B48: SAN GERARDO ALTO | C48: ='BASE PRESUPUESTO'!C44 -> 2.5 | D48: ='BASE PRESUPUESTO'!D44 -> SOLADO ESPESOR E=0.05M 3000 PSI 210 MPA | E48: ='BASE PRESUPUESTO'!H44 -> 203335 | I48: 1 | S48: =SUM(F48:R48) -> 1 | W48: 1 | AH48: =SUM(U48:AG48) -> 1 | AJ48: ='BASE PRESUPUESTO'!O44 -> 125192.65 | AK48: ='BASE PRESUPUESTO'!P44 -> 77257.7 | AL48: ='BASE PRESUPUESTO'!Q44 -> 884.65013 | AM48: ='BASE PRESUPUESTO'!R44 -> 0
A49: ='BASE PRESUPUESTO'!A45 -> 41 | B49: SAN GERARDO ALTO | C49: ='BASE PRESUPUESTO'!C45 -> 2.6 | D49: ='BASE PRESUPUESTO'!D45 -> VIGA CIMIENTO ENLACE H-20-40CM 3100 PSI | E49: ='BASE PRESUPUESTO'!H45 -> 2457229 | I49: 0.5 | J49: 0.5 | S49: =SUM(F49:R49) -> 1 | W49: 1 | AH49: =SUM(U49:AG49) -> 1 | AJ49: ='BASE PRESUPUESTO'!O45 -> 1545149.3 | AK49: ='BASE PRESUPUESTO'!P45 -> 900323.2 | AL49: ='BASE PRESUPUESTO'!Q45 -> 11756.469 | AM49: ='BASE PRESUPUESTO'!R45 -> 0
A50: ='BASE PRESUPUESTO'!A46 -> 42 | B50: SAN GERARDO ALTO | C50: ='BASE PRESUPUESTO'!C46 -> 2.7 | D50: ='BASE PRESUPUESTO'!D46 -> COLUMNA AMARRE MURO | E50: ='BASE PRESUPUESTO'!H46 -> 423869 | J50: 1 | S50: =SUM(F50:R50) -> 1 | X50: 1 | AH50: =SUM(U50:AG50) -> 1 | AJ50: ='BASE PRESUPUESTO'!O46 -> 134062.53 | AK50: ='BASE PRESUPUESTO'!P46 -> 282240.67 | AL50: ='BASE PRESUPUESTO'!Q46 -> 7565.7954 | AM50: ='BASE PRESUPUESTO'!R46 -> 0
A51: ='BASE PRESUPUESTO'!A47 -> 43 | B51: SAN GERARDO ALTO | C51: ='BASE PRESUPUESTO'!C47 -> 2.8 | D51: ='BASE PRESUPUESTO'!D47 -> MURO LADRILLO SOGA LIMPIO 2C | E51: ='BASE PRESUPUESTO'!H47 -> 1475485 | J51: 1 | S51: =SUM(F51:R51) -> 1 | X51: 1 | AH51: =SUM(U51:AG51) -> 1 | AJ51: ='BASE PRESUPUESTO'!O47 -> 816437.83 | AK51: ='BASE PRESUPUESTO'!P47 -> 446723.49 | AL51: ='BASE PRESUPUESTO'!Q47 -> 212323.68 | AM51: ='BASE PRESUPUESTO'!R47 -> 0
A52: ='BASE PRESUPUESTO'!A48 -> 44 | B52: SAN GERARDO ALTO | C52: ='BASE PRESUPUESTO'!C48 -> 2.9 | D52: ='BASE PRESUPUESTO'!D48 -> CINTA CONFINAMIENTO MURO | E52: ='BASE PRESUPUESTO'!H48 -> 1358104 | K52: 1 | S52: =SUM(F52:R52) -> 1 | Y52: 1 | AH52: =SUM(U52:AG52) -> 1 | AJ52: ='BASE PRESUPUESTO'!O48 -> 272810.06 | AK52: ='BASE PRESUPUESTO'!P48 -> 1064590.1 | AL52: ='BASE PRESUPUESTO'!Q48 -> 20703.856 | AM52: ='BASE PRESUPUESTO'!R48 -> 0
A53: ='BASE PRESUPUESTO'!A49 -> 45 | B53: SAN GERARDO ALTO | C53: ='BASE PRESUPUESTO'!C49 -> 2.10 | D53: ='BASE PRESUPUESTO'!D49 -> ACERO REFUERZO FLEJADO 60000 PSI 420 Mpa | E53: ='BASE PRESUPUESTO'!H49 -> 1341560 | I53: 1 | S53: =SUM(F53:R53) -> 1 | W53: 1 | AH53: =SUM(U53:AG53) -> 1 | AJ53: ='BASE PRESUPUESTO'!O49 -> 1083588.8 | AK53: ='BASE PRESUPUESTO'!P49 -> 257971.15 | AL53: ='BASE PRESUPUESTO'!Q49 -> 0 | AM53: ='BASE PRESUPUESTO'!R49 -> 0
A54: ='BASE PRESUPUESTO'!A50 -> 46 | B54: SAN GERARDO ALTO | C54: ='BASE PRESUPUESTO'!C50 -> 2.11 | D54: ='BASE PRESUPUESTO'!D50 -> POSTE TUBO GALV. 1 1/2"X3.0MM C.11 | E54: ='BASE PRESUPUESTO'!H50 -> 1789656 | L54: 1 | S54: =SUM(F54:R54) -> 1 | Z54: 1 | AH54: =SUM(U54:AG54) -> 1 | AJ54: ='BASE PRESUPUESTO'!O50 -> 770052.94 | AK54: ='BASE PRESUPUESTO'!P50 -> 660937.6 | AL54: ='BASE PRESUPUESTO'!Q50 -> 358665.45 | AM54: ='BASE PRESUPUESTO'!R50 -> 0
A55: ='BASE PRESUPUESTO'!A51 -> 47 | B55: SAN GERARDO ALTO | C55: ='BASE PRESUPUESTO'!C51 -> 2.12 | D55: ='BASE PRESUPUESTO'!D51 -> ESMALTE SOBRE TUBERIA METALICA-PVC | E55: ='BASE PRESUPUESTO'!H51 -> 679833 | N55: 1 | S55: =SUM(F55:R55) -> 1 | AB55: 1 | AH55: =SUM(U55:AG55) -> 1 | AJ55: ='BASE PRESUPUESTO'!O51 -> 448720.5 | AK55: ='BASE PRESUPUESTO'!P51 -> 212966.39 | AL55: ='BASE PRESUPUESTO'!Q51 -> 18146.108 | AM55: ='BASE PRESUPUESTO'!R51 -> 0
A56: ='BASE PRESUPUESTO'!A52 -> 48 | B56: SAN GERARDO ALTO | C56: ='BASE PRESUPUESTO'!C52 -> 2.13 | D56: ='BASE PRESUPUESTO'!D52 -> MALLA ESLABONADA GALV# 10 ROMBO 2" | E56: ='BASE PRESUPUESTO'!H52 -> 2427214 | M56: 1 | S56: =SUM(F56:R56) -> 1 | AA56: 1 | AH56: =SUM(U56:AG56) -> 1 | AJ56: ='BASE PRESUPUESTO'!O52 -> 1416006.8 | AK56: ='BASE PRESUPUESTO'!P52 -> 960535.13 | AL56: ='BASE PRESUPUESTO'!Q52 -> 50672.048 | AM56: ='BASE PRESUPUESTO'!R52 -> 0
A57: ='BASE PRESUPUESTO'!A53 -> 49 | B57: SAN GERARDO ALTO | C57: ='BASE PRESUPUESTO'!C53 -> 2.14 | D57: ='BASE PRESUPUESTO'!D53 -> ESMALTE MALLA ESLABONADA 2,1/2"-2" | E57: ='BASE PRESUPUESTO'!H53 -> 367315 | N57: 1 | S57: =SUM(F57:R57) -> 1 | AB57: 1 | AH57: =SUM(U57:AG57) -> 1 | AJ57: ='BASE PRESUPUESTO'!O53 -> 134241.47 | AK57: ='BASE PRESUPUESTO'!P53 -> 228806.91 | AL57: ='BASE PRESUPUESTO'!Q53 -> 4266.619 | AM57: ='BASE PRESUPUESTO'!R53 -> 0
A58: ='BASE PRESUPUESTO'!A54 -> 50 | B58: SAN GERARDO ALTO | C58: ='BASE PRESUPUESTO'!C54 -> 2.15 | D58: ='BASE PRESUPUESTO'!D54 -> DIAGONAL-HORIZ.TUBO GALV ACUEDUCTO 1 1/2" | E58: ='BASE PRESUPUESTO'!H54 -> 975040 | L58: 1 | S58: =SUM(F58:R58) -> 1 | Z58: 1 | AH58: =SUM(U58:AG58) -> 1 | AJ58: ='BASE PRESUPUESTO'!O54 -> 401225.94 | AK58: ='BASE PRESUPUESTO'!P54 -> 395061.05 | AL58: ='BASE PRESUPUESTO'!Q54 -> 178753.01 | AM58: ='BASE PRESUPUESTO'!R54 -> 0
A59: ='BASE PRESUPUESTO'!A55 -> 51 | B59: SAN GERARDO ALTO | C59: ='BASE PRESUPUESTO'!C55 -> 2.16 | D59: ='BASE PRESUPUESTO'!D55 -> WASH - PRIMER | E59: ='BASE PRESUPUESTO'!H55 -> 807358 | M59: 1 | S59: =SUM(F59:R59) -> 1 | AA59: 1 | AH59: =SUM(U59:AG59) -> 1 | AJ59: ='BASE PRESUPUESTO'!O55 -> 371656.4 | AK59: ='BASE PRESUPUESTO'!P55 -> 395662.31 | AL59: ='BASE PRESUPUESTO'!Q55 -> 40039.285 | AM59: ='BASE PRESUPUESTO'!R55 -> 0
A60: ='BASE PRESUPUESTO'!A56 -> 52 | B60: SAN GERARDO ALTO | C60: ='BASE PRESUPUESTO'!C56 -> 2.17 | D60: ='BASE PRESUPUESTO'!D56 -> ALAMBRE DE PUAS # 12.5 - 3 HILOS | E60: ='BASE PRESUPUESTO'!H56 -> 111848 | N60: 1 | S60: =SUM(F60:R60) -> 1 | AB60: 1 | AH60: =SUM(U60:AG60) -> 1 | AJ60: ='BASE PRESUPUESTO'!O56 -> 74634.595 | AK60: ='BASE PRESUPUESTO'!P56 -> 34999.288 | AL60: ='BASE PRESUPUESTO'!Q56 -> 2214.1166 | AM60: ='BASE PRESUPUESTO'!R56 -> 0
A61: ='BASE PRESUPUESTO'!A57 -> 53 | B61: SAN GERARDO ALTO | C61: ='BASE PRESUPUESTO'!C57 -> 2.18 | D61: ='BASE PRESUPUESTO'!D57 -> NAVE PUERTA TUBO ACUE MALLA(2x0.60-1.0) | E61: ='BASE PRESUPUESTO'!H57 -> 1107371 | M61: 1 | S61: =SUM(F61:R61) -> 1 | AA61: 1 | AH61: =SUM(U61:AG61) -> 1 | AJ61: ='BASE PRESUPUESTO'!O57 -> 465375.78 | AK61: ='BASE PRESUPUESTO'!P57 -> 550739.29 | AL61: ='BASE PRESUPUESTO'!Q57 -> 91255.923 | AM61: ='BASE PRESUPUESTO'!R57 -> 0
A62: ='BASE PRESUPUESTO'!A58 -> 54 | B62: SAN GERARDO ALTO | C62: ='BASE PRESUPUESTO'!C58 -> 2.19 | D62: ='BASE PRESUPUESTO'!D58 -> ACARREO MATERIALES-ESCOMBROS 10 PERS | E62: ='BASE PRESUPUESTO'!H58 -> 707566 | J62: 0.5 | N62: 0.5 | S62: =SUM(F62:R62) -> 1 | X62: 1 | AH62: =SUM(U62:AG62) -> 1 | AJ62: ='BASE PRESUPUESTO'!O58 -> 0 | AK62: ='BASE PRESUPUESTO'!P58 -> 0 | AL62: ='BASE PRESUPUESTO'!Q58 -> 0 | AM62: ='BASE PRESUPUESTO'!R58 -> 707566
A63: ='BASE PRESUPUESTO'!A59 -> 55 | B63: SAN GERARDO ALTO | C63: ='BASE PRESUPUESTO'!C59 -> 2.20 | D63: ='BASE PRESUPUESTO'!D59 -> ACARREO MATERIALES CAMPERO-CAMIONETA | E63: ='BASE PRESUPUESTO'!H59 -> 3447749 | H63: 0.16666667 | I63: 0.16666667 | J63: 0.16666667 | K63: 0.16666667 | L63: 0.16666667 | M63: 0.16666667 | S63: =SUM(F63:R63) -> 1 | V63: 1 | AH63: =SUM(U63:AG63) -> 1 | AJ63: ='BASE PRESUPUESTO'!O59 -> 0 | AK63: ='BASE PRESUPUESTO'!P59 -> 0 | AL63: ='BASE PRESUPUESTO'!Q59 -> 0 | AM63: ='BASE PRESUPUESTO'!R59 -> 3447749
A64: ='BASE PRESUPUESTO'!A60 -> 56 | B64: SAN GERARDO ALTO | C64: ='BASE PRESUPUESTO'!C60 -> 2.21 | D64: ='BASE PRESUPUESTO'!D60 -> ACARREO MATERIALES TRACCION ANIMAL | E64: ='BASE PRESUPUESTO'!H60 -> 1035139 | H64: 0.16666667 | I64: 0.16666667 | J64: 0.16666667 | K64: 0.16666667 | L64: 0.16666667 | M64: 0.16666667 | S64: =SUM(F64:R64) -> 1 | V64: 1 | AH64: =SUM(U64:AG64) -> 1 | AJ64: ='BASE PRESUPUESTO'!O60 -> 0 | AK64: ='BASE PRESUPUESTO'!P60 -> 0 | AL64: ='BASE PRESUPUESTO'!Q60 -> 0 | AM64: ='BASE PRESUPUESTO'!R60 -> 1035139
A65: ACUEDUCTO LIMONES
A66: ='BASE PRESUPUESTO'!A61 -> 57 | B66: LIMONES | C66: ='BASE PRESUPUESTO'!C61 -> 1.1 | D66: ='BASE PRESUPUESTO'!D61 -> LOCALIZACION-REPLANTEO ACUEDUCTO-ALCANTARILLADO | E66: ='BASE PRESUPUESTO'!H61 -> 1353500 | F66: 1 | S66: =SUM(F66:R66) -> 1 | U66: 1 | AH66: =SUM(U66:AG66) -> 1 | AJ66: ='BASE PRESUPUESTO'!O61 -> 223013.18 | AK66: ='BASE PRESUPUESTO'!P61 -> 950476.18 | AL66: ='BASE PRESUPUESTO'!Q61 -> 180010.64 | AM66: ='BASE PRESUPUESTO'!R61 -> 0
A67: ='BASE PRESUPUESTO'!A62 -> 58 | B67: LIMONES | C67: ='BASE PRESUPUESTO'!C62 -> 1.2 | D67: ='BASE PRESUPUESTO'!D62 -> BODEGAJE | E67: ='BASE PRESUPUESTO'!H62 -> 563004 | F67: 0.083333333 | G67: 0.083333333 | H67: 0.083333333 | I67: 0.083333333 | J67: 0.083333333 | K67: 0.083333333 | L67: 0.083333333 | M67: 0.083333333 | N67: 0.083333333 | O67: 0.083333333 | P67: 0.083333333 | Q67: 0.083333333 | S67: =SUM(F67:R67) -> 1 | U67: 1 | AH67: =SUM(U67:AG67) -> 1 | AJ67: ='BASE PRESUPUESTO'!O62 -> 0 | AK67: ='BASE PRESUPUESTO'!P62 -> 0 | AL67: ='BASE PRESUPUESTO'!Q62 -> 0 | AM67: ='BASE PRESUPUESTO'!R62 -> 563004
A68: ='BASE PRESUPUESTO'!A63 -> 59 | B68: LIMONES | C68: ='BASE PRESUPUESTO'!C63 -> 1.3 | D68: ='BASE PRESUPUESTO'!D63 -> EXCAVACION EN CONGLOMERADO (MANUAL) | E68: ='BASE PRESUPUESTO'!H63 -> 2806500 | F68: 0.33333333 | G68: 0.33333333 | H68: 0.33333333 | S68: =SUM(F68:R68) -> 1 | U68: 1 | AH68: =SUM(U68:AG68) -> 1 | AJ68: ='BASE PRESUPUESTO'!O63 -> 0 | AK68: ='BASE PRESUPUESTO'!P63 -> 2711637.4 | AL68: ='BASE PRESUPUESTO'!Q63 -> 94862.644 | AM68: ='BASE PRESUPUESTO'!R63 -> 0
A69: ='BASE PRESUPUESTO'!A64 -> 60 | B69: LIMONES | C69: ='BASE PRESUPUESTO'!C64 -> 2.1 | D69: ='BASE PRESUPUESTO'!D64 -> DESVIACION CAUCE ANCHOS ENTRE 0 Y 1 ML | E69: ='BASE PRESUPUESTO'!H64 -> 187059 | G69: 1 | S69: =SUM(F69:R69) -> 1 | U69: 1 | AH69: =SUM(U69:AG69) -> 1 | AJ69: ='BASE PRESUPUESTO'!O64 -> 0 | AK69: ='BASE PRESUPUESTO'!P64 -> 185192.34 | AL69: ='BASE PRESUPUESTO'!Q64 -> 1866.6641 | AM69: ='BASE PRESUPUESTO'!R64 -> 0
A70: ='BASE PRESUPUESTO'!A65 -> 61 | B70: LIMONES | C70: ='BASE PRESUPUESTO'!C65 -> 2.2 | D70: ='BASE PRESUPUESTO'!D65 -> REJILLA HIERRO D-1/2" E=1/2" 0.8x0.40 MTS | E70: ='BASE PRESUPUESTO'!H65 -> 135450 | H70: 1 | S70: =SUM(F70:R70) -> 1 | V70: 1 | AH70: =SUM(U70:AG70) -> 1 | AJ70: ='BASE PRESUPUESTO'!O65 -> 100095.09 | AK70: ='BASE PRESUPUESTO'!P65 -> 34883.139 | AL70: ='BASE PRESUPUESTO'!Q65 -> 471.77041 | AM70: ='BASE PRESUPUESTO'!R65 -> 0
A71: ='BASE PRESUPUESTO'!A66 -> 62 | B71: LIMONES | C71: ='BASE PRESUPUESTO'!C66 -> 2.3 | D71: ='BASE PRESUPUESTO'!D66 -> LOSA DE PISO EN CONCRETO REFORZADO 3,000 PSI - DESARENADOR | E71: ='BASE PRESUPUESTO'!H66 -> 1753473 | H71: 1 | S71: =SUM(F71:R71) -> 1 | V71: 1 | AH71: =SUM(U71:AG71) -> 1 | AJ71: ='BASE PRESUPUESTO'!O66 -> 997552.14 | AK71: ='BASE PRESUPUESTO'!P66 -> 739798.26 | AL71: ='BASE PRESUPUESTO'!Q66 -> 16122.597 | AM71: ='BASE PRESUPUESTO'!R66 -> 0
A72: ='BASE PRESUPUESTO'!A67 -> 63 | B72: LIMONES | C72: ='BASE PRESUPUESTO'!C67 -> 2.4 | D72: ='BASE PRESUPUESTO'!D67 -> MUROS EN CONCRETO REFORZADO DE 3,000 PSI - DESARENADOR | E72: ='BASE PRESUPUESTO'!H67 -> 2943663 | I72: 0.5 | J72: 0.5 | S72: =SUM(F72:R72) -> 1 | W72: 1 | AH72: =SUM(U72:AG72) -> 1 | AJ72: ='BASE PRESUPUESTO'!O67 -> 1699001.7 | AK72: ='BASE PRESUPUESTO'!P67 -> 1230957.1 | AL72: ='BASE PRESUPUESTO'!Q67 -> 13704.211 | AM72: ='BASE PRESUPUESTO'!R67 -> 0
A73: ='BASE PRESUPUESTO'!A68 -> 64 | B73: LIMONES | C73: ='BASE PRESUPUESTO'!C68 -> 2.5 | D73: ='BASE PRESUPUESTO'!D68 -> LOSA DE CUBIERTA EN CONCRETO REFORZADO DE 3,000 PSI - DESARENADOR | E73: ='BASE PRESUPUESTO'!H68 -> 2107262 | K73: 1 | S73: =SUM(F73:R73) -> 1 | Y73: 1 | AH73: =SUM(U73:AG73) -> 1 | AJ73: ='BASE PRESUPUESTO'!O68 -> 910764.95 | AK73: ='BASE PRESUPUESTO'!P68 -> 1180374.5 | AL73: ='BASE PRESUPUESTO'!Q68 -> 16122.597 | AM73: ='BASE PRESUPUESTO'!R68 -> 0
A74: ='BASE PRESUPUESTO'!A69 -> 65 | B74: LIMONES | C74: ='BASE PRESUPUESTO'!C69 -> 2.6 | D74: ='BASE PRESUPUESTO'!D69 -> TAPAS PLASTICA | E74: ='BASE PRESUPUESTO'!H69 -> 750000 | L74: 1 | S74: =SUM(F74:R74) -> 1 | Z74: 1 | AH74: =SUM(U74:AG74) -> 1 | AJ74: ='BASE PRESUPUESTO'!O69 -> 692417.2 | AK74: ='BASE PRESUPUESTO'!P69 -> 57114.725 | AL74: ='BASE PRESUPUESTO'!Q69 -> 468.07403 | AM74: ='BASE PRESUPUESTO'!R69 -> 0
A75: ='BASE PRESUPUESTO'!A70 -> 66 | B75: LIMONES | C75: ='BASE PRESUPUESTO'!C70 -> 2.7 | D75: ='BASE PRESUPUESTO'!D70 -> ACERO REFUERZO FLEJADO 60000 PSI 420 Mpa | E75: ='BASE PRESUPUESTO'!H70 -> 3217183 | H75: 0.5 | I75: 0.5 | S75: =SUM(F75:R75) -> 1 | V75: 1 | AH75: =SUM(U75:AG75) -> 1 | AJ75: ='BASE PRESUPUESTO'!O70 -> 2598544.7 | AK75: ='BASE PRESUPUESTO'!P70 -> 618638.31 | AL75: ='BASE PRESUPUESTO'!Q70 -> 0 | AM75: ='BASE PRESUPUESTO'!R70 -> 0
A76: ='BASE PRESUPUESTO'!A71 -> 67 | B76: LIMONES | C76: ='BASE PRESUPUESTO'!C71 -> 2.8 | D76: ='BASE PRESUPUESTO'!D71 -> VALVULAS DE CIERRE, LAVADO Y BY-PASS EN 1/2" | E76: ='BASE PRESUPUESTO'!H71 -> 1417833 | L76: 1 | S76: =SUM(F76:R76) -> 1 | Z76: 1 | AH76: =SUM(U76:AG76) -> 1 | AJ76: ='BASE PRESUPUESTO'!O71 -> 470123.26 | AK76: ='BASE PRESUPUESTO'!P71 -> 940949.74 | AL76: ='BASE PRESUPUESTO'!Q71 -> 6759.9981 | AM76: ='BASE PRESUPUESTO'!R71 -> 0
A77: ='BASE PRESUPUESTO'!A72 -> 68 | B77: LIMONES | C77: ='BASE PRESUPUESTO'!C72 -> 2.9 | D77: ='BASE PRESUPUESTO'!D72 -> COLCHON ARENA GRUESA E=5-7CM | E77: ='BASE PRESUPUESTO'!H72 -> 509334 | L77: 0.33333333 | M77: 0.33333333 | N77: 0.33333333 | S77: =SUM(F77:R77) -> 1 | Z77: 1 | AH77: =SUM(U77:AG77) -> 1 | AJ77: ='BASE PRESUPUESTO'!O72 -> 458863.88 | AK77: ='BASE PRESUPUESTO'!P72 -> 49286.184 | AL77: ='BASE PRESUPUESTO'!Q72 -> 1183.9389 | AM77: ='BASE PRESUPUESTO'!R72 -> 0
A78: ='BASE PRESUPUESTO'!A73 -> 69 | B78: LIMONES | C78: ='BASE PRESUPUESTO'!C73 -> 2.10 | D78: ='BASE PRESUPUESTO'!D73 -> TUBERIA PVC 1,1/2" | E78: ='BASE PRESUPUESTO'!H73 -> 9876000 | L78: 0.33333333 | M78: 0.33333333 | N78: 0.33333333 | S78: =SUM(F78:R78) -> 1 | Z78: 1 | AH78: =SUM(U78:AG78) -> 1 | AJ78: ='BASE PRESUPUESTO'!O73 -> 5218880.8 | AK78: ='BASE PRESUPUESTO'!P73 -> 4234588 | AL78: ='BASE PRESUPUESTO'!Q73 -> 422531.23 | AM78: ='BASE PRESUPUESTO'!R73 -> 0
A79: ='BASE PRESUPUESTO'!A74 -> 70 | B79: LIMONES | C79: ='BASE PRESUPUESTO'!C74 -> 2.11 | D79: ='BASE PRESUPUESTO'!D74 -> NIVELACION PISO Y GRAVA E=0,10 MTS | E79: ='BASE PRESUPUESTO'!H74 -> 1476114 | O79: 1 | S79: =SUM(F79:R79) -> 1 | AC79: 1 | AH79: =SUM(U79:AG79) -> 1 | AJ79: ='BASE PRESUPUESTO'!O74 -> 669735.01 | AK79: ='BASE PRESUPUESTO'!P74 -> 798757.09 | AL79: ='BASE PRESUPUESTO'!Q74 -> 7621.9001 | AM79: ='BASE PRESUPUESTO'!R74 -> 0
A80: ='BASE PRESUPUESTO'!A75 -> 71 | B80: LIMONES | C80: ='BASE PRESUPUESTO'!C75 -> 2.12 | D80: ='BASE PRESUPUESTO'!D75 -> TANQUE PLASTICO 5.000 LTS | E80: ='BASE PRESUPUESTO'!H75 -> 9197064 | O80: 1 | S80: =SUM(F80:R80) -> 1 | AC80: 1 | AH80: =SUM(U80:AG80) -> 1 | AJ80: ='BASE PRESUPUESTO'!O75 -> 8620264.8 | AK80: ='BASE PRESUPUESTO'!P75 -> 576799.16 | AL80: ='BASE PRESUPUESTO'!Q75 -> 0 | AM80: ='BASE PRESUPUESTO'!R75 -> 0
A81: ='BASE PRESUPUESTO'!A76 -> 72 | B81: LIMONES | C81: ='BASE PRESUPUESTO'!C76 -> 2.13 | D81: ='BASE PRESUPUESTO'!D76 -> FLOTADOR DE 1" PARA TANQUE 5,000 LTS, INCLUYE ACCESORIOS INSTALACION | E81: ='BASE PRESUPUESTO'!H76 -> 409298 | O81: 1 | S81: =SUM(F81:R81) -> 1 | AC81: 1 | AH81: =SUM(U81:AG81) -> 1 | AJ81: ='BASE PRESUPUESTO'!O76 -> 283500 | AK81: ='BASE PRESUPUESTO'!P76 -> 125460 | AL81: ='BASE PRESUPUESTO'!Q76 -> 338 | AM81: ='BASE PRESUPUESTO'!R76 -> 0
A82: ='BASE PRESUPUESTO'!A77 -> 73 | B82: LIMONES | C82: ='BASE PRESUPUESTO'!C77 -> 2.14 | D82: ='BASE PRESUPUESTO'!D77 -> CONEXIÓN TANQUE PLASTICOS CON LA RED DE DISTRIBUCION, BY - PASS, LAVADO Y REBOSE | E82: ='BASE PRESUPUESTO'!H77 -> 1984056 | P82: 1 | S82: =SUM(F82:R82) -> 1 | AD82: 1 | AH82: =SUM(U82:AG82) -> 1 | AJ82: ='BASE PRESUPUESTO'!O77 -> 722695.99 | AK82: ='BASE PRESUPUESTO'!P77 -> 1254600 | AL82: ='BASE PRESUPUESTO'!Q77 -> 6760 | AM82: ='BASE PRESUPUESTO'!R77 -> 0
A83: ='BASE PRESUPUESTO'!A78 -> 74 | B83: LIMONES | C83: ='BASE PRESUPUESTO'!C78 -> 2.15 | D83: ='BASE PRESUPUESTO'!D78 -> ACARREO MATERIALES TRACCION ANIMAL | E83: ='BASE PRESUPUESTO'!H78 -> 1714214 | G83: 0.11111111 | H83: 0.11111111 | I83: 0.11111111 | J83: 0.11111111 | K83: 0.11111111 | L83: 0.11111111 | M83: 0.11111111 | N83: 0.11111111 | O83: 0.11111111 | S83: =SUM(F83:R83) -> 1 | U83: 1 | AH83: =SUM(U83:AG83) -> 1 | AJ83: ='BASE PRESUPUESTO'!O78 -> 0 | AK83: ='BASE PRESUPUESTO'!P78 -> 0 | AL83: ='BASE PRESUPUESTO'!Q78 -> 0 | AM83: ='BASE PRESUPUESTO'!R78 -> 1714214
A84: ='BASE PRESUPUESTO'!A79 -> 75 | B84: LIMONES | C84: ='BASE PRESUPUESTO'!C79 -> 2.16 | D84: ='BASE PRESUPUESTO'!D79 -> ACARREO MATERIALES-ESCOMBROS 10 PERS | E84: ='BASE PRESUPUESTO'!H79 -> 707566 | J84: 0.5 | P84: 0.5 | S84: =SUM(F84:R84) -> 1 | X84: 1 | AH84: =SUM(U84:AG84) -> 1 | AJ84: ='BASE PRESUPUESTO'!O79 -> 0 | AK84: ='BASE PRESUPUESTO'!P79 -> 0 | AL84: ='BASE PRESUPUESTO'!Q79 -> 0 | AM84: ='BASE PRESUPUESTO'!R79 -> 707566
A85: ='BASE PRESUPUESTO'!A80 -> 76 | B85: LIMONES | C85: ='BASE PRESUPUESTO'!C80 -> 2.17 | D85: ='BASE PRESUPUESTO'!D80 -> ACARREO MATERIALES CAMPERO-CAMIONETA | E85: ='BASE PRESUPUESTO'!H80 -> 2370968 | F85: 0.1 | G85: 0.1 | H85: 0.1 | I85: 0.1 | J85: 0.1 | K85: 0.1 | L85: 0.1 | M85: 0.1 | N85: 0.1 | O85: 0.1 | S85: =SUM(F85:R85) -> 1 | U85: 1 | AH85: =SUM(U85:AG85) -> 1 | AJ85: ='BASE PRESUPUESTO'!O80 -> 0 | AK85: ='BASE PRESUPUESTO'!P80 -> 0 | AL85: ='BASE PRESUPUESTO'!Q80 -> 0 | AM85: ='BASE PRESUPUESTO'!R80 -> 2370968
A86: ACUEDUCTO SAMARIA
A87: ='BASE PRESUPUESTO'!A81 -> 77 | B87: SAMARIA | C87: ='BASE PRESUPUESTO'!C81 -> 1.1 | D87: ='BASE PRESUPUESTO'!D81 -> SUMINISTRO E INSTALACION DOSIFICADOR DE CLORO | E87: ='BASE PRESUPUESTO'!H81 -> 3000000 | K87: 1 | S87: =SUM(F87:R87) -> 1 | Y87: 1 | AH87: =SUM(U87:AG87) -> 1 | AJ87: ='BASE PRESUPUESTO'!O81 -> 2550000 | AK87: ='BASE PRESUPUESTO'!P81 -> 420000 | AL87: ='BASE PRESUPUESTO'!Q81 -> 30000 | AM87: ='BASE PRESUPUESTO'!R81 -> 0
A88: ACUEDUCTO LAS DELICIAS
A89: ='BASE PRESUPUESTO'!A82 -> 78 | B89: LAS DELICIAS | C89: ='BASE PRESUPUESTO'!C82 -> 1.1 | D89: ='BASE PRESUPUESTO'!D82 -> LOCALIZACION-REPLANTEO ACUEDUCTO-ALCANTARILLADO | E89: ='BASE PRESUPUESTO'!H82 -> 660508 | I89: 1 | S89: =SUM(F89:R89) -> 1 | W89: 1 | AH89: =SUM(U89:AG89) -> 1 | AJ89: ='BASE PRESUPUESTO'!O82 -> 108830.43 | AK89: ='BASE PRESUPUESTO'!P82 -> 463832.38 | AL89: ='BASE PRESUPUESTO'!Q82 -> 87845.192 | AM89: ='BASE PRESUPUESTO'!R82 -> 0
A90: ='BASE PRESUPUESTO'!A83 -> 79 | B90: LAS DELICIAS | C90: ='BASE PRESUPUESTO'!C83 -> 1.2 | D90: ='BASE PRESUPUESTO'!D83 -> EXCAVACION EN CONGLOMERADO (MANUAL) | E90: ='BASE PRESUPUESTO'!H83 -> 4518465 | I90: 0.33333333 | J90: 0.33333333 | K90: 0.33333333 | S90: =SUM(F90:R90) -> 1 | W90: 1 | AH90: =SUM(U90:AG90) -> 1 | AJ90: ='BASE PRESUPUESTO'!O83 -> 0 | AK90: ='BASE PRESUPUESTO'!P83 -> 4365736.1 | AL90: ='BASE PRESUPUESTO'!Q83 -> 152728.86 | AM90: ='BASE PRESUPUESTO'!R83 -> 0
A91: ='BASE PRESUPUESTO'!A84 -> 80 | B91: LAS DELICIAS | C91: ='BASE PRESUPUESTO'!C84 -> 1.3 | D91: ='BASE PRESUPUESTO'!D84 -> BODEGAJE | E91: ='BASE PRESUPUESTO'!H84 -> 187668 | I91: 0.2 | J91: 0.2 | K91: 0.2 | L91: 0.2 | M91: 0.2 | S91: =SUM(F91:R91) -> 1 | W91: 1 | AH91: =SUM(U91:AG91) -> 1 | AJ91: ='BASE PRESUPUESTO'!O84 -> 0 | AK91: ='BASE PRESUPUESTO'!P84 -> 0 | AL91: ='BASE PRESUPUESTO'!Q84 -> 0 | AM91: ='BASE PRESUPUESTO'!R84 -> 187668
A92: ='BASE PRESUPUESTO'!A85 -> 81 | B92: LAS DELICIAS | C92: ='BASE PRESUPUESTO'!C85 -> 2.1 | D92: ='BASE PRESUPUESTO'!D85 -> ADECUACION BOCATOMA EXISTENTE, INSTALACION DE REJILLA 40 X70 | E92: ='BASE PRESUPUESTO'!H85 -> 2456747 | J92: 1 | S92: =SUM(F92:R92) -> 1 | X92: 1 | AH92: =SUM(U92:AG92) -> 1 | AJ92: ='BASE PRESUPUESTO'!O85 -> 1195386.8 | AK92: ='BASE PRESUPUESTO'!P85 -> 1254600.2 | AL92: ='BASE PRESUPUESTO'!Q85 -> 6760.0012 | AM92: ='BASE PRESUPUESTO'!R85 -> 0
A93: ='BASE PRESUPUESTO'!A86 -> 82 | B93: LAS DELICIAS | C93: ='BASE PRESUPUESTO'!C86 -> 2.2 | D93: ='BASE PRESUPUESTO'!D86 -> CONSTRUCCION BOCATOMA TIPO REPRESA CON REJILLA DE 40 X 80 | E93: ='BASE PRESUPUESTO'!H86 -> 6719753 | K93: 0.33333333 | L93: 0.33333333 | M93: 0.33333333 | S93: =SUM(F93:R93) -> 1 | Y93: 1 | AH93: =SUM(U93:AG93) -> 1 | AJ93: ='BASE PRESUPUESTO'!O86 -> 4203792.9 | AK93: ='BASE PRESUPUESTO'!P86 -> 2509200.1 | AL93: ='BASE PRESUPUESTO'!Q86 -> 6760.0004 | AM93: ='BASE PRESUPUESTO'!R86 -> 0
A94: ='BASE PRESUPUESTO'!A87 -> 83 | B94: LAS DELICIAS | C94: ='BASE PRESUPUESTO'!C87 -> 2.3 | D94: ='BASE PRESUPUESTO'!D87 -> CONEXIÓN CON TUBERIA PVC RDE 21 DE 2" ENTRE BOCATOMA Y DESARENADOR | E94: ='BASE PRESUPUESTO'!H87 -> 1367388 | M94: 1 | S94: =SUM(F94:R94) -> 1 | AA94: 1 | AH94: =SUM(U94:AG94) -> 1 | AJ94: ='BASE PRESUPUESTO'!O87 -> 864669.63 | AK94: ='BASE PRESUPUESTO'!P87 -> 466787.89 | AL94: ='BASE PRESUPUESTO'!Q87 -> 35930.475 | AM94: ='BASE PRESUPUESTO'!R87 -> 0
A95: ='BASE PRESUPUESTO'!A88 -> 84 | B95: LAS DELICIAS | C95: ='BASE PRESUPUESTO'!C88 -> 2.4 | D95: ='BASE PRESUPUESTO'!D88 -> ACCESORIOS Y VALVULAS DE 2" PARA CONEXIÓN BOCATOMA - DESARENADOR | E95: ='BASE PRESUPUESTO'!H88 -> 851487 | M95: 1 | S95: =SUM(F95:R95) -> 1 | AA95: 1 | AH95: =SUM(U95:AG95) -> 1 | AJ95: ='BASE PRESUPUESTO'!O88 -> 474261.91 | AK95: ='BASE PRESUPUESTO'!P88 -> 376380.09 | AL95: ='BASE PRESUPUESTO'!Q88 -> 845.00021 | AM95: ='BASE PRESUPUESTO'!R88 -> 0
A96: ='BASE PRESUPUESTO'!A89 -> 85 | B96: LAS DELICIAS | C96: ='BASE PRESUPUESTO'!C89 -> 2.5 | D96: ='BASE PRESUPUESTO'!D89 -> COLCHON ARENA GRUESA E=5-7CM | E96: ='BASE PRESUPUESTO'!H89 -> 203734 | N96: 1 | S96: =SUM(F96:R96) -> 1 | AB96: 1 | AH96: =SUM(U96:AG96) -> 1 | AJ96: ='BASE PRESUPUESTO'!O89 -> 183545.91 | AK96: ='BASE PRESUPUESTO'!P89 -> 19714.512 | AL96: ='BASE PRESUPUESTO'!Q89 -> 473.57647 | AM96: ='BASE PRESUPUESTO'!R89 -> 0
A97: ='BASE PRESUPUESTO'!A90 -> 86 | B97: LAS DELICIAS | C97: ='BASE PRESUPUESTO'!C90 -> 2.6 | D97: ='BASE PRESUPUESTO'!D90 -> TUBERIA PVC RED 21 DIAMETRO 2" | E97: ='BASE PRESUPUESTO'!H90 -> 6215400 | N97: 0.5 | O97: 0.5 | S97: =SUM(F97:R97) -> 1 | AB97: 1 | AH97: =SUM(U97:AG97) -> 1 | AJ97: ='BASE PRESUPUESTO'!O90 -> 4069229.2 | AK97: ='BASE PRESUPUESTO'!P90 -> 1977078.1 | AL97: ='BASE PRESUPUESTO'!Q90 -> 169092.72 | AM97: ='BASE PRESUPUESTO'!R90 -> 0
A98: ='BASE PRESUPUESTO'!A91 -> 87 | B98: LAS DELICIAS | C98: ='BASE PRESUPUESTO'!C91 -> 2.7 | D98: ='BASE PRESUPUESTO'!D91 -> CAMBIO DE VALVULAS DE 2" SISTEMA CLORACION | E98: ='BASE PRESUPUESTO'!H91 -> 536746 | O98: 1 | S98: =SUM(F98:R98) -> 1 | AC98: 1 | AH98: =SUM(U98:AG98) -> 1 | AJ98: ='BASE PRESUPUESTO'!O91 -> 484643.68 | AK98: ='BASE PRESUPUESTO'!P91 -> 47047.527 | AL98: ='BASE PRESUPUESTO'!Q91 -> 5054.7929 | AM98: ='BASE PRESUPUESTO'!R91 -> 0
A99: ='BASE PRESUPUESTO'!A92 -> 88 | B99: LAS DELICIAS | C99: ='BASE PRESUPUESTO'!C92 -> 2.8 | D99: ='BASE PRESUPUESTO'!D92 -> ACCESORIOS A CAMBIAR EN PLANTA DE TRATAMIENTO, UNIONES, TEE, CODOS | E99: ='BASE PRESUPUESTO'!H92 -> 851487 | O99: 1 | S99: =SUM(F99:R99) -> 1 | AC99: 1 | AH99: =SUM(U99:AG99) -> 1 | AJ99: ='BASE PRESUPUESTO'!O92 -> 474261.91 | AK99: ='BASE PRESUPUESTO'!P92 -> 376380.09 | AL99: ='BASE PRESUPUESTO'!Q92 -> 845.00021 | AM99: ='BASE PRESUPUESTO'!R92 -> 0
A100: ='BASE PRESUPUESTO'!A93 -> 89 | B100: LAS DELICIAS | C100: ='BASE PRESUPUESTO'!C93 -> 2.9 | D100: ='BASE PRESUPUESTO'!D93 -> REVISION FUNCIONAMIENTO Y ADECUACION PANTALLA DEFLECTORA Y CANAL REBOSE DE ENTREGA A LA RED | E100: ='BASE PRESUPUESTO'!H93 -> 678712 | P100: 1 | S100: =SUM(F100:R100) -> 1 | AD100: 1 | AH100: =SUM(U100:AG100) -> 1 | AJ100: ='BASE PRESUPUESTO'!O93 -> 301487.07 | AK100: ='BASE PRESUPUESTO'!P93 -> 376379.93 | AL100: ='BASE PRESUPUESTO'!Q93 -> 844.99984 | AM100: ='BASE PRESUPUESTO'!R93 -> 0
...

Sheet COMPRAS MATERIALES
A1: CUADRO DE NECESIDADES Y PROGRAMA DE COMPRA DE MATERIALES
A2: Cantidades de referencia obtenidas de los APU de la oferta × cantidades del presupuesto (incluye desperdicios de los APU; mezclas y morteros desagregados en cemento, arena, grava y agua). La semana de compra es la primera semana en que el material se necesita según el PROGRAMA DE OBRA. Valores a precios de los APU (referenciales).
A4: Semana de compra | B4: Fecha | C4: Material / insumo | D4: Und | E4: Cantidad total | F4: Precio unitario APU | G4: Valor de referencia | H4: Frentes que lo usan | I4: ¿Con anticipo?
A5: S1 | B5: =F_INICIO+7*0 -> 46295 | C5: Tubo prs 2 rde-21 | D5: ML | E5: 474.06 | F5: 19933 | G5: =E5*F5 -> 9449438 | H5: Aures, Las Delicias, San Gerardo Alto | I5: =IF(VALUE(MID(A5,2,2))<=6,"Sí","Posterior") -> Sí
A6: S1 | B6: =F_INICIO+7*0 -> 46295 | C6: Arena gruesa | D6: M3 | E6: 26.27 | F6: 65500 | G6: =E6*F6 -> 1720685 | H6: Aures, La Pava, Las Delicias, Limones, San Gerardo Alto | I6: =IF(VALUE(MID(A6,2,2))<=6,"Sí","Posterior") -> Sí
A7: S1 | B7: =F_INICIO+7*0 -> 46295 | C7: Liston 2 x2x300 otobo | D7: UND | E7: 51.62 | F7: 7500 | G7: =E7*F7 -> 387150 | H7: Aures, La Pava, Las Delicias, Limones, San Gerardo Alto | I7: =IF(VALUE(MID(A7,2,2))<=6,"Sí","Posterior") -> Sí
A8: S1 | B8: =F_INICIO+7*0 -> 46295 | C8: Soldadura cpvc ,1/ 4 gln | D8: UND | E8: 4 | F8: 54870 | G8: =E8*F8 -> 219480 | H8: Aures, Las Delicias, Limones, San Gerardo Alto | I8: =IF(VALUE(MID(A8,2,2))<=6,"Sí","Posterior") -> Sí
A9: S1 | B9: =F_INICIO+7*0 -> 46295 | C9: Limpiador pvc 760-g 1/4 gl | D9: UND | E9: 4 | F9: 45628 | G9: =E9*F9 -> 182512 | H9: Aures, Las Delicias, Limones, San Gerardo Alto | I9: =IF(VALUE(MID(A9,2,2))<=6,"Sí","Posterior") -> Sí
A10: S1 | B10: =F_INICIO+7*0 -> 46295 | C10: Puntilla 2 cc | D10: LBS | E10: 18.8 | F10: 4500 | G10: =E10*F10 -> 84600 | H10: Aures, La Pava, Las Delicias, Limones, San Gerardo Alto | I10: =IF(VALUE(MID(A10,2,2))<=6,"Sí","Posterior") -> Sí
A11: S1 | B11: =F_INICIO+7*0 -> 46295 | C11: Piola gruesa 50 metros | D11: ROL | E11: 10.49 | F11: 3200 | G11: =E11*F11 -> 33568 | H11: Aures, La Pava, Las Delicias, Limones, San Gerardo Alto | I11: =IF(VALUE(MID(A11,2,2))<=6,"Sí","Posterior") -> Sí
A12: S2 | B12: =F_INICIO+7*1 -> 46302 | C12: Filtros plasticos | D12: UND | E12: 2 | F12: 3574387 | G12: =E12*F12 -> 7148774 | H12: Carare | I12: =IF(VALUE(MID(A12,2,2))<=6,"Sí","Posterior") -> Sí
A13: S2 | B13: =F_INICIO+7*1 -> 46302 | C13: Cemento gris | D13: KLS | E13: 8711.78 | F13: 640 | G13: =E13*F13 -> 5575539.2 | H13: Aures, La Pava, Las Delicias, Limones, San Gerardo Alto | I13: =IF(VALUE(MID(A13,2,2))<=6,"Sí","Posterior") -> Sí
A14: S2 | B14: =F_INICIO+7*1 -> 46302 | C14: Hierro de 60000 psi 420 mpa | D14: KLS | E14: 1060.21 | F14: 4299 | G14: =E14*F14 -> 4557842.8 | H14: La Pava, Limones, San Gerardo Alto | I14: =IF(VALUE(MID(A14,2,2))<=6,"Sí","Posterior") -> Sí
A15: S2 | B15: =F_INICIO+7*1 -> 46302 | C15: Bomba sumergible 4hp a 110 | D15: UND | E15: 1 | F15: 4505000 | G15: =E15*F15 -> 4505000 | H15: Carare | I15: =IF(VALUE(MID(A15,2,2))<=6,"Sí","Posterior") -> Sí
A16: S2 | B16: =F_INICIO+7*1 -> 46302 | C16: Tanque plastico 1,000 lts | D16: UND | E16: 5 | F16: 550000 | G16: =E16*F16 -> 2750000 | H16: Carare | I16: =IF(VALUE(MID(A16,2,2))<=6,"Sí","Posterior") -> Sí
A17: S2 | B17: =F_INICIO+7*1 -> 46302 | C17: Grava triturada .3/4 | D17: M3 | E17: 19.46 | F17: 110000 | G17: =E17*F17 -> 2140600 | H17: Aures, La Pava, Las Delicias, Limones, San Gerardo Alto | I17: =IF(VALUE(MID(A17,2,2))<=6,"Sí","Posterior") -> Sí
A18: S2 | B18: =F_INICIO+7*1 -> 46302 | C18: Valvula c.rapido 2" | D18: UND | E18: 16 | F18: 123433 | G18: =E18*F18 -> 1974928 | H18: Aures, Las Delicias, San Gerardo Alto | I18: =IF(VALUE(MID(A18,2,2))<=6,"Sí","Posterior") -> Sí
A19: S2 | B19: =F_INICIO+7*1 -> 46302 | C19: Tabla 1x10x300 otobo | D19: UND | E19: 70.64 | F19: 18000 | G19: =E19*F19 -> 1271520 | H19: Aures, La Pava, Las Delicias, Limones, San Gerardo Alto | I19: =IF(VALUE(MID(A19,2,2))<=6,"Sí","Posterior") -> Sí
A20: S2 | B20: =F_INICIO+7*1 -> 46302 | C20: Valvula ventosa 2" doble | D20: UND | E20: 2 | F20: 513505 | G20: =E20*F20 -> 1027010 | H20: Aures | I20: =IF(VALUE(MID(A20,2,2))<=6,"Sí","Posterior") -> Sí
A21: S2 | B21: =F_INICIO+7*1 -> 46302 | C21: Bomba centrifuga para filtros | D21: UND | E21: 1 | F21: 900000 | G21: =E21*F21 -> 900000 | H21: Carare | I21: =IF(VALUE(MID(A21,2,2))<=6,"Sí","Posterior") -> Sí
A22: S2 | B22: =F_INICIO+7*1 -> 46302 | C22: Modulo sedimentacion | D22: UND | E22: 1 | F22: 800000 | G22: =E22*F22 -> 800000 | H22: Carare | I22: =IF(VALUE(MID(A22,2,2))<=6,"Sí","Posterior") -> Sí
A23: S2 | B23: =F_INICIO+7*1 -> 46302 | C23: Accesorios pvc | D23: GLB | E23: 1 | F23: 600000 | G23: =E23*F23 -> 600000 | H23: Carare | I23: =IF(VALUE(MID(A23,2,2))<=6,"Sí","Posterior") -> Sí
... A39: S2 | B39: =F_INICIO+7*1 -> 46302 | C39: Tuberia 2" pvc x 6 mts | D39: UND | E39: 0.35 | F39: 22550 | G39: =E39*F39 -> 7892.5 | H39: La Pava | I39: =IF(VALUE(MID(A39,2,2))<=6,"Sí","Posterior") -> Sí
A40: S3 | B40: =F_INICIO+7*2 -> 46309 | C40: Grava | D40: M3 | E40: 12.18 | F40: 110000 | G40: =E40*F40 -> 1339800 | H40: Limones, San Gerardo Alto | I40: =IF(VALUE(MID(A40,2,2))<=6,"Sí","Posterior") -> Sí
A41: S3 | B41: =F_INICIO+7*2 -> 46309 | C41: Tabla 1x10x300 otobo [2c] | D41: UND | E41: 28.05 | F41: 18000 | G41: =E41*F41 -> 504900 | H41: La Pava, San Gerardo Alto | I41: =IF(VALUE(MID(A41,2,2))<=6,"Sí","Posterior") -> Sí
A42: S3 | B42: =F_INICIO+7*2 -> 46309 | C42: Vareta 2"x2"x3m | D42: UND | E42: 13.77 | F42: 7500 | G42: =E42*F42 -> 103275 | H42: La Pava, San Gerardo Alto | I42: =IF(VALUE(MID(A42,2,2))<=6,"Sí","Posterior") -> Sí
A43: S4 | B43: =F_INICIO+7*3 -> 46316 | C43: Lad.prens.limpio 6.5x12x24 | D43: UND | E43: 1424.7 | F43: 915 | G43: =E43*F43 -> 1303600.5 | H43: La Pava, San Gerardo Alto | I43: =IF(VALUE(MID(A43,2,2))<=6,"Sí","Posterior") -> Sí
A44: S4 | B44: =F_INICIO+7*3 -> 46316 | C44: Rejilla hierro d-1/2" e=1/2" 0.6x0.40 mts | D44: UND | E44: 1 | F44: 243578 | G44: =E44*F44 -> 243578 | H44: Las Delicias | I44: =IF(VALUE(MID(A44,2,2))<=6,"Sí","Posterior") -> Sí
A45: S4 | B45: =F_INICIO+7*3 -> 46316 | C45: Arena fina | D45: M3 | E45: 1.12 | F45: 110000 | G45: =E45*F45 -> 123200 | H45: La Pava, San Gerardo Alto | I45: =IF(VALUE(MID(A45,2,2))<=6,"Sí","Posterior") -> Sí
A46: S5 | B46: =F_INICIO+7*4 -> 46323 | C46: Tanque plastico 5,000 lts | D46: UND | E46: 4 | F46: 3750000 | G46: =E46*F46 -> 15000000 | H46: Limones, San Gerardo Alto | I46: =IF(VALUE(MID(A46,2,2))<=6,"Sí","Posterior") -> Sí
A47: S5 | B47: =F_INICIO+7*4 -> 46323 | C47: Dosificador de cloro (suministro) | D47: UND | E47: 1 | F47: 2550000 | G47: =E47*F47 -> 2550000 | H47: Samaria | I47: =IF(VALUE(MID(A47,2,2))<=6,"Sí","Posterior") -> Sí
A48: S5 | B48: =F_INICIO+7*4 -> 46323 | C48: Tubo galv. 1,1/2" 3.0 | D48: UND | E48: 24.79 | F48: 87000 | G48: =E48*F48 -> 2156730 | H48: La Pava, San Gerardo Alto | I48: =IF(VALUE(MID(A48,2,2))<=6,"Sí","Posterior") -> Sí
A49: S5 | B49: =F_INICIO+7*4 -> 46323 | C49: Esmalte pintura de alumini | D49: GLN | E49: 6.65 | F49: 93896 | G49: =E49*F49 -> 624408.4 | H49: La Pava, San Gerardo Alto | I49: =IF(VALUE(MID(A49,2,2))<=6,"Sí","Posterior") -> Sí
A50: S5 | B50: =F_INICIO+7*4 -> 46323 | C50: Flotador valvula 1" bronce | D50: UND | E50: 4 | F50: 105000 | G50: =E50*F50 -> 420000 | H50: Limones, San Gerardo Alto | I50: =IF(VALUE(MID(A50,2,2))<=6,"Sí","Posterior") -> Sí
A51: S5 | B51: =F_INICIO+7*4 -> 46323 | C51: Anticorrosivo wash-primer | D51: GLN | E51: 1.63 | F51: 124549 | G51: =E51*F51 -> 203014.87 | H51: La Pava, San Gerardo Alto | I51: =IF(VALUE(MID(A51,2,2))<=6,"Sí","Posterior") -> Sí
A52: S5 | B52: =F_INICIO+7*4 -> 46323 | C52: Disolvente | D52: GLN | E52: 3.03 | F52: 47529 | G52: =E52*F52 -> 144012.87 | H52: La Pava, San Gerardo Alto | I52: =IF(VALUE(MID(A52,2,2))<=6,"Sí","Posterior") -> Sí
A53: S5 | B53: =F_INICIO+7*4 -> 46323 | C53: Valvula de cierre 2" | D53: UND | E53: 1 | F53: 123433 | G53: =E53*F53 -> 123433 | H53: Las Delicias | I53: =IF(VALUE(MID(A53,2,2))<=6,"Sí","Posterior") -> Sí
A54: S5 | B54: =F_INICIO+7*4 -> 46323 | C54: Gorro aluminio 1,1/2" | D54: UND | E54: 34.5 | F54: 3500 | G54: =E54*F54 -> 120750 | H54: La Pava, San Gerardo Alto | I54: =IF(VALUE(MID(A54,2,2))<=6,"Sí","Posterior") -> Sí
A55: S5 | B55: =F_INICIO+7*4 -> 46323 | C55: Tee pvc 2" | D55: UND | E55: 8 | F55: 14500 | G55: =E55*F55 -> 116000 | H55: Las Delicias, San Gerardo Alto | I55: =IF(VALUE(MID(A55,2,2))<=6,"Sí","Posterior") -> Sí
A56: S5 | B56: =F_INICIO+7*4 -> 46323 | C56: Tuberia pvc 2" conexiones | D56: ML | E56: 3 | F56: 31060 | G56: =E56*F56 -> 93180 | H56: Las Delicias | I56: =IF(VALUE(MID(A56,2,2))<=6,"Sí","Posterior") -> Sí
A57: S5 | B57: =F_INICIO+7*4 -> 46323 | C57: Union roscada 2" macho | D57: UND | E57: 4 | F57: 18500 | G57: =E57*F57 -> 74000 | H57: Limones, San Gerardo Alto | I57: =IF(VALUE(MID(A57,2,2))<=6,"Sí","Posterior") -> Sí
... A64: S5 | B64: =F_INICIO+7*4 -> 46323 | C64: Teflon | D64: UND | E64: 2 | F64: 2500 | G64: =E64*F64 -> 5000 | H64: Limones, San Gerardo Alto | I64: =IF(VALUE(MID(A64,2,2))<=6,"Sí","Posterior") -> Sí
A65: S6 | B65: =F_INICIO+7*5 -> 46330 | C65: Tubo prs 1.1/2 rde-21 | D65: ML | E65: 500 | F65: 10035 | G65: =E65*F65 -> 5017500 | H65: Limones | I65: =IF(VALUE(MID(A65,2,2))<=6,"Sí","Posterior") -> Sí
A66: S6 | B66: =F_INICIO+7*5 -> 46330 | C66: Malla eslabonada 2" #1 | D66: M2 | E66: 115.71 | F66: 24018 | G66: =E66*F66 -> 2779122.8 | H66: La Pava, San Gerardo Alto | I66: =IF(VALUE(MID(A66,2,2))<=6,"Sí","Posterior") -> Sí
A67: S6 | B67: =F_INICIO+7*5 -> 46330 | C67: Tapa plastica sobre poner | D67: UND | E67: 3 | F67: 250000 | G67: =E67*F67 -> 750000 | H67: Limones | I67: =IF(VALUE(MID(A67,2,2))<=6,"Sí","Posterior") -> Sí
A68: S6 | B68: =F_INICIO+7*5 -> 46330 | C68: Valvula c.rapido 11/2" | D68: UND | E68: 10 | F68: 65800 | G68: =E68*F68 -> 658000 | H68: Limones | I68: =IF(VALUE(MID(A68,2,2))<=6,"Sí","Posterior") -> Sí
A69: S6 | B69: =F_INICIO+7*5 -> 46330 | C69: Wash-primer a pintura | D69: LTS | E69: 5.37 | F69: 110000 | G69: =E69*F69 -> 590700 | H69: La Pava, San Gerardo Alto | I69: =IF(VALUE(MID(A69,2,2))<=6,"Sí","Posterior") -> Sí
A70: S6 | B70: =F_INICIO+7*5 -> 46330 | C70: Candado de seguridad | D70: UND | E70: 2 | F70: 75000 | G70: =E70*F70 -> 150000 | H70: La Pava, San Gerardo Alto | I70: =IF(VALUE(MID(A70,2,2))<=6,"Sí","Posterior") -> Sí
A71: S6 | B71: =F_INICIO+7*5 -> 46330 | C71: Wash-primer b-catalizador | D71: LTS | E71: 1.07 | F71: 105000 | G71: =E71*F71 -> 112350 | H71: La Pava, San Gerardo Alto | I71: =IF(VALUE(MID(A71,2,2))<=6,"Sí","Posterior") -> Sí
A72: S6 | B72: =F_INICIO+7*5 -> 46330 | C72: Pasador de seguridad 1" | D72: UND | E72: 2 | F72: 45000 | G72: =E72*F72 -> 90000 | H72: La Pava, San Gerardo Alto | I72: =IF(VALUE(MID(A72,2,2))<=6,"Sí","Posterior") -> Sí
A73: S6 | B73: =F_INICIO+7*5 -> 46330 | C73: Tee pvc 11/2" | D73: UND | E73: 8 | F73: 9580 | G73: =E73*F73 -> 76640 | H73: Limones | I73: =IF(VALUE(MID(A73,2,2))<=6,"Sí","Posterior") -> Sí
A74: S6 | B74: =F_INICIO+7*5 -> 46330 | C74: Soldadura 6011 x 1/8" | D74: KLS | E74: 5.32 | F74: 12670 | G74: =E74*F74 -> 67404.4 | H74: La Pava, San Gerardo Alto | I74: =IF(VALUE(MID(A74,2,2))<=6,"Sí","Posterior") -> Sí
A75: S6 | B75: =F_INICIO+7*5 -> 46330 | C75: Lija 400 agua | D75: PLI | E75: 53.31 | F75: 1162 | G75: =E75*F75 -> 61946.22 | H75: La Pava, San Gerardo Alto | I75: =IF(VALUE(MID(A75,2,2))<=6,"Sí","Posterior") -> Sí
A76: S6 | B76: =F_INICIO+7*5 -> 46330 | C76: Codos pvc 11/2" | D76: UND | E76: 8 | F76: 6550 | G76: =E76*F76 -> 52400 | H76: Limones | I76: =IF(VALUE(MID(A76,2,2))<=6,"Sí","Posterior") -> Sí
... A79: S6 | B79: =F_INICIO+7*5 -> 46330 | C79: Tubo prs 11/2" rde-21 | D79: ML | E79: 0.25 | F79: 120973 | G79: =E79*F79 -> 30243.25 | H79: Limones | I79: =IF(VALUE(MID(A79,2,2))<=6,"Sí","Posterior") -> Sí
A80: S7 | B80: =F_INICIO+7*6 -> 46337 | C80: Esmalte sintetico mate | D80: GLS | E80: 9.33 | F80: 93896 | G80: =E80*F80 -> 876049.68 | H80: La Pava, San Gerardo Alto | I80: =IF(VALUE(MID(A80,2,2))<=6,"Sí","Posterior") -> Posterior
A81: S7 | B81: =F_INICIO+7*6 -> 46337 | C81: Union de reparacion 2" pvc | D81: UND | E81: 8 | F81: 18223 | G81: =E81*F81 -> 145784 | H81: Las Delicias | I81: =IF(VALUE(MID(A81,2,2))<=6,"Sí","Posterior") -> Posterior
A82: S7 | B82: =F_INICIO+7*6 -> 46337 | C82: Alambre de puas #12.5 | D82: KLS | E82: 18.61 | F82: 7058 | G82: =E82*F82 -> 131349.38 | H82: La Pava, San Gerardo Alto | I82: =IF(VALUE(MID(A82,2,2))<=6,"Sí","Posterior") -> Posterior
A83: S7 | B83: =F_INICIO+7*6 -> 46337 | C83: Anticorrosivo rojo | D83: GLN | E83: 0.55 | F83: 45945 | G83: =E83*F83 -> 25269.75 | H83: La Pava, San Gerardo Alto | I83: =IF(VALUE(MID(A83,2,2))<=6,"Sí","Posterior") -> Posterior
A84: S7 | B84: =F_INICIO+7*6 -> 46337 | C84: Cepillo acero-madera | D84: UND | E84: 0.53 | F84: 3500 | G84: =E84*F84 -> 1855 | H84: La Pava, San Gerardo Alto | I84: =IF(VALUE(MID(A84,2,2))<=6,"Sí","Posterior") -> Posterior
A85: S7 | B85: =F_INICIO+7*6 -> 46337 | C85: Escoba cerda plastica | D85: UND | E85: 0.11 | F85: 3802 | G85: =E85*F85 -> 418.22 | H85: La Pava, San Gerardo Alto | I85: =IF(VALUE(MID(A85,2,2))<=6,"Sí","Posterior") -> Posterior
A86: S10 | B86: =F_INICIO+7*9 -> 46358 | C86: Concreto 3,000 psi | D86: M3 | E86: 0.5 | F86: 478326 | G86: =E86*F86 -> 239163 | H86: Las Delicias | I86: =IF(VALUE(MID(A86,2,2))<=6,"Sí","Posterior") -> Posterior
A87: S10 | B87: =F_INICIO+7*9 -> 46358 | C87: Tuberia pvc 2" huecos pantalla deflectora | D87: ML | E87: 2 | F87: 13002 | G87: =E87*F87 -> 26004 | H87: Las Delicias | I87: =IF(VALUE(MID(A87,2,2))<=6,"Sí","Posterior") -> Posterior
A89: Valor de referencia total de materiales (APU) | G89: =SUM(G5:G87) -> 85127032
A90: Nota: "Posterior" = el material entra en obra después de la semana 6 y se compra con recursos de las actas parciales. Los tanques de 5.000 L se compran primero para San Gerardo Alto (S5) y luego para Limones. El sistema de tratamiento de Carare (filtros, bombas, módulo de sedimentación, tanques de 1.000 L) se contrata en S2.

Sheet BASE PRESUPUESTO
A1: BASE DEL PRESUPUESTO CONTRACTUAL Y DESCOMPOSICIÓN POR COMPONENTE (APU)
A2: Fuente: Anexo 4 – Oferta económica corregida (PRESUPUESTO PROPUESTA ACUEDUCTOS 2026 ALCALDIA - CORREGIDO.xlsx, hoja "PRESUPUESTO ENTREGA LIC") y hoja "APU" del mismo archivo. Valores en pesos colombianos, costo directo (sin AIU).
A4: Nº | B4: Frente / Sistema | C4: Ítem | D4: Descripción | E4: Und | F4: Cantidad | G4: Vr. unitario | H4: Vr. parcial (CD) | I4: Tipo | J4: % Materiales | K4: % Mano de obra | L4: % Equipo | M4: % Transp./bodegaje | N4: Control 100% | O4: Materiales $ | P4: Mano de obra $ | Q4: Equipo $ | R4: Transp./bodegaje $ | S4: APU de referencia
A5: 1 | B5: ACUEDUCTO AURES | C5: 1.1 | D5: LOCALIZACION-REPLANTEO ACUEDUCTO-ALCANTARILLADO | E5: ML | F5: 250 | G5: 2707 | H5: =ROUND(F5*G5,0) -> 676750 | I5: Obra | J5: 0.16476777 | K5: 0.70223582 | L5: 0.13299641 | M5: 0 | N5: =SUM(J5:M5) -> 1 | O5: =H5*J5 -> 111506.59 | P5: =H5*K5 -> 475238.09 | Q5: =H5*L5 -> 90005.32 | R5: =H5*M5 -> 0 | S5: LOCALIZACION-REPLANTEO ACUEDUCTO-ALCANTA
A6: 2 | B6: ACUEDUCTO AURES | C6: 1.2 | D6: BODEGAJE | E6: MES | F6: 1 | G6: 187668 | H6: =ROUND(F6*G6,0) -> 187668 | I6: Transporte / bodegaje | J6: 0 | K6: 0 | L6: 0 | M6: 1 | N6: =SUM(J6:M6) -> 1 | O6: =H6*J6 -> 0 | P6: =H6*K6 -> 0 | Q6: =H6*L6 -> 0 | R6: =H6*M6 -> 187668 | S6: BODEGAJE
A7: 3 | B7: ACUEDUCTO AURES | C7: 1.3 | D7: EXCAVACION EN CONGLOMERADO (MANUAL) | E7: M3 | F7: 37.5 | G7: 46775 | H7: =ROUND(F7*G7,0) -> 1754063 | I7: Obra | J7: 0 | K7: 0.96619895 | L7: 0.033801049 | M7: 0 | N7: =SUM(J7:M7) -> 1 | O7: =H7*J7 -> 0 | P7: =H7*K7 -> 1694773.8 | Q7: =H7*L7 -> 59289.17 | R7: =H7*M7 -> 0 | S7: EXCAVACION TIERRA CONGLOMERADO
A8: 4 | B8: ACUEDUCTO AURES | C8: 2.1 | D8: VALVULA VENTOSA 2" DOBLE EFECTO" | E8: UND | F8: 2 | G8: 609032 | H8: =ROUND(F8*G8,0) -> 1218064 | I8: Obra | J8: 0.88724018 | K8: 0.10838566 | L8: 0.0043741638 | M8: 0 | N8: =SUM(J8:M8) -> 1 | O8: =H8*J8 -> 1080715.3 | P8: =H8*K8 -> 132020.67 | Q8: =H8*L8 -> 5328.0115 | R8: =H8*M8 -> 0 | S8: VALVULA VENTOSA 2" DOBLE EFECTO"
A9: 5 | B9: ACUEDUCTO AURES | C9: 2.2 | D9: VALVULA CIERRE RAPIDO 2" | E9: UND | F9: 1 | G9: 189699 | H9: =ROUND(F9*G9,0) -> 189699 | I9: Obra | J9: 0.90292928 | K9: 0.087653242 | L9: 0.0094174766 | M9: 0 | N9: =SUM(J9:M9) -> 1 | O9: =H9*J9 -> 171284.78 | P9: =H9*K9 -> 16627.732 | Q9: =H9*L9 -> 1786.4859 | R9: =H9*M9 -> 0 | S9: VALVULA CIERRE RAPIDO 2"
A10: 6 | B10: ACUEDUCTO AURES | C10: 2.3 | D10: COLCHON ARENA GRUESA E=5-7CM | E10: M3 | F10: 3.5 | G10: 72762 | H10: =ROUND(F10*G10,0) -> 254667 | I10: Obra | J10: 0.90090957 | K10: 0.096765941 | L10: 0.0023244842 | M10: 0 | N10: =SUM(J10:M10) -> 1 | O10: =H10*J10 -> 229431.94 | P10: =H10*K10 -> 24643.092 | Q10: =H10*L10 -> 591.96943 | R10: =H10*M10 -> 0 | S10: COLCHON ARENA GRUESA E=5-7CM
A11: 7 | B11: ACUEDUCTO AURES | C11: 2.4 | D11: TUBERIA PVC RED 21 DIAMETRO 2" | E11: ML | F11: 250 | G11: 31077 | H11: =ROUND(F11*G11,0) -> 7769250 | I11: Obra | J11: 0.6547011 | K11: 0.31809346 | L11: 0.027205444 | M11: 0 | N11: =SUM(J11:M11) -> 1 | O11: =H11*J11 -> 5086536.5 | P11: =H11*K11 -> 2471347.6 | Q11: =H11*L11 -> 211365.9 | R11: =H11*M11 -> 0 | S11: TUBERIA PVC 2" RDE 21
A12: 8 | B12: ACUEDUCTO AURES | C12: 2.5 | D12: CAJA INSPECCION 80x 80 CM [CONCRETO] | E12: UND | F12: 3 | G12: 605827 | H12: =ROUND(F12*G12,0) -> 1817481 | I12: Obra | J12: 0.56720202 | K12: 0.43251871 | L12: 0.00027926559 | M12: 0 | N12: =SUM(J12:M12) -> 1 | O12: =H12*J12 -> 1030878.9 | P12: =H12*K12 -> 786094.54 | Q12: =H12*L12 -> 507.5599 | R12: =H12*M12 -> 0 | S12: CAJA INSPECCION 80x 80 CM [CONCRETO]
A13: 9 | B13: ACUEDUCTO AURES | C13: 2.6 | D13: ACARREO MATERIALES TRACCION ANIMAL | E13: C-KM | F13: 9 | G13: 9353 | H13: =ROUND(F13*G13,0) -> 84177 | I13: Transporte / bodegaje | J13: 0 | K13: 0 | L13: 0 | M13: 1 | N13: =SUM(J13:M13) -> 1 | O13: =H13*J13 -> 0 | P13: =H13*K13 -> 0 | Q13: =H13*L13 -> 0 | R13: =H13*M13 -> 84177 | S13: ACARREO MATERIALES TRACCION ANIMAL
A14: 10 | B14: ACUEDUCTO AURES | C14: 2.7 | D14: ACARREO MATERIALES DESDE O HACIA LA OBRA<- 10 KM. | E14: M3 | F14: 2 | G14: 27641 | H14: =ROUND(F14*G14,0) -> 55282 | I14: Transporte / bodegaje | J14: 0 | K14: 0 | L14: 0 | M14: 1 | N14: =SUM(J14:M14) -> 1 | O14: =H14*J14 -> 0 | P14: =H14*K14 -> 0 | Q14: =H14*L14 -> 0 | R14: =H14*M14 -> 55282 | S14: ACARREO MATERIALES DESDE O HACIA LA OBRA<- 10 KM.
A15: 11 | B15: ACUEDUCTO AURES | C15: 2.8 | D15: ACARREO MATERIALES CAMPERO-CAMIONETA | E15: M3-KM | F15: 60 | G15: 13092 | H15: =ROUND(F15*G15,0) -> 785520 | I15: Transporte / bodegaje | J15: 0 | K15: 0 | L15: 0 | M15: 1 | N15: =SUM(J15:M15) -> 1 | O15: =H15*J15 -> 0 | P15: =H15*K15 -> 0 | Q15: =H15*L15 -> 0 | R15: =H15*M15 -> 785520 | S15: ACARREO MATERIALES CAMPERO-CAMIONETA
A16: 12 | B16: ACUEDUCTO LA PAVA | C16: 1.1 | D16: LOCALIZACION-REPLANTEO CERRAMIENTO-VARIO | E16: M | F16: 29 | G16: 3044 | H16: =ROUND(F16*G16,0) -> 88276 | I16: Obra | J16: 0.14715247 | K16: 0.73406976 | L16: 0.11877778 | M16: 0 | N16: =SUM(J16:M16) -> 1 | O16: =H16*J16 -> 12990.031 | P16: =H16*K16 -> 64800.742 | Q16: =H16*L16 -> 10485.227 | R16: =H16*M16 -> 0 | S16: LOCALIZACION-REPLANTEO CERRAMIENTO-VARIO
... A97: 93 | B97: ACUEDUCTO MONTEGRANDE – SECTOR CARARE | C97: 1.1 | D97: SISTEMA DE TRATAMIENTO DE AGUA POTABLE CON FLOCULACION, SEDIMENTACION, FILTROS, BOMBA CENTRIFUGA, TANQUE TRANSFERENCIA Y BOMBA SUMERGIBLE 4HP - 110 | E97: GLB | F97: 1 | G97: 23293674 | H97: =ROUND(F97*G97,0) -> 23293674 | I97: Obra | J97: 0.7299739 | K97: 0.26930058 | L97: 0.00072551887 | M97: 0 | N97: =SUM(J97:M97) -> 1 | O97: =H97*J97 -> 17003774 | P97: =H97*K97 -> 6273000 | Q97: =H97*L97 -> 16900 | R97: =H97*M97 -> 0 | S97: SISTEMA TRATAMIENTO AGUA
A98: TOTAL COSTO DIRECTO | H98: =SUM(H5:H97) -> 177775949 | O98: =SUM(O5:O97) -> 91676873 | P98: =SUM(P5:P97) -> 62464018 | Q98: =SUM(Q5:Q97) -> 3893317.2 | R98: =SUM(R5:R97) -> 19741740
A100: COSTO DIRECTO | H100: =H98 -> 177775949
A101: ADMINISTRACIÓN (A) | C101: 0.28 | H101: =ROUND($H$100*C101,0) -> 49777266
A102: UTILIDAD (U) | C102: 0.04 | H102: =ROUND($H$100*C102,0) -> 7111038
A103: IMPREVISTOS (I) | C103: 0.03 | H103: =ROUND($H$100*C103,0) -> 5333278
A104: VALOR TOTAL DEL CONTRATO | H104: =SUM(H100:H103) -> 239997531
A105: Valor según Contrato No. 233 | H105: 239997531 | I105: Dato de la cláusula SEXTA del contrato
A106: Diferencia (debe ser cero) | H106: =H104-H105 -> 0
